Workbook
Name Excel_BuiltIn__FilterDatabase: COLUMNA!$B$8:$I$159
Name GH: #REF!
Name GH: 'TRAUMA BASICO'!$E$9
Name PROVEEDORES: #REF!
Name PROVEEDORES: #REF!

Sheet DESGLOSADO
A1: GRUPO COLUMNA
A2: 1. SISTEMA DE FIJACION PARA COLUMNA CERVICAL ANTERIOR INCLUIR : Cuerpo Vertebral Cervical, Soporte Anterior Cervical (Peek) Caja ACI, Soporte Anterior Cervical (Peek) Caja-placa ACIF
A3: 1.1 Kit de Fijacion Para Columna Cervical Anterior
A4: 2. SISTEMA DE FIJACION PARA COLUMNA CERVICAL POSTERIOR INCLUIR:
A5: 2.1. Kit de Fijacion Occipito Cervical - Kit de Fijacion Cervico Toracico
A6: 3. SISTEMA PARA ESCOLIOSIS Y DEFORMIDADES
A7: 3.1. Kit Transpedicular de Reducción para Derotación en Bloque para Escoliosis Adultos y Neuromusculares
A8: 3.2. Kit Transpedicular para Escoliosis Pediatricas
A9: 3.3. Kit para Correción de Deformidades de Columna Toraco- Lumbar con Desrotadores y Bajo Perfil con Barras en Titanio y Cromocobalto para Niños y Adultos
A10: 3.4. Monitoreo Intraoperatorio Electromiografia y Potenciales Evocados Motores y Sensitivos con Fisiatra en Salas
A11: 4. SISTEMA TRANSPEDICULAR PARA FIJACION TORACO-LUMBO-SACRA INCLUIR
A12: 4.1. Kit 1 Nivel Transpediculares Sacroiliacas
... A301: 8.3 Kit Fijador Circular de Antebrazo. Sistema de Agujas de 1.5 a 1.8 con Oliva y sin Oliva. Medios Aros, Cabezal Estatico y Tensor. Barras Roscadas Set

Sheet OBSERVACIONES APOYO TECNOLOGICO
B2: PARA TENER EN CUENTA EN LAS PROPUESTAS EL APOYO TECNICO APLICA DE ACUERDO AL SISTEMA QUE OFERTE
B3: MEDICINA DEPORTIVA | C3: TENER DISPONIBILIDAD DE APOYO TECNOLOGICO- TORRE DE ARTROSCOPIA, EQUIPO DE ARTROSCOPIA COMPLETO, SISTEMA DE TRACCION PARA LA MUÑECA - CADERA - HOMBRO, LENTE DE ARTROSCOPIA MANO 1.9 Y 2.5 , LENTE DE ARTROSCOPIA PARA RODILLA, HOMBRO, CADERA, PIE Y TEMPOROMANDIBULAR, LENTE PARA COLUMNA 30° DE 150MM A 200MM, CONSOLA SHAYVER, CONSOLA RADIOFRECUENCIA, MOTOR DE ALTA VELOCIDAD ATACHMENT DE 50 A 300 MM , EQUIPO ULTRASONICO DE COLUMNA PARA EL USO DE FRESAS Y CUCHILLAS TODOS LOS EQUIPOS DE ACUERDO A LA NECESIDAD DE LA SUBRED SIN GENERAR COSTO ADICIONAL (COBRO DE LOS ELEMENTOS DE CONSUMO).
B4: SISTEMAS DE REEMPLAZOS ARTICULARES, SISTEMAS DINAMICOS DE CADERA, SISTEMAS INTRAMEDULARES, SISTEMA DE COLUMNA. | C4: SEPARADORES ESPECIALES DE COLUMNA Y CADERA, MOTORES, SIERRAS E INSTRUMENTAL NECESARIO REQUERIDOS PARA LA IMPLANTACION DEL MATERIAL
B5: PARA TODO EL MATERIAL DE OSTEOSINTESIS | C5: DEBERA CONTAR CON BROCAS, TARRAJAS Y TODO EL INSTRUMENTAL REQUERIDO PARA LA FIJACION DEL MATERIAL DE OSTEOSINTESIS, MOTORES DISPONIBLES EN SISTEMAS NEUMATICOS, DE BATERIA Y/O ELECTRICO CON TORQUE, POTENCIA, DISEÑO ERGONOMICO Y TAMAÑO DE ACUERDO AL PROCEDIMIENTO QUIRURGICO A REALIZAR, LOS CUALES DEBERAN SER INCLUIDOS CON LAS SOLICITUDES DE MATERIAL DE OSTEOSINTESIS Y CON POSIBILIDAD DE MANTENER EN STOCK DE ACUERDO A LAS NECESIDADES. SUMINISTRAR EL INSTRUMENTAL NECESARIO PARA EL RETIRO DEL MISMO ( SET DE TORNILLOS ROTOS EN CASO QUE SE REQUIERA) , DISPONIBILIDAD SET DE TORNILLOS ROTOS, EN EL CASO QUE EL SET INCLUYA CLAVOS DE KIRSCHNER O DE STEIMMAN DEBEN INCLUIR EL INSTRUMENTAL PARA SU RESPECTIVO CORTE Y COLOCACION.
B6: PARA TODO EL MATERIAL DE OSTEOSINTESIS | C6: DEBERA TENER DISPONIBILIDAD DE CHALECOS, CUELLOS DE PLOMO, DOSIMETROS PARA EL PERSONAL DE SOPORTE TECNICO, SIN COSTO ADICIONAL
B7: QUIEN SUMINISTRE MATERIAL PARA LAS ESPECIALIDADES DE CRANEOMAXILOFACIAL Y OTORRINO | C7: SUMINISTRAR EN APOYO TECNOLOGICO Y/O STOCK MOTOR QUE CUENTE MINIMO CON UNA PIEZA DE MANO RECTA Y UNA PIEZA DE MANO CURVA, QUE SEA PROGRAMABLE MINIMO A 80.000 REVOLUCIONES Y QUE CUENTE CON IRRIGACION, EQUIPO MICRODEBRIDADOR TIPO SHAVER PARA SENOS PARANASALES Y LARINGE, QUE INCLUYA MICROMOTOR PIEZA DE MANO, BOMBA DE IRRIGACION, Y QUE CUENTE CON SISTEMA DE SUCCION SIN COSTO ADICIONAL, ES CLARO QUE SE COBRA LOS INSUMOS DE CONSUMO.
B8: NEUROCIRUGIA Y COLUMNA | C8: SUMINISTRAR APOYO TECNOLOGICO Y EN STOCK EQUIPOS NEUMATICOS Y/O ELECTRICOS ADAPTABLES A CUCHILLAS Y FRESAS OFERTADAS, QUE INCLUYA MINIMO PIEZA DE MANO DE DIFERENTES ANGULACIONES, CONSOLA PROGRAMABLE CON MINIMO 60.000 REVOLUCIONES POR MINUTO, PEDAL ELECTRICO CON DIFERENTES ACOPLES, MONITOREO DE ACUERDO A LAS NECESIDADES DEL SERVICIO.
B9: MAXILOFACIAL | C9: DISPONIBILIDAD DE APOYO TECNOLOGICO AVANZADO Y EQUIPO BRAZO ROBOTICO PARA CIRUGIA MAXILOFACIAL EN OSTEOTOMIAS Y RESECCION DE TUMORES, APOYO TECNOLOGICO BASICO CON MOTOR ELECTRICO, INSTRUMENTAL, BROCAS Y DEMAS PARA COLOCACION DEL MATERIAL REQUERIDO.
B10: PROCEDIMIENTOS DE NEUROCIRUGIA | C10: TENER DISPONIBILIDAD DE VALVULA DE HAKIM CON SU RESPECTIVO PROGRAMADOR DE ACUERDO A NECESIDAD, LO CUAL SERA ACORDADO CON EL SUPERVISOR DEL CONTRATO YA SEA EN STOCK O POR SOLICITUD,
B11: CLIPS DE ANEURISMA | C11: CLIPS DE ANEURISMA EN CALIDAD DE STOCK TENIENDO EN CUENTA LA ATENCION DE URGENCIAS. SUMINISTRARA EL INSTRUMENTAL REQUERIDO PARA LA FIJACION DE LOS MISMOS EN EL PROCEDIMIENTO QUIRURGICO
B12: FIJACION EXTERNA | C12: SUMINISTRAR APOYO TECNOLOGICO Y/O STOCK QUE INCLUYA INSTRUMENTAL Y SUFICIENTE MATERIAL, MOTOR CON TORQUE, POTENCIA, DISEÑO ERGONOMICO Y TAMAÑO DE ACUERDO AL PROCEDIMIENTO QUIRURGICO CON SISTEMA DE RETIRO
D246: D24D245

Sheet INSTRUCTIVO DEL ANEXO
B2: INSTRUCTIVO
B6: DILIGENCIAR SOLAMENTE
B8: Nombre de proveedor
B9: Apoyo tecnologico ofertado
B10: Registro INVIMA
B11: Valor Unitario
B12: Porcentaje del IVA (SI APLICA)
B16: PARA TENER EN CUENTA
B18: En los documentos tecnicos se debe anexar portafolio completo con valor unitario, IVA cuando aplica y valor total, desglosando cada sistema por item. Este documento debe estar en la oferta inicial de lo contrario sera rechazada y no sera incluida en las evaluaciones.
B19: Debe anexar fichas tecnicas por cada sistema; en caso de que el Comite Tecnico lo requiera, se solicitara y acordara cita para muestra del material fisico
B20: Se aclara que en el anexo la hoja de desglosado, es la generalidad del Sistema solicitado el cual debe ser ofertado de manera completa. En las hojas de cada grupo se encuentran los kit que tienen relacionados algunos de elementos que lo componen como elementos trazadores, en aras que todos los oferentes relacionen el mismo elemento y poder realizar el comparativo economico de manera estandar.
B21: En el anexo se debe relacionar solo la informacion solicitada y debe registrar el valor de todos los elementos relacionados. En los elementos que no se cobren de acuerdo a su oferta, se debe registar valor 0 cero. En caso de no relacionar el valor en todos los elementos se descalifica el kit.

Sheet COLUMNA
C1: GRUPO COLUMNA
B5: SISTEMAS | D5: AMAREY NOVA MEDICAL S.A | L5: BIOART S.A | T5: DIPROMEDICOS S.AS | AB5: DISORTHO S.A.S | AJ5: EDM EQUIPOS Y DISPOSITIVOS MEDICOS S.AS | AR5: EXEL MEDICAL S.A.S | AZ5: IMPLAMEQ S.A.S | BH5: INNOMED S.A | BP5: JYJ MEDTECH | BX5: LOGYSMED | CF5: MEDIREX S.A.S | CN5: NEUROSPINE S.A.S | CV5: ORTOMAC S.A.S | DD5: OSTEOTECH IMPLANTES QUIRURGICOS S.A.S | DL5: PROMED QUIRURGICOS | DT5: SAMPEDRO S.A | EB5: SMITH & NEPHEW COLOMBIA SAS | EJ5: W. LORENZ HOLDING S.A.S
B6: 1. SISTEMA DE FIJACION PARA COLUMNA CERVICAL ANTERIOR: Debe incluir Cuerpo Vertebral, soporte Anterior Cervical(Peek) Caja ACI, Soporte Anterior Cervical (Peek) Caja-placa ACIF | G6: ITEM | H6: DESCRIPCION | O6: ITEM | P6: DESCRIPCION | W6: ITEM | X6: DESCRIPCION | AE6: ITEM | AF6: DESCRIPCION | AM6: ITEM | AN6: DESCRIPCION | AU6: ITEM | AV6: DESCRIPCION | BC6: ITEM | BD6: DESCRIPCION | BK6: ITEM | BL6: DESCRIPCION | BS6: ITEM | BT6: DESCRIPCION | CA6: ITEM | CB6: DESCRIPCION | CI6: ITEM | CJ6: DESCRIPCION | CQ6: ITEM | CR6: DESCRIPCION | CY6: ITEM | CZ6: DESCRIPCION | DG6: ITEM | DH6: DESCRIPCION | DO6: ITEM | DP6: DESCRIPCION | DW6: ITEM | DX6: DESCRIPCION | EE6: ITEM | EF6: DESCRIPCION | EM6: ITEM | EN6: DESCRIPCION
G7: APOYO TECNOLOGICO: | O7: APOYO TECNOLOGICO: | P7: INSTRUMENTAL PROPIO PARA LA COLOCACIÓN | W7: APOYO TECNOLOGICO: | AE7: APOYO TECNOLOGICO: | AF7: el Indicado en la hoja OBSERVACIONES APOYO TECNOLOGICO por linea | AM7: APOYO TECNOLOGICO: | AU7: APOYO TECNOLOGICO: | AV7: INSTRUMENTAL Y LENTE PARA ENDOSCOPIA UNILATERAL BIPORTAL UBE | BC7: APOYO TECNOLOGICO: | BK7: APOYO TECNOLOGICO: | BS7: APOYO TECNOLOGICO: | CA7: APOYO TECNOLOGICO: | CI7: APOYO TECNOLOGICO: | CQ7: APOYO TECNOLOGICO: | CR7: BASICO: instrumental de apoyo, craneotomo ( facturando las fresas) | CY7: APOYO TECNOLOGICO: | CZ7: PARA STOCK: MOTOR NEUMATICO. PARA REMISION: MOTOR CANULADO DRILL DE BATERIAS, SIN COSTO ADICIONAL,ELEMENTOS BIOSEGURIDAD PARA SOPORTE TECNICO SIN COSTO ADICIONAL | DG7: APOYO TECNOLOGICO: | DO7: APOYO TECNOLOGICO: | DW7: APOYO TECNOLOGICO: | EE7: APOYO TECNOLOGICO: | EM7: APOYO TECNOLOGICO:
B8: 1.1 KIT DE FIJACION PARA COLUMNA CERVICAL ANTERIOR
B9: Item | C9: Descripcion | D9: REGISTRO INVIMA | E9: Cant. | F9: UNIDAD DE MEDIDA | G9: V/r Unit | H9: IVA | I9: V/r Total | J9: CUMPLE/ NO CUMPLE/ NO OFERTA | K9: OBSERVACIONES | L9: REGISTRO INVIMA | M9: Cant. | N9: UNIDAD DE MEDIDA | O9: V/r Unit | P9: IVA | Q9: V/r Total | R9: CUMPLE/ NO CUMPLE/ NO OFERTA | S9: OBSERVACIONES | T9: REGISTRO INVIMA | U9: Cant. | V9: UNIDAD DE MEDIDA | W9: V/r Unit | X9: IVA | Y9: V/r Total | Z9: CUMPLE/ NO CUMPLE/ NO OFERTA | AA9: OBSERVACIONES | AB9: REGISTRO INVIMA | AC9: Cant. | AD9: UNIDAD DE MEDIDA | AE9: V/r Unit | AF9: IVA | AG9: V/r Total | AH9: CUMPLE/ NO CUMPLE/ NO OFERTA | AI9: OBSERVACIONES | AJ9: REGISTRO INVIMA | AK9: Cant. | AL9: UNIDAD DE MEDIDA | AM9: V/r Unit | AN9: IVA | AO9: V/r Total | AP9: CUMPLE/ NO CUMPLE/ NO OFERTA | AQ9: OBSERVACIONES | AR9: REGISTRO INVIMA | AS9: Cant. | AT9: UNIDAD DE MEDIDA | AU9: V/r Unit | AV9: IVA | AW9: V/r Total | AX9: CUMPLE/ NO CUMPLE/ NO OFERTA | AY9: OBSERVACIONES | AZ9: REGISTRO INVIMA | BA9: Cant. | BB9: UNIDAD DE MEDIDA | BC9: V/r Unit | BD9: IVA | BE9: V/r Total | BF9: CUMPLE/ NO CUMPLE/ NO OFERTA | BG9: OBSERVACIONES | BH9: REGISTRO INVIMA | BI9: Cant. | BJ9: UNIDAD DE MEDIDA | BK9: V/r Unit | BL9: IVA | BM9: V/r Total | BN9: CUMPLE/ NO CUMPLE/ NO OFERTA | BO9: OBSERVACIONES | BP9: REGISTRO INVIMA | BQ9: Cant. | BR9: UNIDAD DE MEDIDA | BS9: V/r Unit | BT9: IVA | BU9: V/r Total | BV9: CUMPLE/ NO CUMPLE/ NO OFERTA | BW9: OBSERVACIONES | BX9: REGISTRO INVIMA | BY9: Cant. | BZ9: UNIDAD DE MEDIDA | CA9: V/r Unit | CB9: IVA | CC9: V/r Total | CD9: CUMPLE/ NO CUMPLE/ NO OFERTA | CE9: OBSERVACIONES | CF9: REGISTRO INVIMA | CG9: Cant. | CH9: UNIDAD DE MEDIDA | CI9: V/r Unit | CJ9: IVA | CK9: V/r Total | CL9: CUMPLE/ NO CUMPLE/ NO OFERTA | CM9: OBSERVACIONES | CN9: REGISTRO INVIMA | CO9: Cant. | CP9: UNIDAD DE MEDIDA | CQ9: V/r Unit | CR9: IVA | CS9: V/r Total | CT9: CUMPLE/ NO CUMPLE/ NO OFERTA | CU9: OBSERVACIONES | CV9: REGISTRO INVIMA | CW9: Cant. | CX9: UNIDAD DE MEDIDA | CY9: V/r Unit | CZ9: IVA | DA9: V/r Total | DB9: CUMPLE/ NO CUMPLE/ NO OFERTA | DC9: OBSERVACIONES | DD9: REGISTRO INVIMA | DE9: Cant. | DF9: UNIDAD DE MEDIDA | DG9: V/r Unit | DH9: IVA | DI9: V/r Total | DJ9: CUMPLE/ NO CUMPLE/ NO OFERTA | DK9: OBSERVACIONES | DL9: REGISTRO INVIMA | DM9: Cant. | DN9: UNIDAD DE MEDIDA | DO9: V/r Unit | DP9: IVA | DQ9: V/r Total | DR9: CUMPLE/ NO CUMPLE/ NO OFERTA | DS9: OBSERVACIONES | DT9: REGISTRO INVIMA | DU9: Cant. | DV9: UNIDAD DE MEDIDA | DW9: V/r Unit | DX9: IVA | DY9: V/r Total | DZ9: CUMPLE/ NO CUMPLE/ NO OFERTA | EA9: OBSERVACIONES | EB9: REGISTRO INVIMA | EC9: Cant. | ED9: UNIDAD DE MEDIDA | EE9: V/r Unit | EF9: IVA | EG9: V/r Total | EH9: CUMPLE/ NO CUMPLE/ NO OFERTA | EI9: OBSERVACIONES | EJ9: REGISTRO INVIMA | EK9: Cant. | EL9: UNIDAD DE MEDIDA | EM9: V/r Unit | EN9: IVA | EO9: V/r Total | EP9: CUMPLE/ NO CUMPLE/ NO OFERTA | EQ9: OBSERVACIONES
B10: 1 | C10: Placa Cervical 2 Niveles | E10: 1 | F10: UNIDAD | I10: =+(G10+(G10*H10))*E10 -> 0 | J10: NO OFERTADO | M10: 1 | N10: UNIDAD | Q10: =+(O10+(O10*P10))*M10 -> 0 | R10: NO OFERTADO | U10: 1 | V10: UNIDAD | Y10: =+(W10+(W10*X10))*U10 -> 0 | Z10: NO OFERTADO | AC10: 1 | AD10: UNIDAD | AG10: =+(AE10+(AE10*AF10))*AC10 -> 0 | AH10: NO OFERTADO | AK10: 1 | AL10: UNIDAD | AO10: =+(AM10+(AM10*AN10))*AK10 -> 0 | AP10: NO OFERTADO | AS10: 1 | AT10: UNIDAD | AW10: =+(AU10+(AU10*AV10))*AS10 -> 0 | AX10: NO OFERTADO | BA10: 1 | BB10: UNIDAD | BE10: =+(BC10+(BC10*BD10))*BA10 -> 0 | BF10: NO OFERTADO | BI10: 1 | BJ10: UNIDAD | BM10: =+(BK10+(BK10*BL10))*BI10 -> 0 | BN10: NO OFERTADO | BQ10: 1 | BR10: UNIDAD | BU10: =+(BS10+(BS10*BT10))*BQ10 -> 0 | BV10: NO OFERTADO | BY10: 1 | BZ10: UNIDAD | CC10: =+(CA10+(CA10*CB10))*BY10 -> 0 | CD10: NO OFERTADO | CG10: 1 | CH10: UNIDAD | CK10: =+(CI10+(CI10*CJ10))*CG10 -> 0 | CL10: NO OFERTADO | CN10: 2021DM-0023814 | CO10: 1 | CP10: UNIDAD | CQ10: 1552400 | CS10: =+(CQ10+(CQ10*CR10))*CO10 -> 1552400 | CT10: CUMPLE | CU10: subsana | CV10: 2023DM-0008815-R1 | CW10: 1 | CX10: UNIDAD | CY10: 432900 | CZ10: 0 | DA10: =+(CY10+(CY10*CZ10))*CW10 -> 432900 | DB10: NO CUMPLE | DC10: No tiene cilindro autoespansible Insitu | DE10: 1 | DF10: UNIDAD | DI10: =+(DG10+(DG10*DH10))*DE10 -> 0 | DJ10: NO OFERTADO | DL10: 2015DM-0013964 | DM10: 1 | DN10: UNIDAD | DO10: 2074943 | DP10: 0 | DQ10: =+(DO10+(DO10*DP10))*DM10 -> 2074943 | DR10: CUMPLE | DU10: 1 | DV10: UNIDAD | DY10: =+(DW10+(DW10*DX10))*DU10 -> 0 | DZ10: NO OFERTADO | EC10: 1 | ED10: UNIDAD | EG10: $ - | EH10: NO OFERTADO | EK10: 1 | EL10: UNIDAD | EO10: =+(EM10+(EM10*EN10))*EK10 -> 0 | EP10: NO OFERTADO
B11: 2 | C11: Tornillos para Fijacion de Placa Cervical Anterior | E11: 1 | F11: UNIDAD | I11: =+(G11+(G11*H11))*E11 -> 0 | M11: 1 | N11: UNIDAD | Q11: =+(O11+(O11*P11))*M11 -> 0 | U11: 1 | V11: UNIDAD | Y11: =+(W11+(W11*X11))*U11 -> 0 | AC11: 1 | AD11: UNIDAD | AG11: =+(AE11+(AE11*AF11))*AC11 -> 0 | AK11: 1 | AL11: UNIDAD | AO11: =+(AM11+(AM11*AN11))*AK11 -> 0 | AS11: 1 | AT11: UNIDAD | AW11: =+(AU11+(AU11*AV11))*AS11 -> 0 | BA11: 1 | BB11: UNIDAD | BE11: =+(BC11+(BC11*BD11))*BA11 -> 0 | BI11: 1 | BJ11: UNIDAD | BM11: =+(BK11+(BK11*BL11))*BI11 -> 0 | BQ11: 1 | BR11: UNIDAD | BU11: =+(BS11+(BS11*BT11))*BQ11 -> 0 | BY11: 1 | BZ11: UNIDAD | CC11: =+(CA11+(CA11*CB11))*BY11 -> 0 | CG11: 1 | CH11: UNIDAD | CK11: =+(CI11+(CI11*CJ11))*CG11 -> 0 | CN11: 2022DM-0025052 | CO11: 1 | CP11: UNIDAD | CQ11: 311700 | CS11: =+(CQ11+(CQ11*CR11))*CO11 -> 311700 | CV11: 2023DM-0008815-R1 | CW11: 1 | CX11: UNIDAD | CY11: 77400 | CZ11: 0 | DA11: =+(CY11+(CY11*CZ11))*CW11 -> 77400 | DE11: 1 | DF11: UNIDAD | DI11: =+(DG11+(DG11*DH11))*DE11 -> 0 | DL11: 2015DM-0013964 | DM11: 1 | DN11: UNIDAD | DO11: 317829 | DP11: 0 | DQ11: =+(DO11+(DO11*DP11))*DM11 -> 317829 | DU11: 1 | DV11: UNIDAD | DY11: =+(DW11+(DW11*DX11))*DU11 -> 0 | EC11: 1 | ED11: UNIDAD | EG11: $ - | EK11: 1 | EL11: UNIDAD | EO11: =+(EM11+(EM11*EN11))*EK11 -> 0
B12: 3 | C12: Malla de Titanio Para Reemplazo Cuerpo Cervical Para 2 Niveles | E12: 1 | F12: UNIDAD | I12: =+(G12+(G12*H12))*E12 -> 0 | M12: 1 | N12: UNIDAD | Q12: =+(O12+(O12*P12))*M12 -> 0 | U12: 1 | V12: UNIDAD | Y12: =+(W12+(W12*X12))*U12 -> 0 | AC12: 1 | AD12: UNIDAD | AG12: =+(AE12+(AE12*AF12))*AC12 -> 0 | AK12: 1 | AL12: UNIDAD | AO12: =+(AM12+(AM12*AN12))*AK12 -> 0 | AS12: 1 | AT12: UNIDAD | AW12: =+(AU12+(AU12*AV12))*AS12 -> 0 | BA12: 1 | BB12: UNIDAD | BE12: =+(BC12+(BC12*BD12))*BA12 -> 0 | BI12: 1 | BJ12: UNIDAD | BM12: =+(BK12+(BK12*BL12))*BI12 -> 0 | BQ12: 1 | BR12: UNIDAD | BU12: =+(BS12+(BS12*BT12))*BQ12 -> 0 | BY12: 1 | BZ12: UNIDAD | CC12: =+(CA12+(CA12*CB12))*BY12 -> 0 | CG12: 1 | CH12: UNIDAD | CK12: =+(CI12+(CI12*CJ12))*CG12 -> 0 | CN12: 2021DM-0007142-R1 | CO12: 1 | CP12: UNIDAD | CQ12: 1001900 | CS12: =+(CQ12+(CQ12*CR12))*CO12 -> 1001900 | CV12: 2023DM-0008815-R1 | CW12: 1 | CX12: UNIDAD | CY12: 637200 | CZ12: 0 | DA12: =+(CY12+(CY12*CZ12))*CW12 -> 637200 | DE12: 1 | DF12: UNIDAD | DI12: =+(DG12+(DG12*DH12))*DE12 -> 0 | DL12: 2022DM-0026042 | DM12: 1 | DN12: UNIDAD | DO12: 1350000 | DP12: 0 | DQ12: =+(DO12+(DO12*DP12))*DM12 -> 1350000 | DU12: 1 | DV12: UNIDAD | DY12: =+(DW12+(DW12*DX12))*DU12 -> 0 | EC12: 1 | ED12: UNIDAD | EG12: $ - | EK12: 1 | EL12: UNIDAD | EO12: =+(EM12+(EM12*EN12))*EK12 -> 0
B13: 4 | C13: Anillos o Placas Terminales | E13: 1 | F13: UNIDAD | I13: =+(G13+(G13*H13))*E13 -> 0 | M13: 1 | N13: UNIDAD | Q13: =+(O13+(O13*P13))*M13 -> 0 | U13: 1 | V13: UNIDAD | Y13: =+(W13+(W13*X13))*U13 -> 0 | AC13: 1 | AD13: UNIDAD | AG13: =+(AE13+(AE13*AF13))*AC13 -> 0 | AK13: 1 | AL13: UNIDAD | AO13: =+(AM13+(AM13*AN13))*AK13 -> 0 | AS13: 1 | AT13: UNIDAD | AW13: =+(AU13+(AU13*AV13))*AS13 -> 0 | BA13: 1 | BB13: UNIDAD | BE13: =+(BC13+(BC13*BD13))*BA13 -> 0 | BI13: 1 | BJ13: UNIDAD | BM13: =+(BK13+(BK13*BL13))*BI13 -> 0 | BQ13: 1 | BR13: UNIDAD | BU13: =+(BS13+(BS13*BT13))*BQ13 -> 0 | BY13: 1 | BZ13: UNIDAD | CC13: =+(CA13+(CA13*CB13))*BY13 -> 0 | CG13: 1 | CH13: UNIDAD | CK13: =+(CI13+(CI13*CJ13))*CG13 -> 0 | CO13: 1 | CP13: UNIDAD | CQ13: 0 | CS13: =+(CQ13+(CQ13*CR13))*CO13 -> 0 | CV13: 2023DM-0008815-R1 | CW13: 1 | CX13: UNIDAD | CY13: 336600 | CZ13: 0 | DA13: =+(CY13+(CY13*CZ13))*CW13 -> 336600 | DE13: 1 | DF13: UNIDAD | DI13: =+(DG13+(DG13*DH13))*DE13 -> 0 | DL13: 2022DM-0026042 | DM13: 1 | DN13: UNIDAD | DO13: 868207 | DP13: 0 | DQ13: =+(DO13+(DO13*DP13))*DM13 -> 868207 | DU13: 1 | DV13: UNIDAD | DY13: =+(DW13+(DW13*DX13))*DU13 -> 0 | EC13: 1 | ED13: UNIDAD | EG13: $ - | EK13: 1 | EL13: UNIDAD | EO13: =+(EM13+(EM13*EN13))*EK13 -> 0
B14: 5 | C14: Cilindro Autoespandible Insitu de 25 MM | E14: 1 | F14: UNIDAD | I14: =+(G14+(G14*H14))*E14 -> 0 | M14: 1 | N14: UNIDAD | Q14: =+(O14+(O14*P14))*M14 -> 0 | U14: 1 | V14: UNIDAD | Y14: =+(W14+(W14*X14))*U14 -> 0 | AC14: 1 | AD14: UNIDAD | AG14: =+(AE14+(AE14*AF14))*AC14 -> 0 | AK14: 1 | AL14: UNIDAD | AO14: =+(AM14+(AM14*AN14))*AK14 -> 0 | AS14: 1 | AT14: UNIDAD | AW14: =+(AU14+(AU14*AV14))*AS14 -> 0 | BA14: 1 | BB14: UNIDAD | BE14: =+(BC14+(BC14*BD14))*BA14 -> 0 | BI14: 1 | BJ14: UNIDAD | BM14: =+(BK14+(BK14*BL14))*BI14 -> 0 | BQ14: 1 | BR14: UNIDAD | BU14: =+(BS14+(BS14*BT14))*BQ14 -> 0 | BY14: 1 | BZ14: UNIDAD | CC14: =+(CA14+(CA14*CB14))*BY14 -> 0 | CG14: 1 | CH14: UNIDAD | CK14: =+(CI14+(CI14*CJ14))*CG14 -> 0 | CN14: 2021DM-0006996-R1 | CO14: 1 | CP14: UNIDAD | CQ14: 7354200 | CS14: =+(CQ14+(CQ14*CR14))*CO14 -> 7354200 | CV14: - | CW14: 1 | CX14: UNIDAD | CY14: 0 | CZ14: 0 | DA14: =+(CY14+(CY14*CZ14))*CW14 -> 0 | DE14: 1 | DF14: UNIDAD | DI14: =+(DG14+(DG14*DH14))*DE14 -> 0 | DL14: 2022DM-0026042 | DM14: 1 | DN14: UNIDAD | DO14: 5462848.6 | DP14: 0 | DQ14: =+(DO14+(DO14*DP14))*DM14 -> 5462848.6 | DU14: 1 | DV14: UNIDAD | DY14: =+(DW14+(DW14*DX14))*DU14 -> 0 | EC14: 1 | ED14: UNIDAD | EG14: $ - | EK14: 1 | EL14: UNIDAD | EO14: =+(EM14+(EM14*EN14))*EK14 -> 0
B15: 6 | C15: Placas Terminales | E15: 1 | F15: UNIDAD | I15: =+(G15+(G15*H15))*E15 -> 0 | M15: 1 | N15: UNIDAD | Q15: =+(O15+(O15*P15))*M15 -> 0 | U15: 1 | V15: UNIDAD | Y15: =+(W15+(W15*X15))*U15 -> 0 | AC15: 1 | AD15: UNIDAD | AG15: =+(AE15+(AE15*AF15))*AC15 -> 0 | AK15: 1 | AL15: UNIDAD | AO15: =+(AM15+(AM15*AN15))*AK15 -> 0 | AS15: 1 | AT15: UNIDAD | AW15: =+(AU15+(AU15*AV15))*AS15 -> 0 | BA15: 1 | BB15: UNIDAD | BE15: =+(BC15+(BC15*BD15))*BA15 -> 0 | BI15: 1 | BJ15: UNIDAD | BM15: =+(BK15+(BK15*BL15))*BI15 -> 0 | BQ15: 1 | BR15: UNIDAD | BU15: =+(BS15+(BS15*BT15))*BQ15 -> 0 | BY15: 1 | BZ15: UNIDAD | CC15: =+(CA15+(CA15*CB15))*BY15 -> 0 | CG15: 1 | CH15: UNIDAD | CK15: =+(CI15+(CI15*CJ15))*CG15 -> 0 | CN15: 2021DM-0006996-R1 | CO15: 1 | CP15: UNIDAD | CQ15: 2818100 | CS15: =+(CQ15+(CQ15*CR15))*CO15 -> 2818100 | CV15: - | CW15: 1 | CX15: UNIDAD | CY15: 0 | CZ15: 0 | DA15: =+(CY15+(CY15*CZ15))*CW15 -> 0 | DE15: 1 | DF15: UNIDAD | DI15: =+(DG15+(DG15*DH15))*DE15 -> 0 | DL15: 2022DM-0026042 | DM15: 1 | DN15: UNIDAD | DO15: 1087734 | DP15: 0 | DQ15: =+(DO15+(DO15*DP15))*DM15 -> 1087734 | DU15: 1 | DV15: UNIDAD | DY15: =+(DW15+(DW15*DX15))*DU15 -> 0 | EC15: 1 | ED15: UNIDAD | EG15: $ - | EK15: 1 | EL15: UNIDAD | EO15: =+(EM15+(EM15*EN15))*EK15 -> 0
B16: 7 | C16: Caja para Fusion Cervical Incluido Tornillos | E16: 1 | F16: UNIDAD | I16: =+(G16+(G16*H16))*E16 -> 0 | M16: 1 | N16: UNIDAD | Q16: =+(O16+(O16*P16))*M16 -> 0 | U16: 1 | V16: UNIDAD | Y16: =+(W16+(W16*X16))*U16 -> 0 | AC16: 1 | AD16: UNIDAD | AG16: =+(AE16+(AE16*AF16))*AC16 -> 0 | AK16: 1 | AL16: UNIDAD | AO16: =+(AM16+(AM16*AN16))*AK16 -> 0 | AS16: 1 | AT16: UNIDAD | AW16: =+(AU16+(AU16*AV16))*AS16 -> 0 | BA16: 1 | BB16: UNIDAD | BE16: =+(BC16+(BC16*BD16))*BA16 -> 0 | BI16: 1 | BJ16: UNIDAD | BM16: =+(BK16+(BK16*BL16))*BI16 -> 0 | BQ16: 1 | BR16: UNIDAD | BU16: =+(BS16+(BS16*BT16))*BQ16 -> 0 | BY16: 1 | BZ16: UNIDAD | CC16: =+(CA16+(CA16*CB16))*BY16 -> 0 | CG16: 1 | CH16: UNIDAD | CK16: =+(CI16+(CI16*CJ16))*CG16 -> 0 | CN16: 2022DM-0024958 | CO16: 1 | CP16: UNIDAD | CQ16: 3292400 | CS16: =+(CQ16+(CQ16*CR16))*CO16 -> 3292400 | CV16: 2023DM-0008815-R1 | CW16: 1 | CX16: UNIDAD | CY16: 2603700 | CZ16: 0 | DA16: =+(CY16+(CY16*CZ16))*CW16 -> 2603700 | DE16: 1 | DF16: UNIDAD | DI16: =+(DG16+(DG16*DH16))*DE16 -> 0 | DL16: 2015DM-0013964 | DM16: 1 | DN16: UNIDAD | DO16: 5201749 | DP16: 0 | DQ16: =+(DO16+(DO16*DP16))*DM16 -> 5201749 | DU16: 1 | DV16: UNIDAD | DY16: =+(DW16+(DW16*DX16))*DU16 -> 0 | EC16: 1 | ED16: UNIDAD | EG16: $ - | EK16: 1 | EL16: UNIDAD | EO16: =+(EM16+(EM16*EN16))*EK16 -> 0
C17: TOTAL | I17: =SUM(I10:I16) -> 0 | Q17: =SUM(Q10:Q16) -> 0 | Y17: =SUM(Y10:Y16) -> 0 | AG17: =SUM(AG10:AG16) -> 0 | AO17: =SUM(AO10:AO16) -> 0 | AW17: =SUM(AW10:AW16) -> 0 | BE17: =SUM(BE10:BE16) -> 0 | BM17: =SUM(BM10:BM16) -> 0 | BU17: =SUM(BU10:BU16) -> 0 | CC17: =SUM(CC10:CC16) -> 0 | CK17: =SUM(CK10:CK16) -> 0 | CS17: =SUM(CS10:CS16) -> 16330700 | DA17: =SUM(DA10:DA16) -> 4087800 | DI17: =SUM(DI10:DI16) -> 0 | DQ17: =SUM(DQ10:DQ16) -> 16363311 | DY17: =SUM(DY10:DY16) -> 0 | EG17: $ - | EO17: =SUM(EO10:EO16) -> 0
B18: 2. SISTEMA DE FIJACION PARA COLUMNA CERVICAL POSTERIOR
B19: 2.1. Kit de Fijacion Occipito Cervical - Kit de Fijacion Cervico Toracico
B20: Item | C20: Descripcion | D20: REGISTRO INVIMA | E20: Cant. | F20: UNIDAD DE MEDIDA | G20: V/r Unit | H20: IVA | I20: V/r Total | J20: CUMPLE/ NO CUMPLE/ NO OFERTA | K20: OBSERVACIONES | L20: REGISTRO INVIMA | M20: Cant. | N20: UNIDAD DE MEDIDA | O20: V/r Unit | P20: IVA | Q20: V/r Total | R20: CUMPLE/ NO CUMPLE/ NO OFERTA | S20: OBSERVACIONES | T20: REGISTRO INVIMA | U20: Cant. | V20: UNIDAD DE MEDIDA | W20: V/r Unit | X20: IVA | Y20: V/r Total | Z20: CUMPLE/ NO CUMPLE/ NO OFERTA | AA20: OBSERVACIONES | AB20: REGISTRO INVIMA | AC20: Cant. | AD20: UNIDAD DE MEDIDA | AE20: V/r Unit | AF20: IVA | AG20: V/r Total | AH20: CUMPLE/ NO CUMPLE/ NO OFERTA | AI20: OBSERVACIONES | AJ20: REGISTRO INVIMA | AK20: Cant. | AL20: UNIDAD DE MEDIDA | AM20: V/r Unit | AN20: IVA | AO20: V/r Total | AP20: CUMPLE/ NO CUMPLE/ NO OFERTA | AQ20: OBSERVACIONES | AR20: REGISTRO INVIMA | AS20: Cant. | AT20: UNIDAD DE MEDIDA | AU20: V/r Unit | AV20: IVA | AW20: V/r Total | AX20: CUMPLE/ NO CUMPLE/ NO OFERTA | AY20: OBSERVACIONES | AZ20: REGISTRO INVIMA | BA20: Cant. | BB20: UNIDAD DE MEDIDA | BC20: V/r Unit | BD20: IVA | BE20: V/r Total | BF20: CUMPLE/ NO CUMPLE/ NO OFERTA | BG20: OBSERVACIONES | BH20: REGISTRO INVIMA | BI20: Cant. | BJ20: UNIDAD DE MEDIDA | BK20: V/r Unit | BL20: IVA | BM20: V/r Total | BN20: CUMPLE/ NO CUMPLE/ NO OFERTA | BO20: OBSERVACIONES | BP20: REGISTRO INVIMA | BQ20: Cant. | BR20: UNIDAD DE MEDIDA | BS20: V/r Unit | BT20: IVA | BU20: V/r Total | BV20: CUMPLE/ NO CUMPLE/ NO OFERTA | BW20: OBSERVACIONES | BX20: REGISTRO INVIMA | BY20: Cant. | BZ20: UNIDAD DE MEDIDA | CA20: V/r Unit | CB20: IVA | CC20: V/r Total | CD20: CUMPLE/ NO CUMPLE/ NO OFERTA | CE20: OBSERVACIONES | CF20: REGISTRO INVIMA | CG20: Cant. | CH20: UNIDAD DE MEDIDA | CI20: V/r Unit | CJ20: IVA | CK20: V/r Total | CL20: CUMPLE/ NO CUMPLE/ NO OFERTA | CM20: OBSERVACIONES | CN20: REGISTRO INVIMA | CO20: Cant. | CP20: UNIDAD DE MEDIDA | CQ20: V/r Unit | CR20: IVA | CS20: V/r Total | CT20: CUMPLE/ NO CUMPLE/ NO OFERTA | CU20: OBSERVACIONES | CV20: REGISTRO INVIMA | CW20: Cant. | CX20: UNIDAD DE MEDIDA | CY20: V/r Unit | CZ20: IVA | DA20: V/r Total | DB20: CUMPLE/ NO CUMPLE/ NO OFERTA | DC20: OBSERVACIONES | DD20: REGISTRO INVIMA | DE20: Cant. | DF20: UNIDAD DE MEDIDA | DG20: V/r Unit | DH20: IVA | DI20: V/r Total | DJ20: CUMPLE/ NO CUMPLE/ NO OFERTA | DK20: OBSERVACIONES | DL20: REGISTRO INVIMA | DM20: Cant. | DN20: UNIDAD DE MEDIDA | DO20: V/r Unit | DP20: IVA | DQ20: V/r Total | DR20: CUMPLE/ NO CUMPLE/ NO OFERTA | DS20: OBSERVACIONES | DT20: REGISTRO INVIMA | DU20: Cant. | DV20: UNIDAD DE MEDIDA | DW20: V/r Unit | DX20: IVA | DY20: V/r Total | DZ20: CUMPLE/ NO CUMPLE/ NO OFERTA | EA20: OBSERVACIONES | EB20: REGISTRO INVIMA | EC20: Cant. | ED20: UNIDAD DE MEDIDA | EE20: V/r Unit | EF20: IVA | EG20: V/r Total | EH20: CUMPLE/ NO CUMPLE/ NO OFERTA | EI20: OBSERVACIONES | EJ20: REGISTRO INVIMA | EK20: Cant. | EL20: UNIDAD DE MEDIDA | EM20: V/r Unit | EN20: IVA | EO20: V/r Total | EP20: CUMPLE/ NO CUMPLE/ NO OFERTA | EQ20: OBSERVACIONES
B21: 1 | C21: Placa para Fijacion Occipito Cervical | E21: 1 | F21: UNIDAD | I21: =+(G21+(G21*H21))*E21 -> 0 | J21: NO OFERTADO | M21: 1 | N21: UNIDAD | Q21: =+(O21+(O21*P21))*M21 -> 0 | R21: NO OFERTADO | U21: 1 | V21: UNIDAD | Y21: =+(W21+(W21*X21))*U21 -> 0 | Z21: NO OFERTADO | AB21: 2023DM-0026568 | AC21: 1 | AD21: UNIDAD | AE21: 2800000 | AF21: 0 | AG21: =+(AE21+(AE21*AF21))*AC21 -> 2800000 | AH21: CUMPLE | AK21: 1 | AL21: UNIDAD | AO21: =+(AM21+(AM21*AN21))*AK21 -> 0 | AP21: NO OFERTADO | AS21: 1 | AT21: UNIDAD | AW21: =+(AU21+(AU21*AV21))*AS21 -> 0 | AX21: NO OFERTADO | AZ21: 2017DM-0016000 | BA21: 1 | BB21: UNIDAD | BC21: 2430000 | BD21: 0 | BE21: =+(BC21+(BC21*BD21))*BA21 -> 2430000 | BF21: CUMPLE | BG21: subsana | BI21: 1 | BJ21: UNIDAD | BM21: =+(BK21+(BK21*BL21))*BI21 -> 0 | BN21: NO OFERTADO | BQ21: 1 | BR21: UNIDAD | BU21: =+(BS21+(BS21*BT21))*BQ21 -> 0 | BV21: NO OFERTADO | BY21: 1 | BZ21: UNIDAD | CC21: =+(CA21+(CA21*CB21))*BY21 -> 0 | CD21: NO OFERTADO | CG21: 1 | CH21: UNIDAD | CK21: =+(CI21+(CI21*CJ21))*CG21 -> 0 | CL21: NO OFERTADO | CN21: 2018DM-0000666-R1 | CO21: 1 | CP21: UNIDAD | CQ21: 2072000 | CS21: =+(CQ21+(CQ21*CR21))*CO21 -> 2072000 | CT21: CUMPLE | CV21: 2023DM-0008815-R1 | CW21: 1 | CX21: UNIDAD | CY21: 945000 | CZ21: 0 | DA21: =+(CY21+(CY21*CZ21))*CW21 -> 945000 | DB21: NO CUMPLE | DC21: INSTRUMENTAL DIFICIL MANIPULACION E IMPLANTES DE ALTO PERFIL | DE21: 1 | DF21: UNIDAD | DI21: =+(DG21+(DG21*DH21))*DE21 -> 0 | DJ21: NO OFERTADO | DL21: 2015DM-0013964 | DM21: 1 | DN21: UNIDAD | DO21: 1799187 | DP21: 0 | DQ21: =+(DO21+(DO21*DP21))*DM21 -> 1799187 | DR21: CUMPLE | DU21: 1 | DV21: UNIDAD | DY21: =+(DW21+(DW21*DX21))*DU21 -> 0 | DZ21: NO OFERTADO | EC21: 1 | ED21: UNIDAD | EG21: $ - | EH21: NO OFERTADO | EK21: 1 | EL21: UNIDAD | EO21: =+(EM21+(EM21*EN21))*EK21 -> 0 | EP21: NO OFERTADO
B22: 2 | C22: Tornillos para Fijacion de Placa Occipital | E22: 1 | F22: UNIDAD | I22: =+(G22+(G22*H22))*E22 -> 0 | M22: 1 | N22: UNIDAD | Q22: =+(O22+(O22*P22))*M22 -> 0 | U22: 1 | V22: UNIDAD | Y22: =+(W22+(W22*X22))*U22 -> 0 | AB22: 2023DM-0026568 | AC22: 1 | AD22: UNIDAD | AE22: 392000 | AF22: 0 | AG22: =+(AE22+(AE22*AF22))*AC22 -> 392000 | AK22: 1 | AL22: UNIDAD | AO22: =+(AM22+(AM22*AN22))*AK22 -> 0 | AS22: 1 | AT22: UNIDAD | AW22: =+(AU22+(AU22*AV22))*AS22 -> 0 | AZ22: 2017DM-0016000 | BA22: 1 | BB22: UNIDAD | BC22: 365040 | BD22: 0 | BE22: =+(BC22+(BC22*BD22))*BA22 -> 365040 | BI22: 1 | BJ22: UNIDAD | BM22: =+(BK22+(BK22*BL22))*BI22 -> 0 | BQ22: 1 | BR22: UNIDAD | BU22: =+(BS22+(BS22*BT22))*BQ22 -> 0 | BY22: 1 | BZ22: UNIDAD | CC22: =+(CA22+(CA22*CB22))*BY22 -> 0 | CG22: 1 | CH22: UNIDAD | CK22: =+(CI22+(CI22*CJ22))*CG22 -> 0 | CN22: 2018DM-0000666-R1 | CO22: 1 | CP22: UNIDAD | CQ22: 206600 | CS22: =+(CQ22+(CQ22*CR22))*CO22 -> 206600 | CV22: 2023DM-0008815-R1 | CW22: 1 | CX22: UNIDAD | CY22: 164700 | CZ22: 0 | DA22: =+(CY22+(CY22*CZ22))*CW22 -> 164700 | DE22: 1 | DF22: UNIDAD | DI22: =+(DG22+(DG22*DH22))*DE22 -> 0 | DL22: 2015DM-0013964 | DM22: 1 | DN22: UNIDAD | DO22: 372246 | DP22: 0 | DQ22: =+(DO22+(DO22*DP22))*DM22 -> 372246 | DU22: 1 | DV22: UNIDAD | DY22: =+(DW22+(DW22*DX22))*DU22 -> 0 | EC22: 1 | ED22: UNIDAD | EG22: $ - | EK22: 1 | EL22: UNIDAD | EO22: =+(EM22+(EM22*EN22))*EK22 -> 0
B23: 3 | C23: Tornillos Facetario de Angulo Favorecido y/o Poliaxiales 3.5 - 4.0mm | E23: 1 | F23: UNIDAD | I23: =+(G23+(G23*H23))*E23 -> 0 | M23: 1 | N23: UNIDAD | Q23: =+(O23+(O23*P23))*M23 -> 0 | U23: 1 | V23: UNIDAD | Y23: =+(W23+(W23*X23))*U23 -> 0 | AB23: 2023DM-0026568 | AC23: 1 | AD23: UNIDAD | AE23: 680000 | AF23: 0 | AG23: =+(AE23+(AE23*AF23))*AC23 -> 680000 | AK23: 1 | AL23: UNIDAD | AO23: =+(AM23+(AM23*AN23))*AK23 -> 0 | AS23: 1 | AT23: UNIDAD | AW23: =+(AU23+(AU23*AV23))*AS23 -> 0 | AZ23: 2017DM-0016000 | BA23: 1 | BB23: UNIDAD | BC23: 875000 | BD23: 0 | BE23: =+(BC23+(BC23*BD23))*BA23 -> 875000 | BI23: 1 | BJ23: UNIDAD | BM23: =+(BK23+(BK23*BL23))*BI23 -> 0 | BQ23: 1 | BR23: UNIDAD | BU23: =+(BS23+(BS23*BT23))*BQ23 -> 0 | BY23: 1 | BZ23: UNIDAD | CC23: =+(CA23+(CA23*CB23))*BY23 -> 0 | CG23: 1 | CH23: UNIDAD | CK23: =+(CI23+(CI23*CJ23))*CG23 -> 0 | CN23: 2018DM-0000666-R1 | CO23: 1 | CP23: UNIDAD | CQ23: 717800 | CS23: =+(CQ23+(CQ23*CR23))*CO23 -> 717800 | CV23: 2023DM-0008815-R1 | CW23: 1 | CX23: UNIDAD | CY23: 485100 | CZ23: 0 | DA23: =+(CY23+(CY23*CZ23))*CW23 -> 485100 | DE23: 1 | DF23: UNIDAD | DI23: =+(DG23+(DG23*DH23))*DE23 -> 0 | DL23: 2015DM-0013964 | DM23: 1 | DN23: UNIDAD | DO23: 1053455 | DP23: 0 | DQ23: =+(DO23+(DO23*DP23))*DM23 -> 1053455 | DU23: 1 | DV23: UNIDAD | DY23: =+(DW23+(DW23*DX23))*DU23 -> 0 | EC23: 1 | ED23: UNIDAD | EG23: $ - | EK23: 1 | EL23: UNIDAD | EO23: =+(EM23+(EM23*EN23))*EK23 -> 0
B24: 4 | C24: Tornillos Internos Para Cierre de Tornillos AF y/o Poliaxiales | E24: 1 | F24: UNIDAD | I24: =+(G24+(G24*H24))*E24 -> 0 | M24: 1 | N24: UNIDAD | Q24: =+(O24+(O24*P24))*M24 -> 0 | U24: 1 | V24: UNIDAD | Y24: =+(W24+(W24*X24))*U24 -> 0 | AB24: 2023DM-0026568 | AC24: 1 | AD24: UNIDAD | AE24: 261600 | AF24: 0 | AG24: =+(AE24+(AE24*AF24))*AC24 -> 261600 | AK24: 1 | AL24: UNIDAD | AO24: =+(AM24+(AM24*AN24))*AK24 -> 0 | AS24: 1 | AT24: UNIDAD | AW24: =+(AU24+(AU24*AV24))*AS24 -> 0 | AZ24: 2017DM-0016000 | BA24: 1 | BB24: UNIDAD | BC24: 0 | BD24: 0 | BE24: =+(BC24+(BC24*BD24))*BA24 -> 0 | BI24: 1 | BJ24: UNIDAD | BM24: =+(BK24+(BK24*BL24))*BI24 -> 0 | BQ24: 1 | BR24: UNIDAD | BU24: =+(BS24+(BS24*BT24))*BQ24 -> 0 | BY24: 1 | BZ24: UNIDAD | CC24: =+(CA24+(CA24*CB24))*BY24 -> 0 | CG24: 1 | CH24: UNIDAD | CK24: =+(CI24+(CI24*CJ24))*CG24 -> 0 | CN24: 2018DM-0000666-R1 | CO24: 1 | CP24: UNIDAD | CQ24: 105600 | CS24: =+(CQ24+(CQ24*CR24))*CO24 -> 105600 | CV24: 2023DM-0008815-R1 | CW24: 1 | CX24: UNIDAD | CY24: 94500 | CZ24: 0 | DA24: =+(CY24+(CY24*CZ24))*CW24 -> 94500 | DE24: 1 | DF24: UNIDAD | DI24: =+(DG24+(DG24*DH24))*DE24 -> 0 | DL24: 2015DM-0013964 | DM24: 1 | DN24: UNIDAD | DO24: 1 | DP24: 0 | DQ24: =+(DO24+(DO24*DP24))*DM24 -> 1 | DU24: 1 | DV24: UNIDAD | DY24: =+(DW24+(DW24*DX24))*DU24 -> 0 | EC24: 1 | ED24: UNIDAD | EG24: $ - | EK24: 1 | EL24: UNIDAD | EO24: =+(EM24+(EM24*EN24))*EK24 -> 0
B25: 5 | C25: Barra 3.5 mm | E25: 1 | F25: UNIDAD | I25: =+(G25+(G25*H25))*E25 -> 0 | M25: 1 | N25: UNIDAD | Q25: =+(O25+(O25*P25))*M25 -> 0 | U25: 1 | V25: UNIDAD | Y25: =+(W25+(W25*X25))*U25 -> 0 | AB25: 2023DM-0026568 | AC25: 1 | AD25: UNIDAD | AE25: 392000 | AF25: 0 | AG25: =+(AE25+(AE25*AF25))*AC25 -> 392000 | AK25: 1 | AL25: UNIDAD | AO25: =+(AM25+(AM25*AN25))*AK25 -> 0 | AS25: 1 | AT25: UNIDAD | AW25: =+(AU25+(AU25*AV25))*AS25 -> 0 | AZ25: 2017DM-0016000 | BA25: 1 | BB25: UNIDAD | BC25: 362500 | BD25: 0 | BE25: =+(BC25+(BC25*BD25))*BA25 -> 362500 | BI25: 1 | BJ25: UNIDAD | BM25: =+(BK25+(BK25*BL25))*BI25 -> 0 | BQ25: 1 | BR25: UNIDAD | BU25: =+(BS25+(BS25*BT25))*BQ25 -> 0 | BY25: 1 | BZ25: UNIDAD | CC25: =+(CA25+(CA25*CB25))*BY25 -> 0 | CG25: 1 | CH25: UNIDAD | CK25: =+(CI25+(CI25*CJ25))*CG25 -> 0 | CN25: 2018DM-0000666-R1 | CO25: 1 | CP25: UNIDAD | CQ25: 411300 | CS25: =+(CQ25+(CQ25*CR25))*CO25 -> 411300 | CV25: 2023DM-0008815-R1 | CW25: 1 | CX25: UNIDAD | CY25: 267300 | CZ25: 0 | DA25: =+(CY25+(CY25*CZ25))*CW25 -> 267300 | DE25: 1 | DF25: UNIDAD | DI25: =+(DG25+(DG25*DH25))*DE25 -> 0 | DL25: 2015DM-0013964 | DM25: 1 | DN25: UNIDAD | DO25: 338659 | DP25: 0 | DQ25: =+(DO25+(DO25*DP25))*DM25 -> 338659 | DU25: 1 | DV25: UNIDAD | DY25: =+(DW25+(DW25*DX25))*DU25 -> 0 | EC25: 1 | ED25: UNIDAD | EG25: $ - | EK25: 1 | EL25: UNIDAD | EO25: =+(EM25+(EM25*EN25))*EK25 -> 0
B26: 6 | C26: Tornillo Pedicular Cervical 3.5 - 4.0mm | E26: 1 | F26: UNIDAD | I26: =+(G26+(G26*H26))*E26 -> 0 | M26: 1 | N26: UNIDAD | Q26: =+(O26+(O26*P26))*M26 -> 0 | U26: 1 | V26: UNIDAD | Y26: =+(W26+(W26*X26))*U26 -> 0 | AB26: 2023DM-0026568 | AC26: 1 | AD26: UNIDAD | AE26: 680000 | AF26: 0 | AG26: =+(AE26+(AE26*AF26))*AC26 -> 680000 | AK26: 1 | AL26: UNIDAD | AO26: =+(AM26+(AM26*AN26))*AK26 -> 0 | AS26: 1 | AT26: UNIDAD | AW26: =+(AU26+(AU26*AV26))*AS26 -> 0 | AZ26: 2017DM-0016000 | BA26: 1 | BB26: UNIDAD | BC26: 875000 | BD26: 0 | BE26: =+(BC26+(BC26*BD26))*BA26 -> 875000 | BI26: 1 | BJ26: UNIDAD | BM26: =+(BK26+(BK26*BL26))*BI26 -> 0 | BQ26: 1 | BR26: UNIDAD | BU26: =+(BS26+(BS26*BT26))*BQ26 -> 0 | BY26: 1 | BZ26: UNIDAD | CC26: =+(CA26+(CA26*CB26))*BY26 -> 0 | CG26: 1 | CH26: UNIDAD | CK26: =+(CI26+(CI26*CJ26))*CG26 -> 0 | CN26: 2018DM-0000666-R1 | CO26: 1 | CP26: UNIDAD | CQ26: 717800 | CS26: =+(CQ26+(CQ26*CR26))*CO26 -> 717800 | CV26: 2023DM-0008815-R1 | CW26: 1 | CX26: UNIDAD | CY26: 485100 | CZ26: 0 | DA26: =+(CY26+(CY26*CZ26))*CW26 -> 485100 | DE26: 1 | DF26: UNIDAD | DI26: =+(DG26+(DG26*DH26))*DE26 -> 0 | DL26: 2015DM-0013964 | DM26: 1 | DN26: UNIDAD | DO26: 1053455 | DP26: 0 | DQ26: =+(DO26+(DO26*DP26))*DM26 -> 1053455 | DU26: 1 | DV26: UNIDAD | DY26: =+(DW26+(DW26*DX26))*DU26 -> 0 | EC26: 1 | ED26: UNIDAD | EG26: $ - | EK26: 1 | EL26: UNIDAD | EO26: =+(EM26+(EM26*EN26))*EK26 -> 0
B27: 7 | C27: Conector Transversal Cervical Posterior (opcional) | E27: 1 | F27: UNIDAD | I27: =+(G27+(G27*H27))*E27 -> 0 | M27: 1 | N27: UNIDAD | Q27: =+(O27+(O27*P27))*M27 -> 0 | U27: 1 | V27: UNIDAD | Y27: =+(W27+(W27*X27))*U27 -> 0 | AC27: 1 | AD27: UNIDAD | AE27: 0 | AF27: 0 | AG27: =+(AE27+(AE27*AF27))*AC27 -> 0 | AK27: 1 | AL27: UNIDAD | AO27: =+(AM27+(AM27*AN27))*AK27 -> 0 | AS27: 1 | AT27: UNIDAD | AW27: =+(AU27+(AU27*AV27))*AS27 -> 0 | AZ27: 2017DM-0016000 | BA27: 1 | BB27: UNIDAD | BC27: 1600000 | BD27: 0 | BE27: =+(BC27+(BC27*BD27))*BA27 -> 1600000 | BI27: 1 | BJ27: UNIDAD | BM27: =+(BK27+(BK27*BL27))*BI27 -> 0 | BQ27: 1 | BR27: UNIDAD | BU27: =+(BS27+(BS27*BT27))*BQ27 -> 0 | BY27: 1 | BZ27: UNIDAD | CC27: =+(CA27+(CA27*CB27))*BY27 -> 0 | CG27: 1 | CH27: UNIDAD | CK27: =+(CI27+(CI27*CJ27))*CG27 -> 0 | CN27: 2018DM-0000666-R1 | CO27: 1 | CP27: UNIDAD | CQ27: 2294400 | CS27: =+(CQ27+(CQ27*CR27))*CO27 -> 2294400 | CV27: 2023DM-0008815-R1 | CW27: 1 | CX27: UNIDAD | CY27: 558000 | CZ27: 0 | DA27: =+(CY27+(CY27*CZ27))*CW27 -> 558000 | DE27: 1 | DF27: UNIDAD | DI27: =+(DG27+(DG27*DH27))*DE27 -> 0 | DL27: 2015DM-0013964 | DM27: 1 | DN27: UNIDAD | DO27: 1551022 | DP27: 0 | DQ27: =+(DO27+(DO27*DP27))*DM27 -> 1551022 | DU27: 1 | DV27: UNIDAD | DY27: =+(DW27+(DW27*DX27))*DU27 -> 0 | EC27: 1 | ED27: UNIDAD | EG27: $ - | EK27: 1 | EL27: UNIDAD | EO27: =+(EM27+(EM27*EN27))*EK27 -> 0
C28: TOTAL | I28: =SUM(I21:I27) -> 0 | Q28: =SUM(Q21:Q27) -> 0 | Y28: =SUM(Y21:Y27) -> 0 | AG28: =SUM(AG21:AG27) -> 5205600 | AO28: =SUM(AO21:AO27) -> 0 | AW28: =SUM(AW21:AW27) -> 0 | BE28: =SUM(BE21:BE27) -> 6507540 | BM28: =SUM(BM21:BM27) -> 0 | BU28: =SUM(BU21:BU27) -> 0 | CC28: =SUM(CC21:CC27) -> 0 | CK28: =SUM(CK21:CK27) -> 0 | CS28: =SUM(CS21:CS27) -> 6525500 | DA28: =SUM(DA21:DA27) -> 2999700 | DI28: =SUM(DI21:DI27) -> 0 | DQ28: =SUM(DQ21:DQ27) -> 6168025 | DY28: =SUM(DY21:DY27) -> 0 | EG28: $ - | EO28: =SUM(EO21:EO27) -> 0
B29: 3. SISTEMA PARA ESCOLIOSIS Y DEFORMIDADES
B30: 3.1. Kit Transpedicular de Reducción para Derotación en Bloque para Escoliosis Adultos y Neuromusculares
B31: Item | C31: Descripcion | D31: REGISTRO INVIMA | E31: Cant. | F31: UNIDAD DE MEDIDA | G31: V/r Unit | H31: IVA | I31: V/r Total | J31: CUMPLE/ NO CUMPLE/ NO OFERTA | K31: OBSERVACIONES | L31: REGISTRO INVIMA | M31: Cant. | N31: UNIDAD DE MEDIDA | O31: V/r Unit | P31: IVA | Q31: V/r Total | R31: CUMPLE/ NO CUMPLE/ NO OFERTA | S31: OBSERVACIONES | T31: REGISTRO INVIMA | U31: Cant. | V31: UNIDAD DE MEDIDA | W31: V/r Unit | X31: IVA | Y31: V/r Total | Z31: CUMPLE/ NO CUMPLE/ NO OFERTA | AA31: OBSERVACIONES | AB31: REGISTRO INVIMA | AC31: Cant. | AD31: UNIDAD DE MEDIDA | AE31: V/r Unit | AF31: IVA | AG31: V/r Total | AH31: CUMPLE/ NO CUMPLE/ NO OFERTA | AI31: OBSERVACIONES | AJ31: REGISTRO INVIMA | AK31: Cant. | AL31: UNIDAD DE MEDIDA | AM31: V/r Unit | AN31: IVA | AO31: V/r Total | AP31: CUMPLE/ NO CUMPLE/ NO OFERTA | AQ31: OBSERVACIONES | AR31: REGISTRO INVIMA | AS31: Cant. | AT31: UNIDAD DE MEDIDA | AU31: V/r Unit | AV31: IVA | AW31: V/r Total | AX31: CUMPLE/ NO CUMPLE/ NO OFERTA | AY31: OBSERVACIONES | AZ31: REGISTRO INVIMA | BA31: Cant. | BB31: UNIDAD DE MEDIDA | BC31: V/r Unit | BD31: IVA | BE31: V/r Total | BF31: CUMPLE/ NO CUMPLE/ NO OFERTA | BG31: OBSERVACIONES | BH31: REGISTRO INVIMA | BI31: Cant. | BJ31: UNIDAD DE MEDIDA | BK31: V/r Unit | BL31: IVA | BM31: V/r Total | BN31: CUMPLE/ NO CUMPLE/ NO OFERTA | BO31: OBSERVACIONES | BP31: REGISTRO INVIMA | BQ31: Cant. | BR31: UNIDAD DE MEDIDA | BS31: V/r Unit | BT31: IVA | BU31: V/r Total | BV31: CUMPLE/ NO CUMPLE/ NO OFERTA | BW31: OBSERVACIONES | BX31: REGISTRO INVIMA | BY31: Cant. | BZ31: UNIDAD DE MEDIDA | CA31: V/r Unit | CB31: IVA | CC31: V/r Total | CD31: CUMPLE/ NO CUMPLE/ NO OFERTA | CE31: OBSERVACIONES | CF31: REGISTRO INVIMA | CG31: Cant. | CH31: UNIDAD DE MEDIDA | CI31: V/r Unit | CJ31: IVA | CK31: V/r Total | CL31: CUMPLE/ NO CUMPLE/ NO OFERTA | CM31: OBSERVACIONES | CN31: REGISTRO INVIMA | CO31: Cant. | CP31: UNIDAD DE MEDIDA | CQ31: V/r Unit | CR31: IVA | CS31: V/r Total | CT31: CUMPLE/ NO CUMPLE/ NO OFERTA | CU31: OBSERVACIONES | CV31: REGISTRO INVIMA | CW31: Cant. | CX31: UNIDAD DE MEDIDA | CY31: V/r Unit | CZ31: IVA | DA31: V/r Total | DB31: CUMPLE/ NO CUMPLE/ NO OFERTA | DC31: OBSERVACIONES | DD31: REGISTRO INVIMA | DE31: Cant. | DF31: UNIDAD DE MEDIDA | DG31: V/r Unit | DH31: IVA | DI31: V/r Total | DJ31: CUMPLE/ NO CUMPLE/ NO OFERTA | DK31: OBSERVACIONES | DL31: REGISTRO INVIMA | DM31: Cant. | DN31: UNIDAD DE MEDIDA | DO31: V/r Unit | DP31: IVA | DQ31: V/r Total | DR31: CUMPLE/ NO CUMPLE/ NO OFERTA | DS31: OBSERVACIONES | DT31: REGISTRO INVIMA | DU31: Cant. | DV31: UNIDAD DE MEDIDA | DW31: V/r Unit | DX31: IVA | DY31: V/r Total | DZ31: CUMPLE/ NO CUMPLE/ NO OFERTA | EA31: OBSERVACIONES | EB31: REGISTRO INVIMA | EC31: Cant. | ED31: UNIDAD DE MEDIDA | EE31: V/r Unit | EF31: IVA | EG31: V/r Total | EH31: CUMPLE/ NO CUMPLE/ NO OFERTA | EI31: OBSERVACIONES | EJ31: REGISTRO INVIMA | EK31: Cant. | EL31: UNIDAD DE MEDIDA | EM31: V/r Unit | EN31: IVA | EO31: V/r Total | EP31: CUMPLE/ NO CUMPLE/ NO OFERTA | EQ31: OBSERVACIONES
B32: 1 | C32: Tornillo Poliaxial 4.0, 4.5, 5.0, 5.5, 6.0, 6.5 y 7.0 | E32: 1 | F32: UNIDAD | I32: =+(G32+(G32*H32))*E32 -> 0 | J32: NO OFERTADO | M32: 1 | N32: UNIDAD | Q32: =+(O32+(O32*P32))*M32 -> 0 | R32: NO OFERTADO | U32: 1 | V32: UNIDAD | Y32: =+(W32+(W32*X32))*U32 -> 0 | Z32: NO OFERTADO | AB32: 2021DM-0024569 | AC32: 1 | AD32: UNIDAD | AE32: 990000 | AF32: 0 | AG32: =+(AE32+(AE32*AF32))*AC32 -> 990000 | AH32: CUMPLE | AK32: 1 | AL32: UNIDAD | AO32: =+(AM32+(AM32*AN32))*AK32 -> 0 | AP32: NO OFERTADO | AS32: 1 | AT32: UNIDAD | AW32: =+(AU32+(AU32*AV32))*AS32 -> 0 | AX32: NO OFERTADO | AZ32: 2017DM-0016000 | BA32: 1 | BB32: UNIDAD | BC32: 872400 | BD32: 0 | BE32: =+(BC32+(BC32*BD32))*BA32 -> 872400 | BF32: CUMPLE | BG32: subsana | BI32: 1 | BJ32: UNIDAD | BM32: =+(BK32+(BK32*BL32))*BI32 -> 0 | BN32: NO OFERTADO | BQ32: 1 | BR32: UNIDAD | BU32: =+(BS32+(BS32*BT32))*BQ32 -> 0 | BV32: NO OFERTADO | BY32: 1 | BZ32: UNIDAD | CC32: =+(CA32+(CA32*CB32))*BY32 -> 0 | CD32: NO OFERTADO | CG32: 1 | CH32: UNIDAD | CK32: =+(CI32+(CI32*CJ32))*CG32 -> 0 | CL32: NO OFERTADO | CN32: 2022DM-0025052 | CO32: 1 | CP32: UNIDAD | CQ32: 1054300 | CS32: =+(CQ32+(CQ32*CR32))*CO32 -> 1054300 | CT32: CUMPLE | CW32: 1 | CX32: UNIDAD | DA32: =+(CY32+(CY32*CZ32))*CW32 -> 0 | DB32: NO OFERTADO | DE32: 1 | DF32: UNIDAD | DI32: =+(DG32+(DG32*DH32))*DE32 -> 0 | DJ32: NO OFERTADO | DL32: 2015DM-0013964 | DM32: 1 | DN32: UNIDAD | DO32: 760795 | DP32: 0 | DQ32: =+(DO32+(DO32*DP32))*DM32 -> 760795 | DR32: CUMPLE | DU32: 1 | DV32: UNIDAD | DY32: =+(DW32+(DW32*DX32))*DU32 -> 0 | DZ32: NO OFERTADO | EC32: 1 | ED32: UNIDAD | EG32: $ - | EH32: NO OFERTADO | EK32: 1 | EL32: UNIDAD | EO32: =+(EM32+(EM32*EN32))*EK32 -> 0 | EP32: NO OFERTADO
B33: 2 | C33: Tornillos Lumbopelvicos 7.0 y 8.0 | E33: 1 | F33: UNIDAD | I33: =+(G33+(G33*H33))*E33 -> 0 | M33: 1 | N33: UNIDAD | Q33: =+(O33+(O33*P33))*M33 -> 0 | U33: 1 | V33: UNIDAD | Y33: =+(W33+(W33*X33))*U33 -> 0 | AB33: INVIMA 2024DM-0009863-R1 | AC33: 1 | AD33: UNIDAD | AE33: 547200 | AF33: 0 | AG33: =+(AE33+(AE33*AF33))*AC33 -> 547200 | AK33: 1 | AL33: UNIDAD | AO33: =+(AM33+(AM33*AN33))*AK33 -> 0 | AS33: 1 | AT33: UNIDAD | AW33: =+(AU33+(AU33*AV33))*AS33 -> 0 | AZ33: 2017DM-0016000 | BA33: 1 | BB33: UNIDAD | BC33: 872400 | BD33: 0 | BE33: =+(BC33+(BC33*BD33))*BA33 -> 872400 | BI33: 1 | BJ33: UNIDAD | BM33: =+(BK33+(BK33*BL33))*BI33 -> 0 | BQ33: 1 | BR33: UNIDAD | BU33: =+(BS33+(BS33*BT33))*BQ33 -> 0 | BY33: 1 | BZ33: UNIDAD | CC33: =+(CA33+(CA33*CB33))*BY33 -> 0 | CG33: 1 | CH33: UNIDAD | CK33: =+(CI33+(CI33*CJ33))*CG33 -> 0 | CN33: 2022DM-0025052 | CO33: 1 | CP33: UNIDAD | CQ33: 1018700 | CS33: =+(CQ33+(CQ33*CR33))*CO33 -> 1018700 | CW33: 1 | CX33: UNIDAD | DA33: =+(CY33+(CY33*CZ33))*CW33 -> 0 | DE33: 1 | DF33: UNIDAD | DI33: =+(DG33+(DG33*DH33))*DE33 -> 0 | DL33: 2015DM-0013964 | DM33: 1 | DN33: UNIDAD | DO33: 760795 | DP33: 0 | DQ33: =+(DO33+(DO33*DP33))*DM33 -> 760795 | DU33: 1 | DV33: UNIDAD | DY33: =+(DW33+(DW33*DX33))*DU33 -> 0 | EC33: 1 | ED33: UNIDAD | EG33: $ - | EK33: 1 | EL33: UNIDAD | EO33: =+(EM33+(EM33*EN33))*EK33 -> 0
B34: 3 | C34: Tornillos para Fijación a Iliaco y Sacro | E34: 1 | F34: UNIDAD | I34: =+(G34+(G34*H34))*E34 -> 0 | M34: 1 | N34: UNIDAD | Q34: =+(O34+(O34*P34))*M34 -> 0 | U34: 1 | V34: UNIDAD | Y34: =+(W34+(W34*X34))*U34 -> 0 | AB34: 2021DM-0024569 | AC34: 1 | AD34: UNIDAD | AE34: 800000 | AF34: 0 | AG34: =+(AE34+(AE34*AF34))*AC34 -> 800000 | AK34: 1 | AL34: UNIDAD | AO34: =+(AM34+(AM34*AN34))*AK34 -> 0 | AS34: 1 | AT34: UNIDAD | AW34: =+(AU34+(AU34*AV34))*AS34 -> 0 | AZ34: 2017DM-0016000 | BA34: 1 | BB34: UNIDAD | BC34: 872400 | BD34: 0 | BE34: =+(BC34+(BC34*BD34))*BA34 -> 872400 | BI34: 1 | BJ34: UNIDAD | BM34: =+(BK34+(BK34*BL34))*BI34 -> 0 | BQ34: 1 | BR34: UNIDAD | BU34: =+(BS34+(BS34*BT34))*BQ34 -> 0 | BY34: 1 | BZ34: UNIDAD | CC34: =+(CA34+(CA34*CB34))*BY34 -> 0 | CG34: 1 | CH34: UNIDAD | CK34: =+(CI34+(CI34*CJ34))*CG34 -> 0 | CN34: 2022DM-0025052 | CO34: 1 | CP34: UNIDAD | CQ34: 1184600 | CS34: =+(CQ34+(CQ34*CR34))*CO34 -> 1184600 | CW34: 1 | CX34: UNIDAD | DA34: =+(CY34+(CY34*CZ34))*CW34 -> 0 | DE34: 1 | DF34: UNIDAD | DI34: =+(DG34+(DG34*DH34))*DE34 -> 0 | DL34: 2015DM-0013964 | DM34: 1 | DN34: UNIDAD | DO34: 1550000 | DP34: 0 | DQ34: =+(DO34+(DO34*DP34))*DM34 -> 1550000 | DU34: 1 | DV34: UNIDAD | DY34: =+(DW34+(DW34*DX34))*DU34 -> 0 | EC34: 1 | ED34: UNIDAD | EG34: $ - | EK34: 1 | EL34: UNIDAD | EO34: =+(EM34+(EM34*EN34))*EK34 -> 0
B35: 4 | C35: Barra 400 mm a 600 mm Diametro 5.5 a 7.0 (Cromocobalto y Titanio) | E35: 1 | F35: UNIDAD | I35: =+(G35+(G35*H35))*E35 -> 0 | M35: 1 | N35: UNIDAD | Q35: =+(O35+(O35*P35))*M35 -> 0 | U35: 1 | V35: UNIDAD | Y35: =+(W35+(W35*X35))*U35 -> 0 | AB35: 2021DM-0024569 | AC35: 1 | AD35: UNIDAD | AE35: 1104000 | AF35: 0 | AG35: =+(AE35+(AE35*AF35))*AC35 -> 1104000 | AK35: 1 | AL35: UNIDAD | AO35: =+(AM35+(AM35*AN35))*AK35 -> 0 | AS35: 1 | AT35: UNIDAD | AW35: =+(AU35+(AU35*AV35))*AS35 -> 0 | AZ35: 2017DM-0016000 | BA35: 1 | BB35: UNIDAD | BC35: 937500 | BD35: 0 | BE35: =+(BC35+(BC35*BD35))*BA35 -> 937500 | BI35: 1 | BJ35: UNIDAD | BM35: =+(BK35+(BK35*BL35))*BI35 -> 0 | BQ35: 1 | BR35: UNIDAD | BU35: =+(BS35+(BS35*BT35))*BQ35 -> 0 | BY35: 1 | BZ35: UNIDAD | CC35: =+(CA35+(CA35*CB35))*BY35 -> 0 | CG35: 1 | CH35: UNIDAD | CK35: =+(CI35+(CI35*CJ35))*CG35 -> 0 | CN35: 2022DM-0025052 | CO35: 1 | CP35: UNIDAD | CQ35: 1172700 | CS35: =+(CQ35+(CQ35*CR35))*CO35 -> 1172700 | CW35: 1 | CX35: UNIDAD | DA35: =+(CY35+(CY35*CZ35))*CW35 -> 0 | DE35: 1 | DF35: UNIDAD | DI35: =+(DG35+(DG35*DH35))*DE35 -> 0 | DL35: 2015DM-0013964 | DM35: 1 | DN35: UNIDAD | DO35: 815978 | DP35: 0 | DQ35: =+(DO35+(DO35*DP35))*DM35 -> 815978 | DU35: 1 | DV35: UNIDAD | DY35: =+(DW35+(DW35*DX35))*DU35 -> 0 | EC35: 1 | ED35: UNIDAD | EG35: $ - | EK35: 1 | EL35: UNIDAD | EO35: =+(EM35+(EM35*EN35))*EK35 -> 0
B36: 5 | C36: Conector Transverso | E36: 1 | F36: UNIDAD | I36: =+(G36+(G36*H36))*E36 -> 0 | M36: 1 | N36: UNIDAD | Q36: =+(O36+(O36*P36))*M36 -> 0 | U36: 1 | V36: UNIDAD | Y36: =+(W36+(W36*X36))*U36 -> 0 | AB36: INVIMA 2014DM-0002769-R1 | AC36: 1 | AD36: UNIDAD | AE36: 1524000 | AF36: 0 | AG36: =+(AE36+(AE36*AF36))*AC36 -> 1524000 | AK36: 1 | AL36: UNIDAD | AO36: =+(AM36+(AM36*AN36))*AK36 -> 0 | AS36: 1 | AT36: UNIDAD | AW36: =+(AU36+(AU36*AV36))*AS36 -> 0 | AZ36: 2017DM-0016000 | BA36: 1 | BB36: UNIDAD | BC36: 1495400 | BD36: 0 | BE36: =+(BC36+(BC36*BD36))*BA36 -> 1495400 | BI36: 1 | BJ36: UNIDAD | BM36: =+(BK36+(BK36*BL36))*BI36 -> 0 | BQ36: 1 | BR36: UNIDAD | BU36: =+(BS36+(BS36*BT36))*BQ36 -> 0 | BY36: 1 | BZ36: UNIDAD | CC36: =+(CA36+(CA36*CB36))*BY36 -> 0 | CG36: 1 | CH36: UNIDAD | CK36: =+(CI36+(CI36*CJ36))*CG36 -> 0 | CN36: 2022DM-0025052 | CO36: 1 | CP36: UNIDAD | CQ36: 2081500 | CS36: =+(CQ36+(CQ36*CR36))*CO36 -> 2081500 | CW36: 1 | CX36: UNIDAD | DA36: =+(CY36+(CY36*CZ36))*CW36 -> 0 | DE36: 1 | DF36: UNIDAD | DI36: =+(DG36+(DG36*DH36))*DE36 -> 0 | DL36: 2015DM-0013964 | DM36: 1 | DN36: UNIDAD | DO36: 1591022 | DP36: 0 | DQ36: =+(DO36+(DO36*DP36))*DM36 -> 1591022 | DU36: 1 | DV36: UNIDAD | DY36: =+(DW36+(DW36*DX36))*DU36 -> 0 | EC36: 1 | ED36: UNIDAD | EG36: $ - | EK36: 1 | EL36: UNIDAD | EO36: =+(EM36+(EM36*EN36))*EK36 -> 0
B37: 6 | C37: Sistema de Rotacion de Barras de Bajo Perfil ( Rotacion Segmentadrio y Multisegmentaria) | E37: 1 | F37: UNIDAD | I37: =+(G37+(G37*H37))*E37 -> 0 | M37: 1 | N37: UNIDAD | Q37: =+(O37+(O37*P37))*M37 -> 0 | U37: 1 | V37: UNIDAD | Y37: =+(W37+(W37*X37))*U37 -> 0 | AC37: 1 | AD37: UNIDAD | AE37: 0 | AF37: 0 | AG37: =+(AE37+(AE37*AF37))*AC37 -> 0 | AK37: 1 | AL37: UNIDAD | AO37: =+(AM37+(AM37*AN37))*AK37 -> 0 | AS37: 1 | AT37: UNIDAD | AW37: =+(AU37+(AU37*AV37))*AS37 -> 0 | BA37: 1 | BB37: UNIDAD | BC37: 0 | BD37: 0 | BE37: =+(BC37+(BC37*BD37))*BA37 -> 0 | BI37: 1 | BJ37: UNIDAD | BM37: =+(BK37+(BK37*BL37))*BI37 -> 0 | BQ37: 1 | BR37: UNIDAD | BU37: =+(BS37+(BS37*BT37))*BQ37 -> 0 | BY37: 1 | BZ37: UNIDAD | CC37: =+(CA37+(CA37*CB37))*BY37 -> 0 | CG37: 1 | CH37: UNIDAD | CK37: =+(CI37+(CI37*CJ37))*CG37 -> 0 | CN37: 2022DM-0025052 | CO37: 1 | CP37: UNIDAD | CQ37: 1242000 | CS37: =+(CQ37+(CQ37*CR37))*CO37 -> 1242000 | CW37: 1 | CX37: UNIDAD | DA37: =+(CY37+(CY37*CZ37))*CW37 -> 0 | DE37: 1 | DF37: UNIDAD | DI37: =+(DG37+(DG37*DH37))*DE37 -> 0 | DL37: 2015DM-0013964 | DM37: 1 | DN37: UNIDAD | DO37: 1225813 | DP37: 0 | DQ37: =+(DO37+(DO37*DP37))*DM37 -> 1225813 | DU37: 1 | DV37: UNIDAD | DY37: =+(DW37+(DW37*DX37))*DU37 -> 0 | EC37: 1 | ED37: UNIDAD | EG37: $ - | EK37: 1 | EL37: UNIDAD | EO37: =+(EM37+(EM37*EN37))*EK37 -> 0
B38: 7 | C38: Ganchos Laminares y Pediculares | E38: 1 | F38: UNIDAD | I38: =+(G38+(G38*H38))*E38 -> 0 | M38: 1 | N38: UNIDAD | Q38: =+(O38+(O38*P38))*M38 -> 0 | U38: 1 | V38: UNIDAD | Y38: =+(W38+(W38*X38))*U38 -> 0 | AB38: 2021DM-0024569 | AC38: 1 | AD38: UNIDAD | AE38: 1070000 | AF38: 0 | AG38: =+(AE38+(AE38*AF38))*AC38 -> 1070000 | AK38: 1 | AL38: UNIDAD | AO38: =+(AM38+(AM38*AN38))*AK38 -> 0 | AS38: 1 | AT38: UNIDAD | AW38: =+(AU38+(AU38*AV38))*AS38 -> 0 | BA38: 1 | BB38: UNIDAD | BC38: 0 | BD38: 0 | BE38: =+(BC38+(BC38*BD38))*BA38 -> 0 | BI38: 1 | BJ38: UNIDAD | BM38: =+(BK38+(BK38*BL38))*BI38 -> 0 | BQ38: 1 | BR38: UNIDAD | BU38: =+(BS38+(BS38*BT38))*BQ38 -> 0 | BY38: 1 | BZ38: UNIDAD | CC38: =+(CA38+(CA38*CB38))*BY38 -> 0 | CG38: 1 | CH38: UNIDAD | CK38: =+(CI38+(CI38*CJ38))*CG38 -> 0 | CN38: 2022DM-0025052 | CO38: 1 | CP38: UNIDAD | CQ38: 1281400 | CS38: =+(CQ38+(CQ38*CR38))*CO38 -> 1281400 | CW38: 1 | CX38: UNIDAD | DA38: =+(CY38+(CY38*CZ38))*CW38 -> 0 | DE38: 1 | DF38: UNIDAD | DI38: =+(DG38+(DG38*DH38))*DE38 -> 0 | DL38: 2015DM-0013964 | DM38: 1 | DN38: UNIDAD | DO38: 1792784 | DP38: 0 | DQ38: =+(DO38+(DO38*DP38))*DM38 -> 1792784 | DU38: 1 | DV38: UNIDAD | DY38: =+(DW38+(DW38*DX38))*DU38 -> 0 | EC38: 1 | ED38: UNIDAD | EG38: $ - | EK38: 1 | EL38: UNIDAD | EO38: =+(EM38+(EM38*EN38))*EK38 -> 0
C39: TOTAL | I39: =SUM(I32:I38) -> 0 | Q39: =SUM(Q32:Q38) -> 0 | Y39: =SUM(Y32:Y38) -> 0 | AG39: =SUM(AG32:AG38) -> 6035200 | AO39: =SUM(AO32:AO38) -> 0 | AW39: =SUM(AW32:AW38) -> 0 | BE39: =SUM(BE32:BE38) -> 5050100 | BM39: =SUM(BM32:BM38) -> 0 | BU39: =SUM(BU32:BU38) -> 0 | CC39: =SUM(CC32:CC38) -> 0 | CK39: =SUM(CK32:CK38) -> 0 | CS39: =SUM(CS32:CS38) -> 9035200 | DA39: =SUM(DA32:DA38) -> 0 | DI39: =SUM(DI32:DI38) -> 0 | DQ39: =SUM(DQ32:DQ38) -> 8497187 | DY39: =SUM(DY32:DY38) -> 0 | EG39: $ - | EO39: =SUM(EO32:EO38) -> 0
B40: 3.2. Kit Transpedicular para Escoliosis Pediatricas
B41: Item | C41: Descripcion | D41: REGISTRO INVIMA | E41: Cant. | F41: UNIDAD DE MEDIDA | G41: V/r Unit | H41: IVA | I41: V/r Total | J41: CUMPLE/ NO CUMPLE/ NO OFERTA | K41: OBSERVACIONES | L41: REGISTRO INVIMA | M41: Cant. | N41: UNIDAD DE MEDIDA | O41: V/r Unit | P41: IVA | Q41: V/r Total | R41: CUMPLE/ NO CUMPLE/ NO OFERTA | S41: OBSERVACIONES | T41: REGISTRO INVIMA | U41: Cant. | V41: UNIDAD DE MEDIDA | W41: V/r Unit | X41: IVA | Y41: V/r Total | Z41: CUMPLE/ NO CUMPLE/ NO OFERTA | AA41: OBSERVACIONES | AB41: REGISTRO INVIMA | AC41: Cant. | AD41: UNIDAD DE MEDIDA | AE41: V/r Unit | AF41: IVA | AG41: V/r Total | AH41: CUMPLE/ NO CUMPLE/ NO OFERTA | AI41: OBSERVACIONES | AJ41: REGISTRO INVIMA | AK41: Cant. | AL41: UNIDAD DE MEDIDA | AM41: V/r Unit | AN41: IVA | AO41: V/r Total | AP41: CUMPLE/ NO CUMPLE/ NO OFERTA | AQ41: OBSERVACIONES | AR41: REGISTRO INVIMA | AS41: Cant. | AT41: UNIDAD DE MEDIDA | AU41: V/r Unit | AV41: IVA | AW41: V/r Total | AX41: CUMPLE/ NO CUMPLE/ NO OFERTA | AY41: OBSERVACIONES | AZ41: REGISTRO INVIMA | BA41: Cant. | BB41: UNIDAD DE MEDIDA | BC41: V/r Unit | BD41: IVA | BE41: V/r Total | BF41: CUMPLE/ NO CUMPLE/ NO OFERTA | BG41: OBSERVACIONES | BH41: REGISTRO INVIMA | BI41: Cant. | BJ41: UNIDAD DE MEDIDA | BK41: V/r Unit | BL41: IVA | BM41: V/r Total | BN41: CUMPLE/ NO CUMPLE/ NO OFERTA | BO41: OBSERVACIONES | BP41: REGISTRO INVIMA | BQ41: Cant. | BR41: UNIDAD DE MEDIDA | BS41: V/r Unit | BT41: IVA | BU41: V/r Total | BV41: CUMPLE/ NO CUMPLE/ NO OFERTA | BW41: OBSERVACIONES | BX41: REGISTRO INVIMA | BY41: Cant. | BZ41: UNIDAD DE MEDIDA | CA41: V/r Unit | CB41: IVA | CC41: V/r Total | CD41: CUMPLE/ NO CUMPLE/ NO OFERTA | CE41: OBSERVACIONES | CF41: REGISTRO INVIMA | CG41: Cant. | CH41: UNIDAD DE MEDIDA | CI41: V/r Unit | CJ41: IVA | CK41: V/r Total | CL41: CUMPLE/ NO CUMPLE/ NO OFERTA | CM41: OBSERVACIONES | CN41: REGISTRO INVIMA | CO41: Cant. | CP41: UNIDAD DE MEDIDA | CQ41: V/r Unit | CR41: IVA | CS41: V/r Total | CT41: CUMPLE/ NO CUMPLE/ NO OFERTA | CU41: OBSERVACIONES | CV41: REGISTRO INVIMA | CW41: Cant. | CX41: UNIDAD DE MEDIDA | CY41: V/r Unit | CZ41: IVA | DA41: V/r Total | DB41: CUMPLE/ NO CUMPLE/ NO OFERTA | DC41: OBSERVACIONES | DD41: REGISTRO INVIMA | DE41: Cant. | DF41: UNIDAD DE MEDIDA | DG41: V/r Unit | DH41: IVA | DI41: V/r Total | DJ41: CUMPLE/ NO CUMPLE/ NO OFERTA | DK41: OBSERVACIONES | DL41: REGISTRO INVIMA | DM41: Cant. | DN41: UNIDAD DE MEDIDA | DO41: V/r Unit | DP41: IVA | DQ41: V/r Total | DR41: CUMPLE/ NO CUMPLE/ NO OFERTA | DS41: OBSERVACIONES | DT41: REGISTRO INVIMA | DU41: Cant. | DV41: UNIDAD DE MEDIDA | DW41: V/r Unit | DX41: IVA | DY41: V/r Total | DZ41: CUMPLE/ NO CUMPLE/ NO OFERTA | EA41: OBSERVACIONES | EB41: REGISTRO INVIMA | EC41: Cant. | ED41: UNIDAD DE MEDIDA | EE41: V/r Unit | EF41: IVA | EG41: V/r Total | EH41: CUMPLE/ NO CUMPLE/ NO OFERTA | EI41: OBSERVACIONES | EJ41: REGISTRO INVIMA | EK41: Cant. | EL41: UNIDAD DE MEDIDA | EM41: V/r Unit | EN41: IVA | EO41: V/r Total | EP41: CUMPLE/ NO CUMPLE/ NO OFERTA | EQ41: OBSERVACIONES
B42: 1 | C42: Tornillo Poliaxial 4.0 4.5 5.0 | E42: 1 | F42: UNIDAD | I42: =+(G42+(G42*H42))*E42 -> 0 | J42: NO OFERTADO | M42: 1 | N42: UNIDAD | Q42: =+(O42+(O42*P42))*M42 -> 0 | R42: NO OFERTADO | U42: 1 | V42: UNIDAD | Y42: =+(W42+(W42*X42))*U42 -> 0 | Z42: NO OFERTADO | AC42: 1 | AD42: UNIDAD | AG42: =+(AE42+(AE42*AF42))*AC42 -> 0 | AH42: NO OFERTADO | AK42: 1 | AL42: UNIDAD | AO42: =+(AM42+(AM42*AN42))*AK42 -> 0 | AP42: NO OFERTADO | AS42: 1 | AT42: UNIDAD | AW42: =+(AU42+(AU42*AV42))*AS42 -> 0 | AX42: NO OFERTADO | BA42: 1 | BB42: UNIDAD | BE42: =+(BC42+(BC42*BD42))*BA42 -> 0 | BF42: NO OFERTADO | BI42: 1 | BJ42: UNIDAD | BM42: =+(BK42+(BK42*BL42))*BI42 -> 0 | BN42: NO OFERTADO | BQ42: 1 | BR42: UNIDAD | BU42: =+(BS42+(BS42*BT42))*BQ42 -> 0 | BV42: NO OFERTADO | BY42: 1 | BZ42: UNIDAD | CC42: =+(CA42+(CA42*CB42))*BY42 -> 0 | CD42: NO OFERTADO | CG42: 1 | CH42: UNIDAD | CK42: =+(CI42+(CI42*CJ42))*CG42 -> 0 | CL42: NO OFERTADO | CN42: 2022DM-0025052 | CO42: 1 | CP42: UNIDAD | CQ42: 1667500 | CS42: =+(CQ42+(CQ42*CR42))*CO42 -> 1667500 | CT42: CUMPLE | CV42: 2023DM-0008815-R1 | CW42: 1 | CX42: UNIDAD | CY42: 771300 | CZ42: 0 | DA42: =+(CY42+(CY42*CZ42))*CW42 -> 771300 | DB42: NO CUMPLE | DC42: BARRAS CORRUGADAS , INSTRUMENTAL DE DIFICIL MANIPULACION, NO TIENE DESROTADORES PARA REALIZAR CORRECIONES DE GRANDES DEFORMIDADES | DE42: 1 | DF42: UNIDAD | DI42: =+(DG42+(DG42*DH42))*DE42 -> 0 | DJ42: NO OFERTADO | DL42: 2015DM-0013964 | DM42: 1 | DN42: UNIDAD | DO42: 760795 | DP42: 0 | DQ42: =+(DO42+(DO42*DP42))*DM42 -> 760795 | DR42: CUMPLE | DU42: 1 | DV42: UNIDAD | DY42: =+(DW42+(DW42*DX42))*DU42 -> 0 | DZ42: NO OFERTADO | EC42: 1 | ED42: UNIDAD | EG42: $ - | EH42: NO OFERTADO | EK42: 1 | EL42: UNIDAD | EO42: =+(EM42+(EM42*EN42))*EK42 -> 0 | EP42: NO OFERTADO
B43: 2 | C43: Tornillos para Fijación a Iliaco y Sacro | E43: 1 | F43: UNIDAD | I43: =+(G43+(G43*H43))*E43 -> 0 | M43: 1 | N43: UNIDAD | Q43: =+(O43+(O43*P43))*M43 -> 0 | U43: 1 | V43: UNIDAD | Y43: =+(W43+(W43*X43))*U43 -> 0 | AC43: 1 | AD43: UNIDAD | AG43: =+(AE43+(AE43*AF43))*AC43 -> 0 | AK43: 1 | AL43: UNIDAD | AO43: =+(AM43+(AM43*AN43))*AK43 -> 0 | AS43: 1 | AT43: UNIDAD | AW43: =+(AU43+(AU43*AV43))*AS43 -> 0 | BA43: 1 | BB43: UNIDAD | BE43: =+(BC43+(BC43*BD43))*BA43 -> 0 | BI43: 1 | BJ43: UNIDAD | BM43: =+(BK43+(BK43*BL43))*BI43 -> 0 | BQ43: 1 | BR43: UNIDAD | BU43: =+(BS43+(BS43*BT43))*BQ43 -> 0 | BY43: 1 | BZ43: UNIDAD | CC43: =+(CA43+(CA43*CB43))*BY43 -> 0 | CG43: 1 | CH43: UNIDAD | CK43: =+(CI43+(CI43*CJ43))*CG43 -> 0 | CN43: 2022DM-0025052 | CO43: 1 | CP43: UNIDAD | CQ43: 1517500 | CS43: =+(CQ43+(CQ43*CR43))*CO43 -> 1517500 | CV43: 2023DM-0008815-R1 | CW43: 1 | CX43: UNIDAD | CY43: 771300 | CZ43: 0 | DA43: =+(CY43+(CY43*CZ43))*CW43 -> 771300 | DE43: 1 | DF43: UNIDAD | DI43: =+(DG43+(DG43*DH43))*DE43 -> 0 | DL43: 2015DM-0013964 | DM43: 1 | DN43: UNIDAD | DO43: 1550000 | DP43: 0 | DQ43: =+(DO43+(DO43*DP43))*DM43 -> 1550000 | DU43: 1 | DV43: UNIDAD | DY43: =+(DW43+(DW43*DX43))*DU43 -> 0 | EC43: 1 | ED43: UNIDAD | EG43: $ - | EK43: 1 | EL43: UNIDAD | EO43: =+(EM43+(EM43*EN43))*EK43 -> 0
B44: 3 | C44: Barra 200 mm a 500 mm Diametro de 4.5 mm a 5.5 mm (Cromocobalto y Titanio) | E44: 1 | F44: UNIDAD | I44: =+(G44+(G44*H44))*E44 -> 0 | M44: 1 | N44: UNIDAD | Q44: =+(O44+(O44*P44))*M44 -> 0 | U44: 1 | V44: UNIDAD | Y44: =+(W44+(W44*X44))*U44 -> 0 | AC44: 1 | AD44: UNIDAD | AG44: =+(AE44+(AE44*AF44))*AC44 -> 0 | AK44: 1 | AL44: UNIDAD | AO44: =+(AM44+(AM44*AN44))*AK44 -> 0 | AS44: 1 | AT44: UNIDAD | AW44: =+(AU44+(AU44*AV44))*AS44 -> 0 | BA44: 1 | BB44: UNIDAD | BE44: =+(BC44+(BC44*BD44))*BA44 -> 0 | BI44: 1 | BJ44: UNIDAD | BM44: =+(BK44+(BK44*BL44))*BI44 -> 0 | BQ44: 1 | BR44: UNIDAD | BU44: =+(BS44+(BS44*BT44))*BQ44 -> 0 | BY44: 1 | BZ44: UNIDAD | CC44: =+(CA44+(CA44*CB44))*BY44 -> 0 | CG44: 1 | CH44: UNIDAD | CK44: =+(CI44+(CI44*CJ44))*CG44 -> 0 | CN44: 2022DM-0025052 | CO44: 1 | CP44: UNIDAD | CQ44: 1495000 | CS44: =+(CQ44+(CQ44*CR44))*CO44 -> 1495000 | CV44: 2023DM-0008815-R1 | CW44: 1 | CX44: UNIDAD | CY44: 303300 | CZ44: 0 | DA44: =+(CY44+(CY44*CZ44))*CW44 -> 303300 | DE44: 1 | DF44: UNIDAD | DI44: =+(DG44+(DG44*DH44))*DE44 -> 0 | DL44: 2015DM-0013964 | DM44: 1 | DN44: UNIDAD | DO44: 815978 | DP44: 0 | DQ44: =+(DO44+(DO44*DP44))*DM44 -> 815978 | DU44: 1 | DV44: UNIDAD | DY44: =+(DW44+(DW44*DX44))*DU44 -> 0 | EC44: 1 | ED44: UNIDAD | EG44: $ - | EK44: 1 | EL44: UNIDAD | EO44: =+(EM44+(EM44*EN44))*EK44 -> 0
B45: 4 | C45: Barra 400 mm a 600 mm Diametro 5.5 a 7.0 (Cromocobalto y Titanio) | E45: 1 | F45: UNIDAD | I45: =+(G45+(G45*H45))*E45 -> 0 | M45: 1 | N45: UNIDAD | Q45: =+(O45+(O45*P45))*M45 -> 0 | U45: 1 | V45: UNIDAD | Y45: =+(W45+(W45*X45))*U45 -> 0 | AC45: 1 | AD45: UNIDAD | AG45: =+(AE45+(AE45*AF45))*AC45 -> 0 | AK45: 1 | AL45: UNIDAD | AO45: =+(AM45+(AM45*AN45))*AK45 -> 0 | AS45: 1 | AT45: UNIDAD | AW45: =+(AU45+(AU45*AV45))*AS45 -> 0 | BA45: 1 | BB45: UNIDAD | BE45: =+(BC45+(BC45*BD45))*BA45 -> 0 | BI45: 1 | BJ45: UNIDAD | BM45: =+(BK45+(BK45*BL45))*BI45 -> 0 | BQ45: 1 | BR45: UNIDAD | BU45: =+(BS45+(BS45*BT45))*BQ45 -> 0 | BY45: 1 | BZ45: UNIDAD | CC45: =+(CA45+(CA45*CB45))*BY45 -> 0 | CG45: 1 | CH45: UNIDAD | CK45: =+(CI45+(CI45*CJ45))*CG45 -> 0 | CN45: 2022DM-0025052 | CO45: 1 | CP45: UNIDAD | CQ45: 1495000 | CS45: =+(CQ45+(CQ45*CR45))*CO45 -> 1495000 | CV45: 2023DM-0008815-R1 | CW45: 1 | CX45: UNIDAD | CY45: 303300 | CZ45: 0 | DA45: =+(CY45+(CY45*CZ45))*CW45 -> 303300 | DE45: 1 | DF45: UNIDAD | DI45: =+(DG45+(DG45*DH45))*DE45 -> 0 | DL45: 2015DM-0013964 | DM45: 1 | DN45: UNIDAD | DO45: 326134 | DP45: 0 | DQ45: =+(DO45+(DO45*DP45))*DM45 -> 326134 | DU45: 1 | DV45: UNIDAD | DY45: =+(DW45+(DW45*DX45))*DU45 -> 0 | EC45: 1 | ED45: UNIDAD | EG45: $ - | EK45: 1 | EL45: UNIDAD | EO45: =+(EM45+(EM45*EN45))*EK45 -> 0
B46: 5 | C46: Conector Transverso | E46: 1 | F46: UNIDAD | I46: =+(G46+(G46*H46))*E46 -> 0 | M46: 1 | N46: UNIDAD | Q46: =+(O46+(O46*P46))*M46 -> 0 | U46: 1 | V46: UNIDAD | Y46: =+(W46+(W46*X46))*U46 -> 0 | AC46: 1 | AD46: UNIDAD | AG46: =+(AE46+(AE46*AF46))*AC46 -> 0 | AK46: 1 | AL46: UNIDAD | AO46: =+(AM46+(AM46*AN46))*AK46 -> 0 | AS46: 1 | AT46: UNIDAD | AW46: =+(AU46+(AU46*AV46))*AS46 -> 0 | BA46: 1 | BB46: UNIDAD | BE46: =+(BC46+(BC46*BD46))*BA46 -> 0 | BI46: 1 | BJ46: UNIDAD | BM46: =+(BK46+(BK46*BL46))*BI46 -> 0 | BQ46: 1 | BR46: UNIDAD | BU46: =+(BS46+(BS46*BT46))*BQ46 -> 0 | BY46: 1 | BZ46: UNIDAD | CC46: =+(CA46+(CA46*CB46))*BY46 -> 0 | CG46: 1 | CH46: UNIDAD | CK46: =+(CI46+(CI46*CJ46))*CG46 -> 0 | CN46: 2022DM-0025052 | CO46: 1 | CP46: UNIDAD | CQ46: 2679500 | CS46: =+(CQ46+(CQ46*CR46))*CO46 -> 2679500 | CV46: 2023DM-0008815-R1 | CW46: 1 | CX46: UNIDAD | CY46: 770000 | CZ46: 0 | DA46: =+(CY46+(CY46*CZ46))*CW46 -> 770000 | DE46: 1 | DF46: UNIDAD | DI46: =+(DG46+(DG46*DH46))*DE46 -> 0 | DL46: 2015DM-0013964 | DM46: 1 | DN46: UNIDAD | DO46: 1591022 | DP46: 0 | DQ46: =+(DO46+(DO46*DP46))*DM46 -> 1591022 | DU46: 1 | DV46: UNIDAD | DY46: =+(DW46+(DW46*DX46))*DU46 -> 0 | EC46: 1 | ED46: UNIDAD | EG46: $ - | EK46: 1 | EL46: UNIDAD | EO46: =+(EM46+(EM46*EN46))*EK46 -> 0
B47: 6 | C47: Barras de Alargamiento con Conectores Tipo Domino y Longitudinales | E47: 1 | F47: UNIDAD | I47: =+(G47+(G47*H47))*E47 -> 0 | M47: 1 | N47: UNIDAD | Q47: =+(O47+(O47*P47))*M47 -> 0 | U47: 1 | V47: UNIDAD | Y47: =+(W47+(W47*X47))*U47 -> 0 | AC47: 1 | AD47: UNIDAD | AG47: =+(AE47+(AE47*AF47))*AC47 -> 0 | AK47: 1 | AL47: UNIDAD | AO47: =+(AM47+(AM47*AN47))*AK47 -> 0 | AS47: 1 | AT47: UNIDAD | AW47: =+(AU47+(AU47*AV47))*AS47 -> 0 | BA47: 1 | BB47: UNIDAD | BE47: =+(BC47+(BC47*BD47))*BA47 -> 0 | BI47: 1 | BJ47: UNIDAD | BM47: =+(BK47+(BK47*BL47))*BI47 -> 0 | BQ47: 1 | BR47: UNIDAD | BU47: =+(BS47+(BS47*BT47))*BQ47 -> 0 | BY47: 1 | BZ47: UNIDAD | CC47: =+(CA47+(CA47*CB47))*BY47 -> 0 | CG47: 1 | CH47: UNIDAD | CK47: =+(CI47+(CI47*CJ47))*CG47 -> 0 | CN47: 2022DM-0025052 | CO47: 1 | CP47: UNIDAD | CQ47: 3450000 | CS47: =+(CQ47+(CQ47*CR47))*CO47 -> 3450000 | CV47: 2023DM-0008815-R1 | CW47: 1 | CX47: UNIDAD | CY47: 1020000 | CZ47: 0 | DA47: =+(CY47+(CY47*CZ47))*CW47 -> 1020000 | DE47: 1 | DF47: UNIDAD | DI47: =+(DG47+(DG47*DH47))*DE47 -> 0 | DL47: 2015DM-0013964 | DM47: 1 | DN47: UNIDAD | DO47: 2832892 | DP47: 0 | DQ47: =+(DO47+(DO47*DP47))*DM47 -> 2832892 | DU47: 1 | DV47: UNIDAD | DY47: =+(DW47+(DW47*DX47))*DU47 -> 0 | EC47: 1 | ED47: UNIDAD | EG47: $ - | EK47: 1 | EL47: UNIDAD | EO47: =+(EM47+(EM47*EN47))*EK47 -> 0
C48: TOTAL | I48: =SUM(I42:I47) -> 0 | Q48: =SUM(Q42:Q47) -> 0 | Y48: =SUM(Y42:Y47) -> 0 | AG48: =SUM(AG42:AG47) -> 0 | AO48: =SUM(AO42:AO47) -> 0 | AW48: =SUM(AW42:AW47) -> 0 | BE48: =SUM(BE42:BE47) -> 0 | BM48: =SUM(BM42:BM47) -> 0 | BU48: =SUM(BU42:BU47) -> 0 | CC48: =SUM(CC42:CC47) -> 0 | CK48: =SUM(CK42:CK47) -> 0 | CS48: =SUM(CS42:CS47) -> 12304500 | DA48: =SUM(DA42:DA47) -> 3939200 | DI48: =SUM(DI42:DI47) -> 0 | DQ48: =SUM(DQ42:DQ47) -> 7876821 | DY48: =SUM(DY42:DY47) -> 0 | EG48: $ - | EO48: =SUM(EO42:EO47) -> 0
B49: 3.3. Kit para Correción de Deformidades de Columna Toraco- Lumbar con Desrotadores y Bajo Perfil con Barras en Titanio y Cromocobalto para Niños y Adultos
B50: Item | C50: Descripcion | D50: REGISTRO INVIMA | E50: Cant. | F50: UNIDAD DE MEDIDA | G50: V/r Unit | H50: IVA | I50: V/r Total | J50: CUMPLE/ NO CUMPLE/ NO OFERTA | K50: OBSERVACIONES | L50: REGISTRO INVIMA | M50: Cant. | N50: UNIDAD DE MEDIDA | O50: V/r Unit | P50: IVA | Q50: V/r Total | R50: CUMPLE/ NO CUMPLE/ NO OFERTA | S50: OBSERVACIONES | T50: REGISTRO INVIMA | U50: Cant. | V50: UNIDAD DE MEDIDA | W50: V/r Unit | X50: IVA | Y50: V/r Total | Z50: CUMPLE/ NO CUMPLE/ NO OFERTA | AA50: OBSERVACIONES | AB50: REGISTRO INVIMA | AC50: Cant. | AD50: UNIDAD DE MEDIDA | AE50: V/r Unit | AF50: IVA | AG50: V/r Total | AH50: CUMPLE/ NO CUMPLE/ NO OFERTA | AI50: OBSERVACIONES | AJ50: REGISTRO INVIMA | AK50: Cant. | AL50: UNIDAD DE MEDIDA | AM50: V/r Unit | AN50: IVA | AO50: V/r Total | AP50: CUMPLE/ NO CUMPLE/ NO OFERTA | AQ50: OBSERVACIONES | AR50: REGISTRO INVIMA | AS50: Cant. | AT50: UNIDAD DE MEDIDA | AU50: V/r Unit | AV50: IVA | AW50: V/r Total | AX50: CUMPLE/ NO CUMPLE/ NO OFERTA | AY50: OBSERVACIONES | AZ50: REGISTRO INVIMA | BA50: Cant. | BB50: UNIDAD DE MEDIDA | BC50: V/r Unit | BD50: IVA | BE50: V/r Total | BF50: CUMPLE/ NO CUMPLE/ NO OFERTA | BG50: OBSERVACIONES | BH50: REGISTRO INVIMA | BI50: Cant. | BJ50: UNIDAD DE MEDIDA | BK50: V/r Unit | BL50: IVA | BM50: V/r Total | BN50: CUMPLE/ NO CUMPLE/ NO OFERTA | BO50: OBSERVACIONES | BP50: REGISTRO INVIMA | BQ50: Cant. | BR50: UNIDAD DE MEDIDA | BS50: V/r Unit | BT50: IVA | BU50: V/r Total | BV50: CUMPLE/ NO CUMPLE/ NO OFERTA | BW50: OBSERVACIONES | BX50: REGISTRO INVIMA | BY50: Cant. | BZ50: UNIDAD DE MEDIDA | CA50: V/r Unit | CB50: IVA | CC50: V/r Total | CD50: CUMPLE/ NO CUMPLE/ NO OFERTA | CE50: OBSERVACIONES | CF50: REGISTRO INVIMA | CG50: Cant. | CH50: UNIDAD DE MEDIDA | CI50: V/r Unit | CJ50: IVA | CK50: V/r Total | CL50: CUMPLE/ NO CUMPLE/ NO OFERTA | CM50: OBSERVACIONES | CN50: REGISTRO INVIMA | CO50: Cant. | CP50: UNIDAD DE MEDIDA | CQ50: V/r Unit | CR50: IVA | CS50: V/r Total | CT50: CUMPLE/ NO CUMPLE/ NO OFERTA | CU50: OBSERVACIONES | CV50: REGISTRO INVIMA | CW50: Cant. | CX50: UNIDAD DE MEDIDA | CY50: V/r Unit | CZ50: IVA | DA50: V/r Total | DB50: CUMPLE/ NO CUMPLE/ NO OFERTA | DC50: OBSERVACIONES | DD50: REGISTRO INVIMA | DE50: Cant. | DF50: UNIDAD DE MEDIDA | DG50: V/r Unit | DH50: IVA | DI50: V/r Total | DJ50: CUMPLE/ NO CUMPLE/ NO OFERTA | DK50: OBSERVACIONES | DL50: REGISTRO INVIMA | DM50: Cant. | DN50: UNIDAD DE MEDIDA | DO50: V/r Unit | DP50: IVA | DQ50: V/r Total | DR50: CUMPLE/ NO CUMPLE/ NO OFERTA | DS50: OBSERVACIONES | DT50: REGISTRO INVIMA | DU50: Cant. | DV50: UNIDAD DE MEDIDA | DW50: V/r Unit | DX50: IVA | DY50: V/r Total | DZ50: CUMPLE/ NO CUMPLE/ NO OFERTA | EA50: OBSERVACIONES | EB50: REGISTRO INVIMA | EC50: Cant. | ED50: UNIDAD DE MEDIDA | EE50: V/r Unit | EF50: IVA | EG50: V/r Total | EH50: CUMPLE/ NO CUMPLE/ NO OFERTA | EI50: OBSERVACIONES | EJ50: REGISTRO INVIMA | EK50: Cant. | EL50: UNIDAD DE MEDIDA | EM50: V/r Unit | EN50: IVA | EO50: V/r Total | EP50: CUMPLE/ NO CUMPLE/ NO OFERTA | EQ50: OBSERVACIONES
B51: 1 | C51: Barra Cromo - Cobalto y Titanio 3.5, 4.5, 5.5 X 300 MM A 600 MM | E51: 1 | F51: UNIDAD | I51: =+(G51+(G51*H51))*E51 -> 0 | J51: NO OFERTADO | M51: 1 | N51: UNIDAD | Q51: =+(O51+(O51*P51))*M51 -> 0 | R51: NO OFERTADO | U51: 1 | V51: UNIDAD | Y51: =+(W51+(W51*X51))*U51 -> 0 | Z51: NO OFERTADO | AC51: 1 | AD51: UNIDAD | AG51: =+(AE51+(AE51*AF51))*AC51 -> 0 | AH51: NO OFERTADO | AK51: 1 | AL51: UNIDAD | AO51: =+(AM51+(AM51*AN51))*AK51 -> 0 | AP51: NO OFERTADO | AS51: 1 | AT51: UNIDAD | AW51: =+(AU51+(AU51*AV51))*AS51 -> 0 | AX51: NO OFERTADO | BA51: 1 | BB51: UNIDAD | BE51: =+(BC51+(BC51*BD51))*BA51 -> 0 | BF51: NO OFERTADO | BI51: 1 | BJ51: UNIDAD | BM51: =+(BK51+(BK51*BL51))*BI51 -> 0 | BN51: NO OFERTADO | BQ51: 1 | BR51: UNIDAD | BU51: =+(BS51+(BS51*BT51))*BQ51 -> 0 | BV51: NO OFERTADO | BY51: 1 | BZ51: UNIDAD | CC51: =+(CA51+(CA51*CB51))*BY51 -> 0 | CD51: NO OFERTADO | CG51: 1 | CH51: UNIDAD | CK51: =+(CI51+(CI51*CJ51))*CG51 -> 0 | CL51: NO OFERTADO | CN51: 2022DM-0025052 | CO51: 1 | CP51: UNIDAD | CQ51: 1495000 | CS51: =+(CQ51+(CQ51*CR51))*CO51 -> 1495000 | CT51: CUMPLE | CW51: 1 | CX51: UNIDAD | DA51: =+(CY51+(CY51*CZ51))*CW51 -> 0 | DB51: NO OFERTADO | DE51: 1 | DF51: UNIDAD | DI51: =+(DG51+(DG51*DH51))*DE51 -> 0 | DJ51: NO OFERTADO | DL51: 2015DM-0013964 | DM51: 1 | DN51: UNIDAD | DO51: 326134 | DP51: 0 | DQ51: =+(DO51+(DO51*DP51))*DM51 -> 326134 | DR51: CUMPLE | DU51: 1 | DV51: UNIDAD | DY51: =+(DW51+(DW51*DX51))*DU51 -> 0 | DZ51: NO OFERTADO | EC51: 1 | ED51: UNIDAD | EG51: $ - | EH51: NO OFERTADO | EK51: 1 | EL51: UNIDAD | EO51: =+(EM51+(EM51*EN51))*EK51 -> 0 | EP51: NO OFERTADO
B52: 2 | C52: Tornillo Uniplanar 4.5*40 | E52: 1 | F52: UNIDAD | I52: =+(G52+(G52*H52))*E52 -> 0 | M52: 1 | N52: UNIDAD | Q52: =+(O52+(O52*P52))*M52 -> 0 | U52: 1 | V52: UNIDAD | Y52: =+(W52+(W52*X52))*U52 -> 0 | AC52: 1 | AD52: UNIDAD | AG52: =+(AE52+(AE52*AF52))*AC52 -> 0 | AK52: 1 | AL52: UNIDAD | AO52: =+(AM52+(AM52*AN52))*AK52 -> 0 | AS52: 1 | AT52: UNIDAD | AW52: =+(AU52+(AU52*AV52))*AS52 -> 0 | BA52: 1 | BB52: UNIDAD | BE52: =+(BC52+(BC52*BD52))*BA52 -> 0 | BI52: 1 | BJ52: UNIDAD | BM52: =+(BK52+(BK52*BL52))*BI52 -> 0 | BQ52: 1 | BR52: UNIDAD | BU52: =+(BS52+(BS52*BT52))*BQ52 -> 0 | BY52: 1 | BZ52: UNIDAD | CC52: =+(CA52+(CA52*CB52))*BY52 -> 0 | CG52: 1 | CH52: UNIDAD | CK52: =+(CI52+(CI52*CJ52))*CG52 -> 0 | CN52: 2022DM-0025052 | CO52: 1 | CP52: UNIDAD | CQ52: 1725000 | CS52: =+(CQ52+(CQ52*CR52))*CO52 -> 1725000 | CW52: 1 | CX52: UNIDAD | DA52: =+(CY52+(CY52*CZ52))*CW52 -> 0 | DE52: 1 | DF52: UNIDAD | DI52: =+(DG52+(DG52*DH52))*DE52 -> 0 | DL52: 2015DM-0013964 | DM52: 1 | DN52: UNIDAD | DO52: 711905 | DP52: 0 | DQ52: =+(DO52+(DO52*DP52))*DM52 -> 711905 | DU52: 1 | DV52: UNIDAD | DY52: =+(DW52+(DW52*DX52))*DU52 -> 0 | EC52: 1 | ED52: UNIDAD | EG52: $ - | EK52: 1 | EL52: UNIDAD | EO52: =+(EM52+(EM52*EN52))*EK52 -> 0
B53: 3 | C53: Tornillo Poliaxial 5.5*40 | E53: 1 | F53: UNIDAD | I53: =+(G53+(G53*H53))*E53 -> 0 | M53: 1 | N53: UNIDAD | Q53: =+(O53+(O53*P53))*M53 -> 0 | U53: 1 | V53: UNIDAD | Y53: =+(W53+(W53*X53))*U53 -> 0 | AC53: 1 | AD53: UNIDAD | AG53: =+(AE53+(AE53*AF53))*AC53 -> 0 | AK53: 1 | AL53: UNIDAD | AO53: =+(AM53+(AM53*AN53))*AK53 -> 0 | AS53: 1 | AT53: UNIDAD | AW53: =+(AU53+(AU53*AV53))*AS53 -> 0 | BA53: 1 | BB53: UNIDAD | BE53: =+(BC53+(BC53*BD53))*BA53 -> 0 | BI53: 1 | BJ53: UNIDAD | BM53: =+(BK53+(BK53*BL53))*BI53 -> 0 | BQ53: 1 | BR53: UNIDAD | BU53: =+(BS53+(BS53*BT53))*BQ53 -> 0 | BY53: 1 | BZ53: UNIDAD | CC53: =+(CA53+(CA53*CB53))*BY53 -> 0 | CG53: 1 | CH53: UNIDAD | CK53: =+(CI53+(CI53*CJ53))*CG53 -> 0 | CN53: 2022DM-0025052 | CO53: 1 | CP53: UNIDAD | CQ53: 1113000 | CS53: =+(CQ53+(CQ53*CR53))*CO53 -> 1113000 | CW53: 1 | CX53: UNIDAD | DA53: =+(CY53+(CY53*CZ53))*CW53 -> 0 | DE53: 1 | DF53: UNIDAD | DI53: =+(DG53+(DG53*DH53))*DE53 -> 0 | DL53: 2015DM-0013964 | DM53: 1 | DN53: UNIDAD | DO53: 760795 | DP53: 0 | DQ53: =+(DO53+(DO53*DP53))*DM53 -> 760795 | DU53: 1 | DV53: UNIDAD | DY53: =+(DW53+(DW53*DX53))*DU53 -> 0 | EC53: 1 | ED53: UNIDAD | EG53: $ - | EK53: 1 | EL53: UNIDAD | EO53: =+(EM53+(EM53*EN53))*EK53 -> 0
B54: 4 | C54: Ganchos Laminares y Pediculares | E54: 1 | F54: UNIDAD | I54: =+(G54+(G54*H54))*E54 -> 0 | M54: 1 | N54: UNIDAD | Q54: =+(O54+(O54*P54))*M54 -> 0 | U54: 1 | V54: UNIDAD | Y54: =+(W54+(W54*X54))*U54 -> 0 | AC54: 1 | AD54: UNIDAD | AG54: =+(AE54+(AE54*AF54))*AC54 -> 0 | AK54: 1 | AL54: UNIDAD | AO54: =+(AM54+(AM54*AN54))*AK54 -> 0 | AS54: 1 | AT54: UNIDAD | AW54: =+(AU54+(AU54*AV54))*AS54 -> 0 | BA54: 1 | BB54: UNIDAD | BE54: =+(BC54+(BC54*BD54))*BA54 -> 0 | BI54: 1 | BJ54: UNIDAD | BM54: =+(BK54+(BK54*BL54))*BI54 -> 0 | BQ54: 1 | BR54: UNIDAD | BU54: =+(BS54+(BS54*BT54))*BQ54 -> 0 | BY54: 1 | BZ54: UNIDAD | CC54: =+(CA54+(CA54*CB54))*BY54 -> 0 | CG54: 1 | CH54: UNIDAD | CK54: =+(CI54+(CI54*CJ54))*CG54 -> 0 | CN54: 2022DM-0025052 | CO54: 1 | CP54: UNIDAD | CQ54: 2119100 | CS54: =+(CQ54+(CQ54*CR54))*CO54 -> 2119100 | CW54: 1 | CX54: UNIDAD | DA54: =+(CY54+(CY54*CZ54))*CW54 -> 0 | DE54: 1 | DF54: UNIDAD | DI54: =+(DG54+(DG54*DH54))*DE54 -> 0 | DL54: 2015DM-0013964 | DM54: 1 | DN54: UNIDAD | DO54: 896392 | DP54: 0 | DQ54: =+(DO54+(DO54*DP54))*DM54 -> 896392 | DU54: 1 | DV54: UNIDAD | DY54: =+(DW54+(DW54*DX54))*DU54 -> 0 | EC54: 1 | ED54: UNIDAD | EG54: $ - | EK54: 1 | EL54: UNIDAD | EO54: =+(EM54+(EM54*EN54))*EK54 -> 0
B55: 5 | C55: Tornillos para Fijación a Iliaco y Sacro | E55: 1 | F55: UNIDAD | I55: =+(G55+(G55*H55))*E55 -> 0 | M55: 1 | N55: UNIDAD | Q55: =+(O55+(O55*P55))*M55 -> 0 | U55: 1 | V55: UNIDAD | Y55: =+(W55+(W55*X55))*U55 -> 0 | AC55: 1 | AD55: UNIDAD | AG55: =+(AE55+(AE55*AF55))*AC55 -> 0 | AK55: 1 | AL55: UNIDAD | AO55: =+(AM55+(AM55*AN55))*AK55 -> 0 | AS55: 1 | AT55: UNIDAD | AW55: =+(AU55+(AU55*AV55))*AS55 -> 0 | BA55: 1 | BB55: UNIDAD | BE55: =+(BC55+(BC55*BD55))*BA55 -> 0 | BI55: 1 | BJ55: UNIDAD | BM55: =+(BK55+(BK55*BL55))*BI55 -> 0 | BQ55: 1 | BR55: UNIDAD | BU55: =+(BS55+(BS55*BT55))*BQ55 -> 0 | BY55: 1 | BZ55: UNIDAD | CC55: =+(CA55+(CA55*CB55))*BY55 -> 0 | CG55: 1 | CH55: UNIDAD | CK55: =+(CI55+(CI55*CJ55))*CG55 -> 0 | CN55: 2022DM-0025052 | CO55: 1 | CP55: UNIDAD | CQ55: 1725000 | CS55: =+(CQ55+(CQ55*CR55))*CO55 -> 1725000 | CW55: 1 | CX55: UNIDAD | DA55: =+(CY55+(CY55*CZ55))*CW55 -> 0 | DE55: 1 | DF55: UNIDAD | DI55: =+(DG55+(DG55*DH55))*DE55 -> 0 | DL55: 2015DM-0013964 | DM55: 1 | DN55: UNIDAD | DO55: 1550000 | DP55: 0 | DQ55: =+(DO55+(DO55*DP55))*DM55 -> 1550000 | DU55: 1 | DV55: UNIDAD | DY55: =+(DW55+(DW55*DX55))*DU55 -> 0 | EC55: 1 | ED55: UNIDAD | EG55: $ - | EK55: 1 | EL55: UNIDAD | EO55: =+(EM55+(EM55*EN55))*EK55 -> 0
C56: TOTAL | I56: =SUM(I51:I55) -> 0 | Q56: =SUM(Q51:Q55) -> 0 | Y56: =SUM(Y51:Y55) -> 0 | AG56: =SUM(AG51:AG55) -> 0 | AO56: =SUM(AO51:AO55) -> 0 | AW56: =SUM(AW51:AW55) -> 0 | BE56: =SUM(BE51:BE55) -> 0 | BM56: =SUM(BM51:BM55) -> 0 | BU56: =SUM(BU51:BU55) -> 0 | CC56: =SUM(CC51:CC55) -> 0 | CK56: =SUM(CK51:CK55) -> 0 | CS56: =SUM(CS51:CS55) -> 8177100 | DA56: =SUM(DA51:DA55) -> 0 | DI56: =SUM(DI51:DI55) -> 0 | DQ56: =SUM(DQ51:DQ55) -> 4245226 | DY56: =SUM(DY51:DY55) -> 0 | EG56: $ - | EO56: =SUM(EO51:EO55) -> 0
B57: 3.4. Monitoreo Intraoperatorio Electromiografia y Potenciales Evocados Motores y Sensitivos con Fisiatra en Salas
B58: Item | C58: Descripcion | D58: REGISTRO INVIMA | E58: Cant. | F58: UNIDAD DE MEDIDA | G58: V/r Unit | H58: IVA | I58: V/r Total | J58: CUMPLE/ NO CUMPLE/ NO OFERTA | K58: OBSERVACIONES | L58: REGISTRO INVIMA | M58: Cant. | N58: UNIDAD DE MEDIDA | O58: V/r Unit | P58: IVA | Q58: V/r Total | R58: CUMPLE/ NO CUMPLE/ NO OFERTA | S58: OBSERVACIONES | T58: REGISTRO INVIMA | U58: Cant. | V58: UNIDAD DE MEDIDA | W58: V/r Unit | X58: IVA | Y58: V/r Total | Z58: CUMPLE/ NO CUMPLE/ NO OFERTA | AA58: OBSERVACIONES | AB58: REGISTRO INVIMA | AC58: Cant. | AD58: UNIDAD DE MEDIDA | AE58: V/r Unit | AF58: IVA | AG58: V/r Total | AH58: CUMPLE/ NO CUMPLE/ NO OFERTA | AI58: OBSERVACIONES | AJ58: REGISTRO INVIMA | AK58: Cant. | AL58: UNIDAD DE MEDIDA | AM58: V/r Unit | AN58: IVA | AO58: V/r Total | AP58: CUMPLE/ NO CUMPLE/ NO OFERTA | AQ58: OBSERVACIONES | AR58: REGISTRO INVIMA | AS58: Cant. | AT58: UNIDAD DE MEDIDA | AU58: V/r Unit | AV58: IVA | AW58: V/r Total | AX58: CUMPLE/ NO CUMPLE/ NO OFERTA | AY58: OBSERVACIONES | AZ58: REGISTRO INVIMA | BA58: Cant. | BB58: UNIDAD DE MEDIDA | BC58: V/r Unit | BD58: IVA | BE58: V/r Total | BF58: CUMPLE/ NO CUMPLE/ NO OFERTA | BG58: OBSERVACIONES | BH58: REGISTRO INVIMA | BI58: Cant. | BJ58: UNIDAD DE MEDIDA | BK58: V/r Unit | BL58: IVA | BM58: V/r Total | BN58: CUMPLE/ NO CUMPLE/ NO OFERTA | BO58: OBSERVACIONES | BP58: REGISTRO INVIMA | BQ58: Cant. | BR58: UNIDAD DE MEDIDA | BS58: V/r Unit | BT58: IVA | BU58: V/r Total | BV58: CUMPLE/ NO CUMPLE/ NO OFERTA | BW58: OBSERVACIONES | BX58: REGISTRO INVIMA | BY58: Cant. | BZ58: UNIDAD DE MEDIDA | CA58: V/r Unit | CB58: IVA | CC58: V/r Total | CD58: CUMPLE/ NO CUMPLE/ NO OFERTA | CE58: OBSERVACIONES | CF58: REGISTRO INVIMA | CG58: Cant. | CH58: UNIDAD DE MEDIDA | CI58: V/r Unit | CJ58: IVA | CK58: V/r Total | CL58: CUMPLE/ NO CUMPLE/ NO OFERTA | CM58: OBSERVACIONES | CN58: REGISTRO INVIMA | CO58: Cant. | CP58: UNIDAD DE MEDIDA | CQ58: V/r Unit | CR58: IVA | CS58: V/r Total | CT58: CUMPLE/ NO CUMPLE/ NO OFERTA | CU58: OBSERVACIONES | CV58: REGISTRO INVIMA | CW58: Cant. | CX58: UNIDAD DE MEDIDA | CY58: V/r Unit | CZ58: IVA | DA58: V/r Total | DB58: CUMPLE/ NO CUMPLE/ NO OFERTA | DC58: OBSERVACIONES | DD58: REGISTRO INVIMA | DE58: Cant. | DF58: UNIDAD DE MEDIDA | DG58: V/r Unit | DH58: IVA | DI58: V/r Total | DJ58: CUMPLE/ NO CUMPLE/ NO OFERTA | DK58: OBSERVACIONES | DL58: REGISTRO INVIMA | DM58: Cant. | DN58: UNIDAD DE MEDIDA | DO58: V/r Unit | DP58: IVA | DQ58: V/r Total | DR58: CUMPLE/ NO CUMPLE/ NO OFERTA | DS58: OBSERVACIONES | DT58: REGISTRO INVIMA | DU58: Cant. | DV58: UNIDAD DE MEDIDA | DW58: V/r Unit | DX58: IVA | DY58: V/r Total | DZ58: CUMPLE/ NO CUMPLE/ NO OFERTA | EA58: OBSERVACIONES | EB58: REGISTRO INVIMA | EC58: Cant. | ED58: UNIDAD DE MEDIDA | EE58: V/r Unit | EF58: IVA | EG58: V/r Total | EH58: CUMPLE/ NO CUMPLE/ NO OFERTA | EI58: OBSERVACIONES | EJ58: REGISTRO INVIMA | EK58: Cant. | EL58: UNIDAD DE MEDIDA | EM58: V/r Unit | EN58: IVA | EO58: V/r Total | EP58: CUMPLE/ NO CUMPLE/ NO OFERTA | EQ58: OBSERVACIONES
B59: 1 | C59: Kit de Electrodos Para Monitoreo Sensitivo Motor | E59: 1 | F59: UNIDAD | I59: =+(G59+(G59*H59))*E59 -> 0 | J59: NO OFERTADO | M59: 1 | N59: UNIDAD | Q59: =+(O59+(O59*P59))*M59 -> 0 | R59: NO OFERTADO | U59: 1 | V59: UNIDAD | Y59: =+(W59+(W59*X59))*U59 -> 0 | Z59: NO OFERTADO | AB59: INVIMA 2017DM-0017042 | AC59: 1 | AD59: UNIDAD | AE59: 27200 | AF59: 0.19 | AG59: =+(AE59+(AE59*AF59))*AC59 -> 32368 | AH59: CUMPLE | AK59: 1 | AL59: UNIDAD | AO59: =+(AM59+(AM59*AN59))*AK59 -> 0 | AP59: NO OFERTADO | AS59: 1 | AT59: UNIDAD | AW59: =+(AU59+(AU59*AV59))*AS59 -> 0 | AX59: NO OFERTADO | BA59: 1 | BB59: UNIDAD | BE59: =+(BC59+(BC59*BD59))*BA59 -> 0 | BF59: NO OFERTADO | BI59: 1 | BJ59: UNIDAD | BM59: =+(BK59+(BK59*BL59))*BI59 -> 0 | BN59: NO OFERTADO | BQ59: 1 | BR59: UNIDAD | BU59: =+(BS59+(BS59*BT59))*BQ59 -> 0 | BV59: NO OFERTADO | BY59: 1 | BZ59: UNIDAD | CC59: =+(CA59+(CA59*CB59))*BY59 -> 0 | CD59: NO OFERTADO | CG59: 1 | CH59: UNIDAD | CK59: =+(CI59+(CI59*CJ59))*CG59 -> 0 | CL59: NO OFERTADO | CN59: 2011EBC-0008118-R1 | CO59: 1 | CP59: UNIDAD | CQ59: 1200000 | CS59: =+(CQ59+(CQ59*CR59))*CO59 -> 1200000 | CT59: CUMPLE | CW59: 1 | CX59: UNIDAD | DA59: =+(CY59+(CY59*CZ59))*CW59 -> 0 | DB59: NO OFERTADO | DE59: 1 | DF59: UNIDAD | DI59: =+(DG59+(DG59*DH59))*DE59 -> 0 | DJ59: NO OFERTADO | DL59: 2018DM-0002923-R 1 | DM59: 1 | DN59: UNIDAD | DO59: 1 | DP59: 0 | DQ59: =+(DO59+(DO59*DP59))*DM59 -> 1 | DR59: CUMPLE | DU59: 1 | DV59: UNIDAD | DY59: =+(DW59+(DW59*DX59))*DU59 -> 0 | DZ59: NO OFERTADO | EC59: 1 | ED59: UNIDAD | EG59: $ - | EH59: NO OFERTADO | EK59: 1 | EL59: UNIDAD | EO59: =+(EM59+(EM59*EN59))*EK59 -> 0 | EP59: NO OFERTADO
B60: 2 | C60: Equipo Multimodal Alquiler | E60: 1 | F60: UNIDAD | I60: =+(G60+(G60*H60))*E60 -> 0 | M60: 1 | N60: UNIDAD | Q60: =+(O60+(O60*P60))*M60 -> 0 | U60: 1 | V60: UNIDAD | Y60: =+(W60+(W60*X60))*U60 -> 0 | AB60: SERVICIO | AC60: 1 | AD60: UNIDAD | AE60: 6000000 | AF60: 0 | AG60: =+(AE60+(AE60*AF60))*AC60 -> 6000000 | AK60: 1 | AL60: UNIDAD | AO60: =+(AM60+(AM60*AN60))*AK60 -> 0 | AS60: 1 | AT60: UNIDAD | AW60: =+(AU60+(AU60*AV60))*AS60 -> 0 | BA60: 1 | BB60: UNIDAD | BE60: =+(BC60+(BC60*BD60))*BA60 -> 0 | BI60: 1 | BJ60: UNIDAD | BM60: =+(BK60+(BK60*BL60))*BI60 -> 0 | BQ60: 1 | BR60: UNIDAD | BU60: =+(BS60+(BS60*BT60))*BQ60 -> 0 | BY60: 1 | BZ60: UNIDAD | CC60: =+(CA60+(CA60*CB60))*BY60 -> 0 | CG60: 1 | CH60: UNIDAD | CK60: =+(CI60+(CI60*CJ60))*CG60 -> 0 | CN60: 2018DM-0002923-R1 | CO60: 1 | CP60: UNIDAD | CQ60: 6300000 | CS60: =+(CQ60+(CQ60*CR60))*CO60 -> 6300000 | CW60: 1 | CX60: UNIDAD | DA60: =+(CY60+(CY60*CZ60))*CW60 -> 0 | DE60: 1 | DF60: UNIDAD | DI60: =+(DG60+(DG60*DH60))*DE60 -> 0 | DL60: 2018DM-0002923-R 1 | DM60: 1 | DN60: UNIDAD | DO60: 6199000 | DP60: 0 | DQ60: =+(DO60+(DO60*DP60))*DM60 -> 6199000 | DU60: 1 | DV60: UNIDAD | DY60: =+(DW60+(DW60*DX60))*DU60 -> 0 | EC60: 1 | ED60: UNIDAD | EG60: $ - | EK60: 1 | EL60: UNIDAD | EO60: =+(EM60+(EM60*EN60))*EK60 -> 0
C61: TOTAL | I61: =SUM(I59:I60) -> 0 | Q61: =SUM(Q59:Q60) -> 0 | Y61: =SUM(Y59:Y60) -> 0 | AG61: =SUM(AG59:AG60) -> 6032368 | AO61: =SUM(AO59:AO60) -> 0 | AW61: =SUM(AW59:AW60) -> 0 | BE61: =SUM(BE59:BE60) -> 0 | BM61: =SUM(BM59:BM60) -> 0 | BU61: =SUM(BU59:BU60) -> 0 | CC61: =SUM(CC59:CC60) -> 0 | CK61: =SUM(CK59:CK60) -> 0 | CS61: =SUM(CS59:CS60) -> 7500000 | DA61: =SUM(DA59:DA60) -> 0 | DI61: =SUM(DI59:DI60) -> 0 | DQ61: =SUM(DQ59:DQ60) -> 6199001 | DY61: =SUM(DY59:DY60) -> 0 | EG61: $ - | EO61: =SUM(EO59:EO60) -> 0
B62: 4. SISTEMA TRANSPEDICULAR PARA FIJACION TORACO-LUMBO-SACRA
B63: 4.1. Kit 1 Nivel Transpediculares Sacroiliaco
B64: Item | C64: Descripcion | D64: REGISTRO INVIMA | E64: Cant. | F64: UNIDAD DE MEDIDA | G64: V/r Unit | H64: IVA | I64: V/r Total | J64: CUMPLE/ NO CUMPLE/ NO OFERTA | K64: OBSERVACIONES | L64: REGISTRO INVIMA | M64: Cant. | N64: UNIDAD DE MEDIDA | O64: V/r Unit | P64: IVA | Q64: V/r Total | R64: CUMPLE/ NO CUMPLE/ NO OFERTA | S64: OBSERVACIONES | T64: REGISTRO INVIMA | U64: Cant. | V64: UNIDAD DE MEDIDA | W64: V/r Unit | X64: IVA | Y64: V/r Total | Z64: CUMPLE/ NO CUMPLE/ NO OFERTA | AA64: OBSERVACIONES | AB64: REGISTRO INVIMA | AC64: Cant. | AD64: UNIDAD DE MEDIDA | AE64: V/r Unit | AF64: IVA | AG64: V/r Total | AH64: CUMPLE/ NO CUMPLE/ NO OFERTA | AI64: OBSERVACIONES | AJ64: REGISTRO INVIMA | AK64: Cant. | AL64: UNIDAD DE MEDIDA | AM64: V/r Unit | AN64: IVA | AO64: V/r Total | AP64: CUMPLE/ NO CUMPLE/ NO OFERTA | AQ64: OBSERVACIONES | AR64: REGISTRO INVIMA | AS64: Cant. | AT64: UNIDAD DE MEDIDA | AU64: V/r Unit | AV64: IVA | AW64: V/r Total | AX64: CUMPLE/ NO CUMPLE/ NO OFERTA | AY64: OBSERVACIONES | AZ64: REGISTRO INVIMA | BA64: Cant. | BB64: UNIDAD DE MEDIDA | BC64: V/r Unit | BD64: IVA | BE64: V/r Total | BF64: CUMPLE/ NO CUMPLE/ NO OFERTA | BG64: OBSERVACIONES | BH64: REGISTRO INVIMA | BI64: Cant. | BJ64: UNIDAD DE MEDIDA | BK64: V/r Unit | BL64: IVA | BM64: V/r Total | BN64: CUMPLE/ NO CUMPLE/ NO OFERTA | BO64: OBSERVACIONES | BP64: REGISTRO INVIMA | BQ64: Cant. | BR64: UNIDAD DE MEDIDA | BS64: V/r Unit | BT64: IVA | BU64: V/r Total | BV64: CUMPLE/ NO CUMPLE/ NO OFERTA | BW64: OBSERVACIONES | BX64: REGISTRO INVIMA | BY64: Cant. | BZ64: UNIDAD DE MEDIDA | CA64: V/r Unit | CB64: IVA | CC64: V/r Total | CD64: CUMPLE/ NO CUMPLE/ NO OFERTA | CE64: OBSERVACIONES | CF64: REGISTRO INVIMA | CG64: Cant. | CH64: UNIDAD DE MEDIDA | CI64: V/r Unit | CJ64: IVA | CK64: V/r Total | CL64: CUMPLE/ NO CUMPLE/ NO OFERTA | CM64: OBSERVACIONES | CN64: REGISTRO INVIMA | CO64: Cant. | CP64: UNIDAD DE MEDIDA | CQ64: V/r Unit | CR64: IVA | CS64: V/r Total | CT64: CUMPLE/ NO CUMPLE/ NO OFERTA | CU64: OBSERVACIONES | CV64: REGISTRO INVIMA | CW64: Cant. | CX64: UNIDAD DE MEDIDA | CY64: V/r Unit | CZ64: IVA | DA64: V/r Total | DB64: CUMPLE/ NO CUMPLE/ NO OFERTA | DC64: OBSERVACIONES | DD64: REGISTRO INVIMA | DE64: Cant. | DF64: UNIDAD DE MEDIDA | DG64: V/r Unit | DH64: IVA | DI64: V/r Total | DJ64: CUMPLE/ NO CUMPLE/ NO OFERTA | DK64: OBSERVACIONES | DL64: REGISTRO INVIMA | DM64: Cant. | DN64: UNIDAD DE MEDIDA | DO64: V/r Unit | DP64: IVA | DQ64: V/r Total | DR64: CUMPLE/ NO CUMPLE/ NO OFERTA | DS64: OBSERVACIONES | DT64: REGISTRO INVIMA | DU64: Cant. | DV64: UNIDAD DE MEDIDA | DW64: V/r Unit | DX64: IVA | DY64: V/r Total | DZ64: CUMPLE/ NO CUMPLE/ NO OFERTA | EA64: OBSERVACIONES | EB64: REGISTRO INVIMA | EC64: Cant. | ED64: UNIDAD DE MEDIDA | EE64: V/r Unit | EF64: IVA | EG64: V/r Total | EH64: CUMPLE/ NO CUMPLE/ NO OFERTA | EI64: OBSERVACIONES | EJ64: REGISTRO INVIMA | EK64: Cant. | EL64: UNIDAD DE MEDIDA | EM64: V/r Unit | EN64: IVA | EO64: V/r Total | EP64: CUMPLE/ NO CUMPLE/ NO OFERTA | EQ64: OBSERVACIONES
B65: 1 | C65: Tornillo Poli Esponjoso Dual Core, ø 7.0 mm, long. 90 mm, Aleación Titanio, Turquesa | E65: 1 | F65: UNIDAD | I65: =+(G65+(G65*H65))*E65 -> 0 | J65: NO OFERTADO | M65: 1 | N65: UNIDAD | Q65: =+(O65+(O65*P65))*M65 -> 0 | R65: NO OFERTADO | U65: 1 | V65: UNIDAD | Y65: =+(W65+(W65*X65))*U65 -> 0 | Z65: NO OFERTADO | AB65: 2021DM-0024569 | AC65: 1 | AD65: UNIDAD | AE65: 800000 | AF65: 0 | AG65: =+(AE65+(AE65*AF65))*AC65 -> 800000 | AH65: CUMPLE | AK65: 1 | AL65: UNIDAD | AO65: =+(AM65+(AM65*AN65))*AK65 -> 0 | AP65: NO OFERTADO | AS65: 1 | AT65: UNIDAD | AW65: =+(AU65+(AU65*AV65))*AS65 -> 0 | AX65: NO OFERTADO | BA65: 1 | BB65: UNIDAD | BE65: =+(BC65+(BC65*BD65))*BA65 -> 0 | BF65: NO OFERTADO | BI65: 1 | BJ65: UNIDAD | BM65: =+(BK65+(BK65*BL65))*BI65 -> 0 | BN65: NO OFERTADO | BQ65: 1 | BR65: UNIDAD | BU65: =+(BS65+(BS65*BT65))*BQ65 -> 0 | BV65: NO OFERTADO | BY65: 1 | BZ65: UNIDAD | CC65: =+(CA65+(CA65*CB65))*BY65 -> 0 | CD65: NO OFERTADO | CG65: 1 | CH65: UNIDAD | CK65: =+(CI65+(CI65*CJ65))*CG65 -> 0 | CL65: NO OFERTADO | CN65: 2022DM-0025052 | CO65: 1 | CP65: UNIDAD | CQ65: 1107300 | CS65: =+(CQ65+(CQ65*CR65))*CO65 -> 1107300 | CT65: CUMPLE | CV65: 2023DM-0008815-R1 | CW65: 1 | CX65: UNIDAD | CY65: 771300 | CZ65: 0 | DA65: =+(CY65+(CY65*CZ65))*CW65 -> 771300 | DB65: NO CUMPLE | DC65: INSTRUMENTAL DIFICIL MANEJO PERFIL ALTO | DE65: 1 | DF65: UNIDAD | DI65: =+(DG65+(DG65*DH65))*DE65 -> 0 | DJ65: NO OFERTADO | DL65: 2015DM-0013964 | DM65: 1 | DN65: UNIDAD | DO65: 908223 | DP65: 0 | DQ65: =+(DO65+(DO65*DP65))*DM65 -> 908223 | DR65: CUMPLE | DU65: 1 | DV65: UNIDAD | DY65: =+(DW65+(DW65*DX65))*DU65 -> 0 | DZ65: NO OFERTADO | EC65: 1 | ED65: UNIDAD | EG65: $ - | EH65: NO OFERTADO | EK65: 1 | EL65: UNIDAD | EO65: =+(EM65+(EM65*EN65))*EK65 -> 0 | EP65: NO OFERTADO
B66: 4 | C66: Conectores Iliacos Longitud Fija, Long. 24 mm | E66: 1 | F66: UNIDAD | I66: =+(G66+(G66*H66))*E66 -> 0 | M66: 1 | N66: UNIDAD | Q66: =+(O66+(O66*P66))*M66 -> 0 | U66: 1 | V66: UNIDAD | Y66: =+(W66+(W66*X66))*U66 -> 0 | AB66: 2021DM-0024569 | AC66: 1 | AD66: UNIDAD | AE66: 1520800 | AF66: 0 | AG66: =+(AE66+(AE66*AF66))*AC66 -> 1520800 | AK66: 1 | AL66: UNIDAD | AO66: =+(AM66+(AM66*AN66))*AK66 -> 0 | AS66: 1 | AT66: UNIDAD | AW66: =+(AU66+(AU66*AV66))*AS66 -> 0 | BA66: 1 | BB66: UNIDAD | BE66: =+(BC66+(BC66*BD66))*BA66 -> 0 | BI66: 1 | BJ66: UNIDAD | BM66: =+(BK66+(BK66*BL66))*BI66 -> 0 | BQ66: 1 | BR66: UNIDAD | BU66: =+(BS66+(BS66*BT66))*BQ66 -> 0 | BY66: 1 | BZ66: UNIDAD | CC66: =+(CA66+(CA66*CB66))*BY66 -> 0 | CG66: 1 | CH66: UNIDAD | CK66: =+(CI66+(CI66*CJ66))*CG66 -> 0 | CN66: 2022DM-0025052 | CO66: 1 | CP66: UNIDAD | CQ66: 1350000 | CS66: =+(CQ66+(CQ66*CR66))*CO66 -> 1350000 | CV66: 2023DM-0008815-R1 | CW66: 1 | CX66: UNIDAD | CY66: 417600 | CZ66: 0 | DA66: =+(CY66+(CY66*CZ66))*CW66 -> 417600 | DE66: 1 | DF66: UNIDAD | DI66: =+(DG66+(DG66*DH66))*DE66 -> 0 | DL66: 2015DM-0013964 | DM66: 1 | DN66: UNIDAD | DO66: 1550000 | DP66: 0 | DQ66: =+(DO66+(DO66*DP66))*DM66 -> 1550000 | DU66: 1 | DV66: UNIDAD | DY66: =+(DW66+(DW66*DX66))*DU66 -> 0 | EC66: 1 | ED66: UNIDAD | EG66: $ - | EK66: 1 | EL66: UNIDAD | EO66: =+(EM66+(EM66*EN66))*EK66 -> 0
C67: TOTAL | I67: =SUM(I65:I66) -> 0 | Q67: =SUM(Q65:Q66) -> 0 | Y67: =SUM(Y65:Y66) -> 0 | AG67: =SUM(AG65:AG66) -> 2320800 | AO67: =SUM(AO65:AO66) -> 0 | AW67: =SUM(AW65:AW66) -> 0 | BE67: =SUM(BE65:BE66) -> 0 | BM67: =SUM(BM65:BM66) -> 0 | BU67: =SUM(BU65:BU66) -> 0 | CC67: =SUM(CC65:CC66) -> 0 | CK67: =SUM(CK65:CK66) -> 0 | CS67: =SUM(CS65:CS66) -> 2457300 | DA67: =SUM(DA65:DA66) -> 1188900 | DI67: =SUM(DI65:DI66) -> 0 | DQ67: =SUM(DQ65:DQ66) -> 2458223 | DY67: =SUM(DY65:DY66) -> 0 | EG67: $ - | EO67: =SUM(EO65:EO66) -> 0
B68: 4.2. Kit 1 a 4 Niveles Transpediculares
B69: Item | C69: Descripcion | D69: REGISTRO INVIMA | E69: Cant. | F69: UNIDAD DE MEDIDA | G69: V/r Unit | H69: IVA | I69: V/r Total | J69: CUMPLE/ NO CUMPLE/ NO OFERTA | K69: OBSERVACIONES | L69: REGISTRO INVIMA | M69: Cant. | N69: UNIDAD DE MEDIDA | O69: V/r Unit | P69: IVA | Q69: V/r Total | R69: CUMPLE/ NO CUMPLE/ NO OFERTA | S69: OBSERVACIONES | T69: REGISTRO INVIMA | U69: Cant. | V69: UNIDAD DE MEDIDA | W69: V/r Unit | X69: IVA | Y69: V/r Total | Z69: CUMPLE/ NO CUMPLE/ NO OFERTA | AA69: OBSERVACIONES | AB69: REGISTRO INVIMA | AC69: Cant. | AD69: UNIDAD DE MEDIDA | AE69: V/r Unit | AF69: IVA | AG69: V/r Total | AH69: CUMPLE/ NO CUMPLE/ NO OFERTA | AI69: OBSERVACIONES | AJ69: REGISTRO INVIMA | AK69: Cant. | AL69: UNIDAD DE MEDIDA | AM69: V/r Unit | AN69: IVA | AO69: V/r Total | AP69: CUMPLE/ NO CUMPLE/ NO OFERTA | AQ69: OBSERVACIONES | AR69: REGISTRO INVIMA | AS69: Cant. | AT69: UNIDAD DE MEDIDA | AU69: V/r Unit | AV69: IVA | AW69: V/r Total | AX69: CUMPLE/ NO CUMPLE/ NO OFERTA | AY69: OBSERVACIONES | AZ69: REGISTRO INVIMA | BA69: Cant. | BB69: UNIDAD DE MEDIDA | BC69: V/r Unit | BD69: IVA | BE69: V/r Total | BF69: CUMPLE/ NO CUMPLE/ NO OFERTA | BG69: OBSERVACIONES | BH69: REGISTRO INVIMA | BI69: Cant. | BJ69: UNIDAD DE MEDIDA | BK69: V/r Unit | BL69: IVA | BM69: V/r Total | BN69: CUMPLE/ NO CUMPLE/ NO OFERTA | BO69: OBSERVACIONES | BP69: REGISTRO INVIMA | BQ69: Cant. | BR69: UNIDAD DE MEDIDA | BS69: V/r Unit | BT69: IVA | BU69: V/r Total | BV69: CUMPLE/ NO CUMPLE/ NO OFERTA | BW69: OBSERVACIONES | BX69: REGISTRO INVIMA | BY69: Cant. | BZ69: UNIDAD DE MEDIDA | CA69: V/r Unit | CB69: IVA | CC69: V/r Total | CD69: CUMPLE/ NO CUMPLE/ NO OFERTA | CE69: OBSERVACIONES | CF69: REGISTRO INVIMA | CG69: Cant. | CH69: UNIDAD DE MEDIDA | CI69: V/r Unit | CJ69: IVA | CK69: V/r Total | CL69: CUMPLE/ NO CUMPLE/ NO OFERTA | CM69: OBSERVACIONES | CN69: REGISTRO INVIMA | CO69: Cant. | CP69: UNIDAD DE MEDIDA | CQ69: V/r Unit | CR69: IVA | CS69: V/r Total | CT69: CUMPLE/ NO CUMPLE/ NO OFERTA | CU69: OBSERVACIONES | CV69: REGISTRO INVIMA | CW69: Cant. | CX69: UNIDAD DE MEDIDA | CY69: V/r Unit | CZ69: IVA | DA69: V/r Total | DB69: CUMPLE/ NO CUMPLE/ NO OFERTA | DC69: OBSERVACIONES | DD69: REGISTRO INVIMA | DE69: Cant. | DF69: UNIDAD DE MEDIDA | DG69: V/r Unit | DH69: IVA | DI69: V/r Total | DJ69: CUMPLE/ NO CUMPLE/ NO OFERTA | DK69: OBSERVACIONES | DL69: REGISTRO INVIMA | DM69: Cant. | DN69: UNIDAD DE MEDIDA | DO69: V/r Unit | DP69: IVA | DQ69: V/r Total | DR69: CUMPLE/ NO CUMPLE/ NO OFERTA | DS69: OBSERVACIONES | DT69: REGISTRO INVIMA | DU69: Cant. | DV69: UNIDAD DE MEDIDA | DW69: V/r Unit | DX69: IVA | DY69: V/r Total | DZ69: CUMPLE/ NO CUMPLE/ NO OFERTA | EA69: OBSERVACIONES | EB69: REGISTRO INVIMA | EC69: Cant. | ED69: UNIDAD DE MEDIDA | EE69: V/r Unit | EF69: IVA | EG69: V/r Total | EH69: CUMPLE/ NO CUMPLE/ NO OFERTA | EI69: OBSERVACIONES | EJ69: REGISTRO INVIMA | EK69: Cant. | EL69: UNIDAD DE MEDIDA | EM69: V/r Unit | EN69: IVA | EO69: V/r Total | EP69: CUMPLE/ NO CUMPLE/ NO OFERTA | EQ69: OBSERVACIONES
B70: 1 | C70: Tornillo Monoaxial | E70: 1 | F70: UNIDAD | I70: =+(G70+(G70*H70))*E70 -> 0 | J70: NO OFERTADO | M70: 1 | N70: UNIDAD | Q70: =+(O70+(O70*P70))*M70 -> 0 | R70: NO OFERTADO | U70: 1 | V70: UNIDAD | Y70: =+(W70+(W70*X70))*U70 -> 0 | Z70: NO OFERTADO | AC70: 1 | AD70: UNIDAD | AG70: =+(AE70+(AE70*AF70))*AC70 -> 0 | AH70: NO OFERTADO | AK70: 1 | AL70: UNIDAD | AO70: =+(AM70+(AM70*AN70))*AK70 -> 0 | AP70: NO OFERTADO | AS70: 1 | AT70: UNIDAD | AW70: =+(AU70+(AU70*AV70))*AS70 -> 0 | AX70: NO OFERTADO | AZ70: 2017DM-0016000 | BA70: 1 | BB70: UNIDAD | BC70: 697920 | BE70: =+(BC70+(BC70*BD70))*BA70 -> 697920 | BF70: CUMPLE | BG70: subsana | BI70: 1 | BJ70: UNIDAD | BM70: =+(BK70+(BK70*BL70))*BI70 -> 0 | BN70: NO OFERTADO | BQ70: 1 | BR70: UNIDAD | BU70: =+(BS70+(BS70*BT70))*BQ70 -> 0 | BV70: NO OFERTADO | BY70: 1 | BZ70: UNIDAD | CC70: =+(CA70+(CA70*CB70))*BY70 -> 0 | CD70: NO OFERTADO | CG70: 1 | CH70: UNIDAD | CK70: =+(CI70+(CI70*CJ70))*CG70 -> 0 | CL70: NO OFERTADO | CN70: 2016DM-0015022 | CO70: 1 | CP70: UNIDAD | CQ70: 955800 | CS70: =+(CQ70+(CQ70*CR70))*CO70 -> 955800 | CT70: CUMPLE | CV70: 2023DM-0008815-R1 | CW70: 1 | CX70: UNIDAD | CY70: 568000 | CZ70: 0 | DA70: =+(CY70+(CY70*CZ70))*CW70 -> 568000 | DB70: NO CUMPLE | DC70: INSTRUMENTAL DIFICIL MANEJO PERFIL ALTO | DE70: 1 | DF70: UNIDAD | DI70: =+(DG70+(DG70*DH70))*DE70 -> 0 | DJ70: NO OFERTADO | DL70: 2015DM-0013964 | DM70: 1 | DN70: UNIDAD | DO70: 687686 | DP70: 0 | DQ70: =+(DO70+(DO70*DP70))*DM70 -> 687686 | DR70: CUMPLE | DU70: 1 | DV70: UNIDAD | DY70: =+(DW70+(DW70*DX70))*DU70 -> 0 | DZ70: NO OFERTADO | EC70: 1 | ED70: UNIDAD | EG70: $ - | EH70: NO OFERTADO | EK70: 1 | EL70: UNIDAD | EO70: =+(EM70+(EM70*EN70))*EK70 -> 0 | EP70: NO OFERTADO
B71: 2 | C71: Tornillo Poliaxial | E71: 1 | F71: UNIDAD | I71: =+(G71+(G71*H71))*E71 -> 0 | M71: 1 | N71: UNIDAD | Q71: =+(O71+(O71*P71))*M71 -> 0 | U71: 1 | V71: UNIDAD | Y71: =+(W71+(W71*X71))*U71 -> 0 | AC71: 1 | AD71: UNIDAD | AG71: =+(AE71+(AE71*AF71))*AC71 -> 0 | AK71: 1 | AL71: UNIDAD | AO71: =+(AM71+(AM71*AN71))*AK71 -> 0 | AS71: 1 | AT71: UNIDAD | AW71: =+(AU71+(AU71*AV71))*AS71 -> 0 | AZ71: 2017DM-0016000 | BA71: 1 | BB71: UNIDAD | BC71: 697920 | BE71: =+(BC71+(BC71*BD71))*BA71 -> 697920 | BI71: 1 | BJ71: UNIDAD | BM71: =+(BK71+(BK71*BL71))*BI71 -> 0 | BQ71: 1 | BR71: UNIDAD | BU71: =+(BS71+(BS71*BT71))*BQ71 -> 0 | BY71: 1 | BZ71: UNIDAD | CC71: =+(CA71+(CA71*CB71))*BY71 -> 0 | CG71: 1 | CH71: UNIDAD | CK71: =+(CI71+(CI71*CJ71))*CG71 -> 0 | CN71: 2016DM-0015022 | CO71: 1 | CP71: UNIDAD | CQ71: 838000 | CS71: =+(CQ71+(CQ71*CR71))*CO71 -> 838000 | CV71: 2023DM-0008815-R1 | CW71: 1 | CX71: UNIDAD | CY71: 671300 | CZ71: 0 | DA71: =+(CY71+(CY71*CZ71))*CW71 -> 671300 | DE71: 1 | DF71: UNIDAD | DI71: =+(DG71+(DG71*DH71))*DE71 -> 0 | DL71: 2015DM-0013964 | DM71: 1 | DN71: UNIDAD | DO71: 760795 | DP71: 0 | DQ71: =+(DO71+(DO71*DP71))*DM71 -> 760795 | DU71: 1 | DV71: UNIDAD | DY71: =+(DW71+(DW71*DX71))*DU71 -> 0 | EC71: 1 | ED71: UNIDAD | EG71: $ - | EK71: 1 | EL71: UNIDAD | EO71: =+(EM71+(EM71*EN71))*EK71 -> 0
B72: 3 | C72: Conectores Transverso | E72: 1 | F72: UNIDAD | I72: =+(G72+(G72*H72))*E72 -> 0 | M72: 1 | N72: UNIDAD | Q72: =+(O72+(O72*P72))*M72 -> 0 | U72: 1 | V72: UNIDAD | Y72: =+(W72+(W72*X72))*U72 -> 0 | AC72: 1 | AD72: UNIDAD | AG72: =+(AE72+(AE72*AF72))*AC72 -> 0 | AK72: 1 | AL72: UNIDAD | AO72: =+(AM72+(AM72*AN72))*AK72 -> 0 | AS72: 1 | AT72: UNIDAD | AW72: =+(AU72+(AU72*AV72))*AS72 -> 0 | AZ72: 2017DM-0016000 | BA72: 1 | BB72: UNIDAD | BC72: 96320 | BE72: =+(BC72+(BC72*BD72))*BA72 -> 96320 | BI72: 1 | BJ72: UNIDAD | BM72: =+(BK72+(BK72*BL72))*BI72 -> 0 | BQ72: 1 | BR72: UNIDAD | BU72: =+(BS72+(BS72*BT72))*BQ72 -> 0 | BY72: 1 | BZ72: UNIDAD | CC72: =+(CA72+(CA72*CB72))*BY72 -> 0 | CG72: 1 | CH72: UNIDAD | CK72: =+(CI72+(CI72*CJ72))*CG72 -> 0 | CN72: 2016DM-0015022 | CO72: 1 | CP72: UNIDAD | CQ72: 1527200 | CS72: =+(CQ72+(CQ72*CR72))*CO72 -> 1527200 | CV72: 2023DM-0008815-R1 | CW72: 1 | CX72: UNIDAD | CY72: 380000 | CZ72: 0 | DA72: =+(CY72+(CY72*CZ72))*CW72 -> 380000 | DE72: 1 | DF72: UNIDAD | DI72: =+(DG72+(DG72*DH72))*DE72 -> 0 | DL72: 2015DM-0013964 | DM72: 1 | DN72: UNIDAD | DO72: 265296 | DP72: 0 | DQ72: =+(DO72+(DO72*DP72))*DM72 -> 265296 | DU72: 1 | DV72: UNIDAD | DY72: =+(DW72+(DW72*DX72))*DU72 -> 0 | EC72: 1 | ED72: UNIDAD | EG72: $ - | EK72: 1 | EL72: UNIDAD | EO72: =+(EM72+(EM72*EN72))*EK72 -> 0
B73: 4 | C73: Tornillo Interno | E73: 1 | F73: UNIDAD | I73: =+(G73+(G73*H73))*E73 -> 0 | M73: 1 | N73: UNIDAD | Q73: =+(O73+(O73*P73))*M73 -> 0 | U73: 1 | V73: UNIDAD | Y73: =+(W73+(W73*X73))*U73 -> 0 | AC73: 1 | AD73: UNIDAD | AG73: =+(AE73+(AE73*AF73))*AC73 -> 0 | AK73: 1 | AL73: UNIDAD | AO73: =+(AM73+(AM73*AN73))*AK73 -> 0 | AS73: 1 | AT73: UNIDAD | AW73: =+(AU73+(AU73*AV73))*AS73 -> 0 | AZ73: 2017DM-0016000 | BA73: 1 | BB73: UNIDAD | BC73: 139600 | BE73: =+(BC73+(BC73*BD73))*BA73 -> 139600 | BI73: 1 | BJ73: UNIDAD | BM73: =+(BK73+(BK73*BL73))*BI73 -> 0 | BQ73: 1 | BR73: UNIDAD | BU73: =+(BS73+(BS73*BT73))*BQ73 -> 0 | BY73: 1 | BZ73: UNIDAD | CC73: =+(CA73+(CA73*CB73))*BY73 -> 0 | CG73: 1 | CH73: UNIDAD | CK73: =+(CI73+(CI73*CJ73))*CG73 -> 0 | CN73: 2016DM-0015022 | CO73: 1 | CP73: UNIDAD | CQ73: 154100 | CS73: =+(CQ73+(CQ73*CR73))*CO73 -> 154100 | CV73: 2023DM-0008815-R1 | CW73: 1 | CX73: UNIDAD | CY73: 94500 | CZ73: 0 | DA73: =+(CY73+(CY73*CZ73))*CW73 -> 94500 | DE73: 1 | DF73: UNIDAD | DI73: =+(DG73+(DG73*DH73))*DE73 -> 0 | DL73: 2015DM-0013964 | DM73: 1 | DN73: UNIDAD | DO73: 1 | DP73: 0 | DQ73: =+(DO73+(DO73*DP73))*DM73 -> 1 | DU73: 1 | DV73: UNIDAD | DY73: =+(DW73+(DW73*DX73))*DU73 -> 0 | EC73: 1 | ED73: UNIDAD | EG73: $ - | EK73: 1 | EL73: UNIDAD | EO73: =+(EM73+(EM73*EN73))*EK73 -> 0
B74: 5 | C74: Barra 120 mm | E74: 1 | F74: UNIDAD | I74: =+(G74+(G74*H74))*E74 -> 0 | M74: 1 | N74: UNIDAD | Q74: =+(O74+(O74*P74))*M74 -> 0 | U74: 1 | V74: UNIDAD | Y74: =+(W74+(W74*X74))*U74 -> 0 | AC74: 1 | AD74: UNIDAD | AG74: =+(AE74+(AE74*AF74))*AC74 -> 0 | AK74: 1 | AL74: UNIDAD | AO74: =+(AM74+(AM74*AN74))*AK74 -> 0 | AS74: 1 | AT74: UNIDAD | AW74: =+(AU74+(AU74*AV74))*AS74 -> 0 | AZ74: 2017DM-0016000 | BA74: 1 | BB74: UNIDAD | BC74: 290000 | BE74: =+(BC74+(BC74*BD74))*BA74 -> 290000 | BI74: 1 | BJ74: UNIDAD | BM74: =+(BK74+(BK74*BL74))*BI74 -> 0 | BQ74: 1 | BR74: UNIDAD | BU74: =+(BS74+(BS74*BT74))*BQ74 -> 0 | BY74: 1 | BZ74: UNIDAD | CC74: =+(CA74+(CA74*CB74))*BY74 -> 0 | CG74: 1 | CH74: UNIDAD | CK74: =+(CI74+(CI74*CJ74))*CG74 -> 0 | CN74: 2016DM-0015022 | CO74: 1 | CP74: UNIDAD | CQ74: 250000 | CS74: =+(CQ74+(CQ74*CR74))*CO74 -> 250000 | CV74: 2023DM-0008815-R1 | CW74: 1 | CX74: UNIDAD | CY74: 220000 | CZ74: 0 | DA74: =+(CY74+(CY74*CZ74))*CW74 -> 220000 | DE74: 1 | DF74: UNIDAD | DI74: =+(DG74+(DG74*DH74))*DE74 -> 0 | DL74: 2015DM-0013964 | DM74: 1 | DN74: UNIDAD | DO74: 226134 | DP74: 0 | DQ74: =+(DO74+(DO74*DP74))*DM74 -> 226134 | DU74: 1 | DV74: UNIDAD | DY74: =+(DW74+(DW74*DX74))*DU74 -> 0 | EC74: 1 | ED74: UNIDAD | EG74: $ - | EK74: 1 | EL74: UNIDAD | EO74: =+(EM74+(EM74*EN74))*EK74 -> 0
C75: TOTAL | I75: =SUM(I70:I74) -> 0 | Q75: =SUM(Q70:Q74) -> 0 | Y75: =SUM(Y70:Y74) -> 0 | AG75: =SUM(AG70:AG74) -> 0 | AO75: =SUM(AO70:AO74) -> 0 | AW75: =SUM(AW70:AW74) -> 0 | BE75: =SUM(BE70:BE74) -> 1921760 | BM75: =SUM(BM70:BM74) -> 0 | BU75: =SUM(BU70:BU74) -> 0 | CC75: =SUM(CC70:CC74) -> 0 | CK75: =SUM(CK70:CK74) -> 0 | CS75: =SUM(CS70:CS74) -> 3725100 | DA75: =SUM(DA70:DA74) -> 1933800 | DI75: =SUM(DI70:DI74) -> 0 | DQ75: =SUM(DQ70:DQ74) -> 1939912 | DY75: =SUM(DY70:DY74) -> 0 | EG75: $ - | EO75: =SUM(EO70:EO74) -> 0
B76: 4.3. Kit Transpedicular Para Espondilolistesis
B77: Item | C77: Descripcion | D77: REGISTRO INVIMA | E77: Cant. | F77: UNIDAD DE MEDIDA | G77: V/r Unit | H77: IVA | I77: V/r Total | J77: CUMPLE/ NO CUMPLE/ NO OFERTA | K77: OBSERVACIONES | L77: REGISTRO INVIMA | M77: Cant. | N77: UNIDAD DE MEDIDA | O77: V/r Unit | P77: IVA | Q77: V/r Total | R77: CUMPLE/ NO CUMPLE/ NO OFERTA | S77: OBSERVACIONES | T77: REGISTRO INVIMA | U77: Cant. | V77: UNIDAD DE MEDIDA | W77: V/r Unit | X77: IVA | Y77: V/r Total | Z77: CUMPLE/ NO CUMPLE/ NO OFERTA | AA77: OBSERVACIONES | AB77: REGISTRO INVIMA | AC77: Cant. | AD77: UNIDAD DE MEDIDA | AE77: V/r Unit | AF77: IVA | AG77: V/r Total | AH77: CUMPLE/ NO CUMPLE/ NO OFERTA | AI77: OBSERVACIONES | AJ77: REGISTRO INVIMA | AK77: Cant. | AL77: UNIDAD DE MEDIDA | AM77: V/r Unit | AN77: IVA | AO77: V/r Total | AP77: CUMPLE/ NO CUMPLE/ NO OFERTA | AQ77: OBSERVACIONES | AR77: REGISTRO INVIMA | AS77: Cant. | AT77: UNIDAD DE MEDIDA | AU77: V/r Unit | AV77: IVA | AW77: V/r Total | AX77: CUMPLE/ NO CUMPLE/ NO OFERTA | AY77: OBSERVACIONES | AZ77: REGISTRO INVIMA | BA77: Cant. | BB77: UNIDAD DE MEDIDA | BC77: V/r Unit | BD77: IVA | BE77: V/r Total | BF77: CUMPLE/ NO CUMPLE/ NO OFERTA | BG77: OBSERVACIONES | BH77: REGISTRO INVIMA | BI77: Cant. | BJ77: UNIDAD DE MEDIDA | BK77: V/r Unit | BL77: IVA | BM77: V/r Total | BN77: CUMPLE/ NO CUMPLE/ NO OFERTA | BO77: OBSERVACIONES | BP77: REGISTRO INVIMA | BQ77: Cant. | BR77: UNIDAD DE MEDIDA | BS77: V/r Unit | BT77: IVA | BU77: V/r Total | BV77: CUMPLE/ NO CUMPLE/ NO OFERTA | BW77: OBSERVACIONES | BX77: REGISTRO INVIMA | BY77: Cant. | BZ77: UNIDAD DE MEDIDA | CA77: V/r Unit | CB77: IVA | CC77: V/r Total | CD77: CUMPLE/ NO CUMPLE/ NO OFERTA | CE77: OBSERVACIONES | CF77: REGISTRO INVIMA | CG77: Cant. | CH77: UNIDAD DE MEDIDA | CI77: V/r Unit | CJ77: IVA | CK77: V/r Total | CL77: CUMPLE/ NO CUMPLE/ NO OFERTA | CM77: OBSERVACIONES | CN77: REGISTRO INVIMA | CO77: Cant. | CP77: UNIDAD DE MEDIDA | CQ77: V/r Unit | CR77: IVA | CS77: V/r Total | CT77: CUMPLE/ NO CUMPLE/ NO OFERTA | CU77: OBSERVACIONES | CV77: REGISTRO INVIMA | CW77: Cant. | CX77: UNIDAD DE MEDIDA | CY77: V/r Unit | CZ77: IVA | DA77: V/r Total | DB77: CUMPLE/ NO CUMPLE/ NO OFERTA | DC77: OBSERVACIONES | DD77: REGISTRO INVIMA | DE77: Cant. | DF77: UNIDAD DE MEDIDA | DG77: V/r Unit | DH77: IVA | DI77: V/r Total | DJ77: CUMPLE/ NO CUMPLE/ NO OFERTA | DK77: OBSERVACIONES | DL77: REGISTRO INVIMA | DM77: Cant. | DN77: UNIDAD DE MEDIDA | DO77: V/r Unit | DP77: IVA | DQ77: V/r Total | DR77: CUMPLE/ NO CUMPLE/ NO OFERTA | DS77: OBSERVACIONES | DT77: REGISTRO INVIMA | DU77: Cant. | DV77: UNIDAD DE MEDIDA | DW77: V/r Unit | DX77: IVA | DY77: V/r Total | DZ77: CUMPLE/ NO CUMPLE/ NO OFERTA | EA77: OBSERVACIONES | EB77: REGISTRO INVIMA | EC77: Cant. | ED77: UNIDAD DE MEDIDA | EE77: V/r Unit | EF77: IVA | EG77: V/r Total | EH77: CUMPLE/ NO CUMPLE/ NO OFERTA | EI77: OBSERVACIONES | EJ77: REGISTRO INVIMA | EK77: Cant. | EL77: UNIDAD DE MEDIDA | EM77: V/r Unit | EN77: IVA | EO77: V/r Total | EP77: CUMPLE/ NO CUMPLE/ NO OFERTA | EQ77: OBSERVACIONES
B78: 1 | C78: Tornillo Listesis 5.0 5.5 6.0 titanio | E78: 1 | F78: UNIDAD | I78: =+(G78+(G78*H78))*E78 -> 0 | J78: NO OFERTADO | M78: 1 | N78: UNIDAD | Q78: =+(O78+(O78*P78))*M78 -> 0 | R78: NO OFERTADO | U78: 1 | V78: UNIDAD | Y78: =+(W78+(W78*X78))*U78 -> 0 | Z78: NO OFERTADO | AC78: 1 | AD78: UNIDAD | AG78: =+(AE78+(AE78*AF78))*AC78 -> 0 | AH78: NO OFERTADO | AK78: 1 | AL78: UNIDAD | AO78: =+(AM78+(AM78*AN78))*AK78 -> 0 | AP78: NO OFERTADO | AS78: 1 | AT78: UNIDAD | AW78: =+(AU78+(AU78*AV78))*AS78 -> 0 | AX78: NO OFERTADO | AZ78: 2017DM-0016000 | BA78: 1 | BB78: UNIDAD | BC78: 805200 | BE78: =+(BC78+(BC78*BD78))*BA78 -> 805200 | BF78: CUMPLE | BG78: subsana, alto perfil no sirve para pacientes delgados | BI78: 1 | BJ78: UNIDAD | BM78: =+(BK78+(BK78*BL78))*BI78 -> 0 | BN78: NO OFERTADO | BQ78: 1 | BR78: UNIDAD | BU78: =+(BS78+(BS78*BT78))*BQ78 -> 0 | BV78: NO OFERTADO | BY78: 1 | BZ78: UNIDAD | CC78: =+(CA78+(CA78*CB78))*BY78 -> 0 | CD78: NO OFERTADO | CG78: 1 | CH78: UNIDAD | CK78: =+(CI78+(CI78*CJ78))*CG78 -> 0 | CL78: NO OFERTADO | CN78: 2016DM-0015022 | CO78: 1 | CP78: UNIDAD | CQ78: 955800 | CS78: =+(CQ78+(CQ78*CR78))*CO78 -> 955800 | CT78: CUMPLE | CV78: 2023DM-0008815-R1 | CW78: 1 | CX78: UNIDAD | CY78: 771300 | CZ78: 0 | DA78: =+(CY78+(CY78*CZ78))*CW78 -> 771300 | DB78: NO CUMPLE | DC78: INSTRUMENTAL DIFICIL MANEJO PERFIL ALTO | DE78: 1 | DF78: UNIDAD | DI78: =+(DG78+(DG78*DH78))*DE78 -> 0 | DJ78: NO OFERTADO | DL78: 2015DM-0013964 | DM78: 1 | DN78: UNIDAD | DO78: 815156 | DP78: 0 | DQ78: =+(DO78+(DO78*DP78))*DM78 -> 815156 | DR78: CUMPLE | DU78: 1 | DV78: UNIDAD | DY78: =+(DW78+(DW78*DX78))*DU78 -> 0 | DZ78: NO OFERTADO | EC78: 1 | ED78: UNIDAD | EG78: $ - | EH78: NO OFERTADO | EK78: 1 | EL78: UNIDAD | EO78: =+(EM78+(EM78*EN78))*EK78 -> 0 | EP78: NO OFERTADO
B79: 2 | C79: Tornillo Poliaxial 5.0 5.5 6.0 titanio | E79: 1 | F79: UNIDAD | I79: =+(G79+(G79*H79))*E79 -> 0 | M79: 1 | N79: UNIDAD | Q79: =+(O79+(O79*P79))*M79 -> 0 | U79: 1 | V79: UNIDAD | Y79: =+(W79+(W79*X79))*U79 -> 0 | AC79: 1 | AD79: UNIDAD | AG79: =+(AE79+(AE79*AF79))*AC79 -> 0 | AK79: 1 | AL79: UNIDAD | AO79: =+(AM79+(AM79*AN79))*AK79 -> 0 | AS79: 1 | AT79: UNIDAD | AW79: =+(AU79+(AU79*AV79))*AS79 -> 0 | AZ79: 2017DM-0016000 | BA79: 1 | BB79: UNIDAD | BC79: 697920 | BE79: =+(BC79+(BC79*BD79))*BA79 -> 697920 | BI79: 1 | BJ79: UNIDAD | BM79: =+(BK79+(BK79*BL79))*BI79 -> 0 | BQ79: 1 | BR79: UNIDAD | BU79: =+(BS79+(BS79*BT79))*BQ79 -> 0 | BY79: 1 | BZ79: UNIDAD | CC79: =+(CA79+(CA79*CB79))*BY79 -> 0 | CG79: 1 | CH79: UNIDAD | CK79: =+(CI79+(CI79*CJ79))*CG79 -> 0 | CN79: 2016DM-0015022 | CO79: 1 | CP79: UNIDAD | CQ79: 838000 | CS79: =+(CQ79+(CQ79*CR79))*CO79 -> 838000 | CV79: 2023DM-0008815-R1 | CW79: 1 | CX79: UNIDAD | CY79: 771300 | CZ79: 0 | DA79: =+(CY79+(CY79*CZ79))*CW79 -> 771300 | DE79: 1 | DF79: UNIDAD | DI79: =+(DG79+(DG79*DH79))*DE79 -> 0 | DL79: 2015DM-0013964 | DM79: 1 | DN79: UNIDAD | DO79: 760795 | DP79: 0 | DQ79: =+(DO79+(DO79*DP79))*DM79 -> 760795 | DU79: 1 | DV79: UNIDAD | DY79: =+(DW79+(DW79*DX79))*DU79 -> 0 | EC79: 1 | ED79: UNIDAD | EG79: $ - | EK79: 1 | EL79: UNIDAD | EO79: =+(EM79+(EM79*EN79))*EK79 -> 0
B80: 3 | C80: Barra 300 mm | E80: 1 | F80: UNIDAD | I80: =+(G80+(G80*H80))*E80 -> 0 | M80: 1 | N80: UNIDAD | Q80: =+(O80+(O80*P80))*M80 -> 0 | U80: 1 | V80: UNIDAD | Y80: =+(W80+(W80*X80))*U80 -> 0 | AC80: 1 | AD80: UNIDAD | AG80: =+(AE80+(AE80*AF80))*AC80 -> 0 | AK80: 1 | AL80: UNIDAD | AO80: =+(AM80+(AM80*AN80))*AK80 -> 0 | AS80: 1 | AT80: UNIDAD | AW80: =+(AU80+(AU80*AV80))*AS80 -> 0 | AZ80: 2017DM-0016000 | BA80: 1 | BB80: UNIDAD | BC80: 1046720 | BE80: =+(BC80+(BC80*BD80))*BA80 -> 1046720 | BI80: 1 | BJ80: UNIDAD | BM80: =+(BK80+(BK80*BL80))*BI80 -> 0 | BQ80: 1 | BR80: UNIDAD | BU80: =+(BS80+(BS80*BT80))*BQ80 -> 0 | BY80: 1 | BZ80: UNIDAD | CC80: =+(CA80+(CA80*CB80))*BY80 -> 0 | CG80: 1 | CH80: UNIDAD | CK80: =+(CI80+(CI80*CJ80))*CG80 -> 0 | CN80: 2016DM-0015022 | CO80: 1 | CP80: UNIDAD | CQ80: 746000 | CS80: =+(CQ80+(CQ80*CR80))*CO80 -> 746000 | CV80: 2023DM-0008815-R1 | CW80: 1 | CX80: UNIDAD | CY80: 303300 | CZ80: 0 | DA80: =+(CY80+(CY80*CZ80))*CW80 -> 303300 | DE80: 1 | DF80: UNIDAD | DI80: =+(DG80+(DG80*DH80))*DE80 -> 0 | DL80: 2015DM-0013964 | DM80: 1 | DN80: UNIDAD | DO80: 326134 | DP80: 0 | DQ80: =+(DO80+(DO80*DP80))*DM80 -> 326134 | DU80: 1 | DV80: UNIDAD | DY80: =+(DW80+(DW80*DX80))*DU80 -> 0 | EC80: 1 | ED80: UNIDAD | EG80: $ - | EK80: 1 | EL80: UNIDAD | EO80: =+(EM80+(EM80*EN80))*EK80 -> 0
B81: 4 | C81: Conector Transverso | E81: 1 | F81: UNIDAD | I81: =+(G81+(G81*H81))*E81 -> 0 | M81: 1 | N81: UNIDAD | Q81: =+(O81+(O81*P81))*M81 -> 0 | U81: 1 | V81: UNIDAD | Y81: =+(W81+(W81*X81))*U81 -> 0 | AC81: 1 | AD81: UNIDAD | AG81: =+(AE81+(AE81*AF81))*AC81 -> 0 | AK81: 1 | AL81: UNIDAD | AO81: =+(AM81+(AM81*AN81))*AK81 -> 0 | AS81: 1 | AT81: UNIDAD | AW81: =+(AU81+(AU81*AV81))*AS81 -> 0 | AZ81: 2017DM-0016000 | BA81: 1 | BB81: UNIDAD | BC81: 936320 | BE81: =+(BC81+(BC81*BD81))*BA81 -> 936320 | BI81: 1 | BJ81: UNIDAD | BM81: =+(BK81+(BK81*BL81))*BI81 -> 0 | BQ81: 1 | BR81: UNIDAD | BU81: =+(BS81+(BS81*BT81))*BQ81 -> 0 | BY81: 1 | BZ81: UNIDAD | CC81: =+(CA81+(CA81*CB81))*BY81 -> 0 | CG81: 1 | CH81: UNIDAD | CK81: =+(CI81+(CI81*CJ81))*CG81 -> 0 | CN81: 2016DM-0015022 | CO81: 1 | CP81: UNIDAD | CQ81: 1414000 | CS81: =+(CQ81+(CQ81*CR81))*CO81 -> 1414000 | CV81: 2023DM-0008815-R1 | CW81: 1 | CX81: UNIDAD | CY81: 553500 | CZ81: 0 | DA81: =+(CY81+(CY81*CZ81))*CW81 -> 553500 | DE81: 1 | DF81: UNIDAD | DI81: =+(DG81+(DG81*DH81))*DE81 -> 0 | DL81: 2015DM-0013964 | DM81: 1 | DN81: UNIDAD | DO81: 1591022 | DP81: 0 | DQ81: =+(DO81+(DO81*DP81))*DM81 -> 1591022 | DU81: 1 | DV81: UNIDAD | DY81: =+(DW81+(DW81*DX81))*DU81 -> 0 | EC81: 1 | ED81: UNIDAD | EG81: $ - | EK81: 1 | EL81: UNIDAD | EO81: =+(EM81+(EM81*EN81))*EK81 -> 0
C82: TOTAL | I82: =SUM(I78:I81) -> 0 | Q82: =SUM(Q78:Q81) -> 0 | Y82: =SUM(Y78:Y81) -> 0 | AG82: =SUM(AG78:AG81) -> 0 | AO82: =SUM(AO78:AO81) -> 0 | AW82: =SUM(AW78:AW81) -> 0 | BE82: =SUM(BE78:BE81) -> 3486160 | BM82: =SUM(BM78:BM81) -> 0 | BU82: =SUM(BU78:BU81) -> 0 | CC82: =SUM(CC78:CC81) -> 0 | CK82: =SUM(CK78:CK81) -> 0 | CS82: =SUM(CS78:CS81) -> 3953800 | DA82: =SUM(DA78:DA81) -> 2399400 | DI82: =SUM(DI78:DI81) -> 0 | DQ82: =SUM(DQ78:DQ81) -> 3493107 | DY82: =SUM(DY78:DY81) -> 0 | EG82: $ - | EO82: =SUM(EO78:EO81) -> 0
B83: 4.4. Kit 1 a 2 niveles Transpediculares Poliaxiales Técnica Minimamente Invasiva (MIS)
B84: Item | C84: Descripcion | D84: REGISTRO INVIMA | E84: Cant. | F84: UNIDAD DE MEDIDA | G84: V/r Unit | H84: IVA | I84: V/r Total | J84: CUMPLE/ NO CUMPLE/ NO OFERTA | K84: OBSERVACIONES | L84: REGISTRO INVIMA | M84: Cant. | N84: UNIDAD DE MEDIDA | O84: V/r Unit | P84: IVA | Q84: V/r Total | R84: CUMPLE/ NO CUMPLE/ NO OFERTA | S84: OBSERVACIONES | T84: REGISTRO INVIMA | U84: Cant. | V84: UNIDAD DE MEDIDA | W84: V/r Unit | X84: IVA | Y84: V/r Total | Z84: CUMPLE/ NO CUMPLE/ NO OFERTA | AA84: OBSERVACIONES | AB84: REGISTRO INVIMA | AC84: Cant. | AD84: UNIDAD DE MEDIDA | AE84: V/r Unit | AF84: IVA | AG84: V/r Total | AH84: CUMPLE/ NO CUMPLE/ NO OFERTA | AI84: OBSERVACIONES | AJ84: REGISTRO INVIMA | AK84: Cant. | AL84: UNIDAD DE MEDIDA | AM84: V/r Unit | AN84: IVA | AO84: V/r Total | AP84: CUMPLE/ NO CUMPLE/ NO OFERTA | AQ84: OBSERVACIONES | AR84: REGISTRO INVIMA | AS84: Cant. | AT84: UNIDAD DE MEDIDA | AU84: V/r Unit | AV84: IVA | AW84: V/r Total | AX84: CUMPLE/ NO CUMPLE/ NO OFERTA | AY84: OBSERVACIONES | AZ84: REGISTRO INVIMA | BA84: Cant. | BB84: UNIDAD DE MEDIDA | BC84: V/r Unit | BD84: IVA | BE84: V/r Total | BF84: CUMPLE/ NO CUMPLE/ NO OFERTA | BG84: OBSERVACIONES | BH84: REGISTRO INVIMA | BI84: Cant. | BJ84: UNIDAD DE MEDIDA | BK84: V/r Unit | BL84: IVA | BM84: V/r Total | BN84: CUMPLE/ NO CUMPLE/ NO OFERTA | BO84: OBSERVACIONES | BP84: REGISTRO INVIMA | BQ84: Cant. | BR84: UNIDAD DE MEDIDA | BS84: V/r Unit | BT84: IVA | BU84: V/r Total | BV84: CUMPLE/ NO CUMPLE/ NO OFERTA | BW84: OBSERVACIONES | BX84: REGISTRO INVIMA | BY84: Cant. | BZ84: UNIDAD DE MEDIDA | CA84: V/r Unit | CB84: IVA | CC84: V/r Total | CD84: CUMPLE/ NO CUMPLE/ NO OFERTA | CE84: OBSERVACIONES | CF84: REGISTRO INVIMA | CG84: Cant. | CH84: UNIDAD DE MEDIDA | CI84: V/r Unit | CJ84: IVA | CK84: V/r Total | CL84: CUMPLE/ NO CUMPLE/ NO OFERTA | CM84: OBSERVACIONES | CN84: REGISTRO INVIMA | CO84: Cant. | CP84: UNIDAD DE MEDIDA | CQ84: V/r Unit | CR84: IVA | CS84: V/r Total | CT84: CUMPLE/ NO CUMPLE/ NO OFERTA | CU84: OBSERVACIONES | CV84: REGISTRO INVIMA | CW84: Cant. | CX84: UNIDAD DE MEDIDA | CY84: V/r Unit | CZ84: IVA | DA84: V/r Total | DB84: CUMPLE/ NO CUMPLE/ NO OFERTA | DC84: OBSERVACIONES | DD84: REGISTRO INVIMA | DE84: Cant. | DF84: UNIDAD DE MEDIDA | DG84: V/r Unit | DH84: IVA | DI84: V/r Total | DJ84: CUMPLE/ NO CUMPLE/ NO OFERTA | DK84: OBSERVACIONES | DL84: REGISTRO INVIMA | DM84: Cant. | DN84: UNIDAD DE MEDIDA | DO84: V/r Unit | DP84: IVA | DQ84: V/r Total | DR84: CUMPLE/ NO CUMPLE/ NO OFERTA | DS84: OBSERVACIONES | DT84: REGISTRO INVIMA | DU84: Cant. | DV84: UNIDAD DE MEDIDA | DW84: V/r Unit | DX84: IVA | DY84: V/r Total | DZ84: CUMPLE/ NO CUMPLE/ NO OFERTA | EA84: OBSERVACIONES | EB84: REGISTRO INVIMA | EC84: Cant. | ED84: UNIDAD DE MEDIDA | EE84: V/r Unit | EF84: IVA | EG84: V/r Total | EH84: CUMPLE/ NO CUMPLE/ NO OFERTA | EI84: OBSERVACIONES | EJ84: REGISTRO INVIMA | EK84: Cant. | EL84: UNIDAD DE MEDIDA | EM84: V/r Unit | EN84: IVA | EO84: V/r Total | EP84: CUMPLE/ NO CUMPLE/ NO OFERTA | EQ84: OBSERVACIONES
B85: 1 | C85: Tornillo Poliaxial Canulado | E85: 1 | F85: UNIDAD | I85: =+(G85+(G85*H85))*E85 -> 0 | J85: NO OFERTADO | M85: 1 | N85: UNIDAD | Q85: =+(O85+(O85*P85))*M85 -> 0 | R85: NO OFERTADO | U85: 1 | V85: UNIDAD | Y85: =+(W85+(W85*X85))*U85 -> 0 | Z85: NO OFERTADO | AB85: 2019DM-0020908 | AC85: 1 | AD85: UNIDAD | AE85: 1080000 | AF85: 0 | AG85: =+(AE85+(AE85*AF85))*AC85 -> 1080000 | AH85: CUMPLE | AK85: 1 | AL85: UNIDAD | AO85: =+(AM85+(AM85*AN85))*AK85 -> 0 | AP85: NO OFERTADO | AS85: 1 | AT85: UNIDAD | AW85: =+(AU85+(AU85*AV85))*AS85 -> 0 | AX85: NO OFERTADO | BA85: 1 | BB85: UNIDAD | BE85: =+(BC85+(BC85*BD85))*BA85 -> 0 | BF85: NO OFERTADO | BI85: 1 | BJ85: UNIDAD | BM85: =+(BK85+(BK85*BL85))*BI85 -> 0 | BN85: NO OFERTADO | BQ85: 1 | BR85: UNIDAD | BU85: =+(BS85+(BS85*BT85))*BQ85 -> 0 | BV85: NO OFERTADO | BY85: 1 | BZ85: UNIDAD | CC85: =+(CA85+(CA85*CB85))*BY85 -> 0 | CD85: NO OFERTADO | CG85: 1 | CH85: UNIDAD | CK85: =+(CI85+(CI85*CJ85))*CG85 -> 0 | CL85: NO OFERTADO | CN85: 2022DM-0025052 | CO85: 1 | CP85: UNIDAD | CQ85: 1330300 | CS85: =+(CQ85+(CQ85*CR85))*CO85 -> 1330300 | CT85: CUMPLE | CV85: 2023DM-0008815-R1 | CW85: 1 | CX85: UNIDAD | CY85: 1223100 | CZ85: 0 | DA85: =+(CY85+(CY85*CZ85))*CW85 -> 1223100 | DB85: CUMPLE | DE85: 1 | DF85: UNIDAD | DI85: =+(DG85+(DG85*DH85))*DE85 -> 0 | DJ85: NO OFERTADO | DL85: 2015DM-0013964 | DM85: 1 | DN85: UNIDAD | DO85: 1101508 | DP85: 0 | DQ85: =+(DO85+(DO85*DP85))*DM85 -> 1101508 | DR85: CUMPLE | DU85: 1 | DV85: UNIDAD | DY85: =+(DW85+(DW85*DX85))*DU85 -> 0 | DZ85: NO OFERTADO | EC85: 1 | ED85: UNIDAD | EG85: $ - | EH85: NO OFERTADO | EK85: 1 | EL85: UNIDAD | EO85: =+(EM85+(EM85*EN85))*EK85 -> 0 | EP85: NO OFERTADO
B86: 2 | C86: Tornillo Interno | E86: 1 | F86: UNIDAD | I86: =+(G86+(G86*H86))*E86 -> 0 | M86: 1 | N86: UNIDAD | Q86: =+(O86+(O86*P86))*M86 -> 0 | U86: 1 | V86: UNIDAD | Y86: =+(W86+(W86*X86))*U86 -> 0 | AB86: 2019DM-0020908 | AC86: 1 | AD86: UNIDAD | AE86: 175000 | AF86: 0 | AG86: =+(AE86+(AE86*AF86))*AC86 -> 175000 | AK86: 1 | AL86: UNIDAD | AO86: =+(AM86+(AM86*AN86))*AK86 -> 0 | AS86: 1 | AT86: UNIDAD | AW86: =+(AU86+(AU86*AV86))*AS86 -> 0 | BA86: 1 | BB86: UNIDAD | BE86: =+(BC86+(BC86*BD86))*BA86 -> 0 | BI86: 1 | BJ86: UNIDAD | BM86: =+(BK86+(BK86*BL86))*BI86 -> 0 | BQ86: 1 | BR86: UNIDAD | BU86: =+(BS86+(BS86*BT86))*BQ86 -> 0 | BY86: 1 | BZ86: UNIDAD | CC86: =+(CA86+(CA86*CB86))*BY86 -> 0 | CG86: 1 | CH86: UNIDAD | CK86: =+(CI86+(CI86*CJ86))*CG86 -> 0 | CN86: 2022DM-0025052 | CO86: 1 | CP86: UNIDAD | CQ86: 230000 | CS86: =+(CQ86+(CQ86*CR86))*CO86 -> 230000 | CV86: 2023DM-0008815-R1 | CW86: 1 | CX86: UNIDAD | CY86: 94500 | CZ86: 0 | DA86: =+(CY86+(CY86*CZ86))*CW86 -> 94500 | DE86: 1 | DF86: UNIDAD | DI86: =+(DG86+(DG86*DH86))*DE86 -> 0 | DL86: 2015DM-0013964 | DM86: 1 | DN86: UNIDAD | DO86: 1 | DP86: 0 | DQ86: =+(DO86+(DO86*DP86))*DM86 -> 1 | DU86: 1 | DV86: UNIDAD | DY86: =+(DW86+(DW86*DX86))*DU86 -> 0 | EC86: 1 | ED86: UNIDAD | EG86: $ - | EK86: 1 | EL86: UNIDAD | EO86: =+(EM86+(EM86*EN86))*EK86 -> 0
B87: 3 | C87: Barra Prelordoticas o Rectas | E87: 1 | F87: UNIDAD | I87: =+(G87+(G87*H87))*E87 -> 0 | M87: 1 | N87: UNIDAD | Q87: =+(O87+(O87*P87))*M87 -> 0 | U87: 1 | V87: UNIDAD | Y87: =+(W87+(W87*X87))*U87 -> 0 | AB87: 2019DM-0020908 | AC87: 1 | AD87: UNIDAD | AE87: 444000 | AF87: 0 | AG87: =+(AE87+(AE87*AF87))*AC87 -> 444000 | AK87: 1 | AL87: UNIDAD | AO87: =+(AM87+(AM87*AN87))*AK87 -> 0 | AS87: 1 | AT87: UNIDAD | AW87: =+(AU87+(AU87*AV87))*AS87 -> 0 | BA87: 1 | BB87: UNIDAD | BE87: =+(BC87+(BC87*BD87))*BA87 -> 0 | BI87: 1 | BJ87: UNIDAD | BM87: =+(BK87+(BK87*BL87))*BI87 -> 0 | BQ87: 1 | BR87: UNIDAD | BU87: =+(BS87+(BS87*BT87))*BQ87 -> 0 | BY87: 1 | BZ87: UNIDAD | CC87: =+(CA87+(CA87*CB87))*BY87 -> 0 | CG87: 1 | CH87: UNIDAD | CK87: =+(CI87+(CI87*CJ87))*CG87 -> 0 | CN87: 2022DM-0025052 | CO87: 1 | CP87: UNIDAD | CQ87: 655500 | CS87: =+(CQ87+(CQ87*CR87))*CO87 -> 655500 | CV87: 2023DM-0008815-R1 | CW87: 1 | CX87: UNIDAD | CY87: 230400 | CZ87: 0 | DA87: =+(CY87+(CY87*CZ87))*CW87 -> 230400 | DE87: 1 | DF87: UNIDAD | DI87: =+(DG87+(DG87*DH87))*DE87 -> 0 | DL87: 2015DM-0013964 | DM87: 1 | DN87: UNIDAD | DO87: 428011 | DP87: 0 | DQ87: =+(DO87+(DO87*DP87))*DM87 -> 428011 | DU87: 1 | DV87: UNIDAD | DY87: =+(DW87+(DW87*DX87))*DU87 -> 0 | EC87: 1 | ED87: UNIDAD | EG87: $ - | EK87: 1 | EL87: UNIDAD | EO87: =+(EM87+(EM87*EN87))*EK87 -> 0
C88: TOTAL | I88: =SUM(I85:I87) -> 0 | Q88: =SUM(Q85:Q87) -> 0 | Y88: =SUM(Y85:Y87) -> 0 | AG88: =SUM(AG85:AG87) -> 1699000 | AO88: =SUM(AO85:AO87) -> 0 | AW88: =SUM(AW85:AW87) -> 0 | BE88: =SUM(BE85:BE87) -> 0 | BM88: =SUM(BM85:BM87) -> 0 | BU88: =SUM(BU85:BU87) -> 0 | CC88: =SUM(CC85:CC87) -> 0 | CK88: =SUM(CK85:CK87) -> 0 | CS88: =SUM(CS85:CS87) -> 2215800 | DA88: =SUM(DA85:DA87) -> 1548000 | DI88: =SUM(DI85:DI87) -> 0 | DQ88: =SUM(DQ85:DQ87) -> 1529520 | DY88: =SUM(DY85:DY87) -> 0 | EG88: $ - | EO88: =SUM(EO85:EO87) -> 0
B89: 5. SISTEMA DE FIJACION POR VIA ANTERIOR A NIVEL TORACOLUMBAR
B90: 5.1. Kit Columna Toraco - Lumbar Anterior con Placa
B91: Item | C91: Descripcion | D91: REGISTRO INVIMA | E91: Cant. | F91: UNIDAD DE MEDIDA | G91: V/r Unit | H91: IVA | I91: V/r Total | J91: CUMPLE/ NO CUMPLE/ NO OFERTA | K91: OBSERVACIONES | L91: REGISTRO INVIMA | M91: Cant. | N91: UNIDAD DE MEDIDA | O91: V/r Unit | P91: IVA | Q91: V/r Total | R91: CUMPLE/ NO CUMPLE/ NO OFERTA | S91: OBSERVACIONES | T91: REGISTRO INVIMA | U91: Cant. | V91: UNIDAD DE MEDIDA | W91: V/r Unit | X91: IVA | Y91: V/r Total | Z91: CUMPLE/ NO CUMPLE/ NO OFERTA | AA91: OBSERVACIONES | AB91: REGISTRO INVIMA | AC91: Cant. | AD91: UNIDAD DE MEDIDA | AE91: V/r Unit | AF91: IVA | AG91: V/r Total | AH91: CUMPLE/ NO CUMPLE/ NO OFERTA | AI91: OBSERVACIONES | AJ91: REGISTRO INVIMA | AK91: Cant. | AL91: UNIDAD DE MEDIDA | AM91: V/r Unit | AN91: IVA | AO91: V/r Total | AP91: CUMPLE/ NO CUMPLE/ NO OFERTA | AQ91: OBSERVACIONES | AR91: REGISTRO INVIMA | AS91: Cant. | AT91: UNIDAD DE MEDIDA | AU91: V/r Unit | AV91: IVA | AW91: V/r Total | AX91: CUMPLE/ NO CUMPLE/ NO OFERTA | AY91: OBSERVACIONES | AZ91: REGISTRO INVIMA | BA91: Cant. | BB91: UNIDAD DE MEDIDA | BC91: V/r Unit | BD91: IVA | BE91: V/r Total | BF91: CUMPLE/ NO CUMPLE/ NO OFERTA | BG91: OBSERVACIONES | BH91: REGISTRO INVIMA | BI91: Cant. | BJ91: UNIDAD DE MEDIDA | BK91: V/r Unit | BL91: IVA | BM91: V/r Total | BN91: CUMPLE/ NO CUMPLE/ NO OFERTA | BO91: OBSERVACIONES | BP91: REGISTRO INVIMA | BQ91: Cant. | BR91: UNIDAD DE MEDIDA | BS91: V/r Unit | BT91: IVA | BU91: V/r Total | BV91: CUMPLE/ NO CUMPLE/ NO OFERTA | BW91: OBSERVACIONES | BX91: REGISTRO INVIMA | BY91: Cant. | BZ91: UNIDAD DE MEDIDA | CA91: V/r Unit | CB91: IVA | CC91: V/r Total | CD91: CUMPLE/ NO CUMPLE/ NO OFERTA | CE91: OBSERVACIONES | CF91: REGISTRO INVIMA | CG91: Cant. | CH91: UNIDAD DE MEDIDA | CI91: V/r Unit | CJ91: IVA | CK91: V/r Total | CL91: CUMPLE/ NO CUMPLE/ NO OFERTA | CM91: OBSERVACIONES | CN91: REGISTRO INVIMA | CO91: Cant. | CP91: UNIDAD DE MEDIDA | CQ91: V/r Unit | CR91: IVA | CS91: V/r Total | CT91: CUMPLE/ NO CUMPLE/ NO OFERTA | CU91: OBSERVACIONES | CV91: REGISTRO INVIMA | CW91: Cant. | CX91: UNIDAD DE MEDIDA | CY91: V/r Unit | CZ91: IVA | DA91: V/r Total | DB91: CUMPLE/ NO CUMPLE/ NO OFERTA | DC91: OBSERVACIONES | DD91: REGISTRO INVIMA | DE91: Cant. | DF91: UNIDAD DE MEDIDA | DG91: V/r Unit | DH91: IVA | DI91: V/r Total | DJ91: CUMPLE/ NO CUMPLE/ NO OFERTA | DK91: OBSERVACIONES | DL91: REGISTRO INVIMA | DM91: Cant. | DN91: UNIDAD DE MEDIDA | DO91: V/r Unit | DP91: IVA | DQ91: V/r Total | DR91: CUMPLE/ NO CUMPLE/ NO OFERTA | DS91: OBSERVACIONES | DT91: REGISTRO INVIMA | DU91: Cant. | DV91: UNIDAD DE MEDIDA | DW91: V/r Unit | DX91: IVA | DY91: V/r Total | DZ91: CUMPLE/ NO CUMPLE/ NO OFERTA | EA91: OBSERVACIONES | EB91: REGISTRO INVIMA | EC91: Cant. | ED91: UNIDAD DE MEDIDA | EE91: V/r Unit | EF91: IVA | EG91: V/r Total | EH91: CUMPLE/ NO CUMPLE/ NO OFERTA | EI91: OBSERVACIONES | EJ91: REGISTRO INVIMA | EK91: Cant. | EL91: UNIDAD DE MEDIDA | EM91: V/r Unit | EN91: IVA | EO91: V/r Total | EP91: CUMPLE/ NO CUMPLE/ NO OFERTA | EQ91: OBSERVACIONES
B92: 1 | C92: Placa para Fijación Anterior Columna Toracolumbar | E92: 1 | F92: UNIDAD | I92: =+(G92+(G92*H92))*E92 -> 0 | J92: NO OFERTADO | M92: 1 | N92: UNIDAD | Q92: =+(O92+(O92*P92))*M92 -> 0 | R92: NO OFERTADO | U92: 1 | V92: UNIDAD | Y92: =+(W92+(W92*X92))*U92 -> 0 | Z92: NO OFERTADO | AB92: 2021DM-0024440 | AC92: 1 | AD92: UNIDAD | AE92: 2000000 | AF92: 0 | AG92: =+(AE92+(AE92*AF92))*AC92 -> 2000000 | AH92: CUMPLE | AK92: 1 | AL92: UNIDAD | AO92: =+(AM92+(AM92*AN92))*AK92 -> 0 | AP92: NO OFERTADO | AS92: 1 | AT92: UNIDAD | AW92: =+(AU92+(AU92*AV92))*AS92 -> 0 | AX92: NO OFERTADO | BA92: 1 | BB92: UNIDAD | BE92: =+(BC92+(BC92*BD92))*BA92 -> 0 | BF92: NO OFERTADO | BI92: 1 | BJ92: UNIDAD | BM92: =+(BK92+(BK92*BL92))*BI92 -> 0 | BN92: NO OFERTADO | BQ92: 1 | BR92: UNIDAD | BU92: =+(BS92+(BS92*BT92))*BQ92 -> 0 | BV92: NO OFERTADO | BY92: 1 | BZ92: UNIDAD | CC92: =+(CA92+(CA92*CB92))*BY92 -> 0 | CD92: NO OFERTADO | CG92: 1 | CH92: UNIDAD | CK92: =+(CI92+(CI92*CJ92))*CG92 -> 0 | CL92: NO OFERTADO | CN92: 2018DM-0000665R1 | CO92: 1 | CP92: UNIDAD | CQ92: 3275000 | CS92: =+(CQ92+(CQ92*CR92))*CO92 -> 3275000 | CT92: CUMPLE | CV92: 2023DM-0008815-R1 | CW92: 1 | CX92: UNIDAD | CY92: 185400 | CZ92: 0 | DA92: =+(CY92+(CY92*CZ92))*CW92 -> 185400 | DB92: NO CUMPLE | DC92: NO TIENE CILINDRO AUTOESPANDIBLE Y NO TIENE SEPARADOR ABDOMINAL PARA COLOCACION | DE92: 1 | DF92: UNIDAD | DI92: =+(DG92+(DG92*DH92))*DE92 -> 0 | DJ92: NO OFERTADO | DM92: 1 | DN92: UNIDAD | DQ92: =+(DO92+(DO92*DP92))*DM92 -> 0 | DR92: NO OFERTADO | DU92: 1 | DV92: UNIDAD | DY92: =+(DW92+(DW92*DX92))*DU92 -> 0 | DZ92: NO OFERTADO | EC92: 1 | ED92: UNIDAD | EG92: $ - | EH92: NO OFERTADO | EK92: 1 | EL92: UNIDAD | EO92: =+(EM92+(EM92*EN92))*EK92 -> 0 | EP92: NO OFERTADO
B93: 2 | C93: Tornillo de Fijacion Abiertos y Cerrados | E93: 1 | F93: UNIDAD | I93: =+(G93+(G93*H93))*E93 -> 0 | M93: 1 | N93: UNIDAD | Q93: =+(O93+(O93*P93))*M93 -> 0 | U93: 1 | V93: UNIDAD | Y93: =+(W93+(W93*X93))*U93 -> 0 | AB93: 2021DM-0024440 | AC93: 1 | AD93: UNIDAD | AE93: 520000 | AF93: 0 | AG93: =+(AE93+(AE93*AF93))*AC93 -> 520000 | AK93: 1 | AL93: UNIDAD | AO93: =+(AM93+(AM93*AN93))*AK93 -> 0 | AS93: 1 | AT93: UNIDAD | AW93: =+(AU93+(AU93*AV93))*AS93 -> 0 | BA93: 1 | BB93: UNIDAD | BE93: =+(BC93+(BC93*BD93))*BA93 -> 0 | BI93: 1 | BJ93: UNIDAD | BM93: =+(BK93+(BK93*BL93))*BI93 -> 0 | BQ93: 1 | BR93: UNIDAD | BU93: =+(BS93+(BS93*BT93))*BQ93 -> 0 | BY93: 1 | BZ93: UNIDAD | CC93: =+(CA93+(CA93*CB93))*BY93 -> 0 | CG93: 1 | CH93: UNIDAD | CK93: =+(CI93+(CI93*CJ93))*CG93 -> 0 | CN93: 2018DM-0000665R1 | CO93: 1 | CP93: UNIDAD | CQ93: 769300 | CS93: =+(CQ93+(CQ93*CR93))*CO93 -> 769300 | CV93: 2023DM-0008815-R1 | CW93: 1 | CX93: UNIDAD | CY93: 185400 | CZ93: 0 | DA93: =+(CY93+(CY93*CZ93))*CW93 -> 185400 | DE93: 1 | DF93: UNIDAD | DI93: =+(DG93+(DG93*DH93))*DE93 -> 0 | DM93: 1 | DN93: UNIDAD | DQ93: =+(DO93+(DO93*DP93))*DM93 -> 0 | DU93: 1 | DV93: UNIDAD | DY93: =+(DW93+(DW93*DX93))*DU93 -> 0 | EC93: 1 | ED93: UNIDAD | EG93: $ - | EK93: 1 | EL93: UNIDAD | EO93: =+(EM93+(EM93*EN93))*EK93 -> 0
C94: TOTAL | I94: =SUM(I92:I93) -> 0 | Q94: =SUM(Q92:Q93) -> 0 | Y94: =SUM(Y92:Y93) -> 0 | AG94: =SUM(AG92:AG93) -> 2520000 | AO94: =SUM(AO92:AO93) -> 0 | AW94: =SUM(AW92:AW93) -> 0 | BE94: =SUM(BE92:BE93) -> 0 | BM94: =SUM(BM92:BM93) -> 0 | BU94: =SUM(BU92:BU93) -> 0 | CC94: =SUM(CC92:CC93) -> 0 | CK94: =SUM(CK92:CK93) -> 0 | CS94: =SUM(CS92:CS93) -> 4044300 | DA94: =SUM(DA92:DA93) -> 370800 | DI94: =SUM(DI92:DI93) -> 0 | DQ94: =SUM(DQ92:DQ93) -> 0 | DY94: =SUM(DY92:DY93) -> 0 | EG94: $ - | EO94: =SUM(EO92:EO93) -> 0
B95: 5.2. Kit de Reemplazo Corporal Toraco - Lumbar con Malla
B96: Item | C96: Descripcion | D96: REGISTRO INVIMA | E96: Cant. | F96: UNIDAD DE MEDIDA | G96: V/r Unit | H96: IVA | I96: V/r Total | J96: CUMPLE/ NO CUMPLE/ NO OFERTA | K96: OBSERVACIONES | L96: REGISTRO INVIMA | M96: Cant. | N96: UNIDAD DE MEDIDA | O96: V/r Unit | P96: IVA | Q96: V/r Total | R96: CUMPLE/ NO CUMPLE/ NO OFERTA | S96: OBSERVACIONES | T96: REGISTRO INVIMA | U96: Cant. | V96: UNIDAD DE MEDIDA | W96: V/r Unit | X96: IVA | Y96: V/r Total | Z96: CUMPLE/ NO CUMPLE/ NO OFERTA | AA96: OBSERVACIONES | AB96: REGISTRO INVIMA | AC96: Cant. | AD96: UNIDAD DE MEDIDA | AE96: V/r Unit | AF96: IVA | AG96: V/r Total | AH96: CUMPLE/ NO CUMPLE/ NO OFERTA | AI96: OBSERVACIONES | AJ96: REGISTRO INVIMA | AK96: Cant. | AL96: UNIDAD DE MEDIDA | AM96: V/r Unit | AN96: IVA | AO96: V/r Total | AP96: CUMPLE/ NO CUMPLE/ NO OFERTA | AQ96: OBSERVACIONES | AR96: REGISTRO INVIMA | AS96: Cant. | AT96: UNIDAD DE MEDIDA | AU96: V/r Unit | AV96: IVA | AW96: V/r Total | AX96: CUMPLE/ NO CUMPLE/ NO OFERTA | AY96: OBSERVACIONES | AZ96: REGISTRO INVIMA | BA96: Cant. | BB96: UNIDAD DE MEDIDA | BC96: V/r Unit | BD96: IVA | BE96: V/r Total | BF96: CUMPLE/ NO CUMPLE/ NO OFERTA | BG96: OBSERVACIONES | BH96: REGISTRO INVIMA | BI96: Cant. | BJ96: UNIDAD DE MEDIDA | BK96: V/r Unit | BL96: IVA | BM96: V/r Total | BN96: CUMPLE/ NO CUMPLE/ NO OFERTA | BO96: OBSERVACIONES | BP96: REGISTRO INVIMA | BQ96: Cant. | BR96: UNIDAD DE MEDIDA | BS96: V/r Unit | BT96: IVA | BU96: V/r Total | BV96: CUMPLE/ NO CUMPLE/ NO OFERTA | BW96: OBSERVACIONES | BX96: REGISTRO INVIMA | BY96: Cant. | BZ96: UNIDAD DE MEDIDA | CA96: V/r Unit | CB96: IVA | CC96: V/r Total | CD96: CUMPLE/ NO CUMPLE/ NO OFERTA | CE96: OBSERVACIONES | CF96: REGISTRO INVIMA | CG96: Cant. | CH96: UNIDAD DE MEDIDA | CI96: V/r Unit | CJ96: IVA | CK96: V/r Total | CL96: CUMPLE/ NO CUMPLE/ NO OFERTA | CM96: OBSERVACIONES | CN96: REGISTRO INVIMA | CO96: Cant. | CP96: UNIDAD DE MEDIDA | CQ96: V/r Unit | CR96: IVA | CS96: V/r Total | CT96: CUMPLE/ NO CUMPLE/ NO OFERTA | CU96: OBSERVACIONES | CV96: REGISTRO INVIMA | CW96: Cant. | CX96: UNIDAD DE MEDIDA | CY96: V/r Unit | CZ96: IVA | DA96: V/r Total | DB96: CUMPLE/ NO CUMPLE/ NO OFERTA | DC96: OBSERVACIONES | DD96: REGISTRO INVIMA | DE96: Cant. | DF96: UNIDAD DE MEDIDA | DG96: V/r Unit | DH96: IVA | DI96: V/r Total | DJ96: CUMPLE/ NO CUMPLE/ NO OFERTA | DK96: OBSERVACIONES | DL96: REGISTRO INVIMA | DM96: Cant. | DN96: UNIDAD DE MEDIDA | DO96: V/r Unit | DP96: IVA | DQ96: V/r Total | DR96: CUMPLE/ NO CUMPLE/ NO OFERTA | DS96: OBSERVACIONES | DT96: REGISTRO INVIMA | DU96: Cant. | DV96: UNIDAD DE MEDIDA | DW96: V/r Unit | DX96: IVA | DY96: V/r Total | DZ96: CUMPLE/ NO CUMPLE/ NO OFERTA | EA96: OBSERVACIONES | EB96: REGISTRO INVIMA | EC96: Cant. | ED96: UNIDAD DE MEDIDA | EE96: V/r Unit | EF96: IVA | EG96: V/r Total | EH96: CUMPLE/ NO CUMPLE/ NO OFERTA | EI96: OBSERVACIONES | EJ96: REGISTRO INVIMA | EK96: Cant. | EL96: UNIDAD DE MEDIDA | EM96: V/r Unit | EN96: IVA | EO96: V/r Total | EP96: CUMPLE/ NO CUMPLE/ NO OFERTA | EQ96: OBSERVACIONES
B97: 1 | C97: Malla de Diametro de 12 a 16 mm, Longitudes de 20 mm a 80 mm | E97: 1 | F97: UNIDAD | I97: =+(G97+(G97*H97))*E97 -> 0 | J97: NO OFERTADO | M97: 1 | N97: UNIDAD | Q97: =+(O97+(O97*P97))*M97 -> 0 | R97: NO OFERTADO | U97: 1 | V97: UNIDAD | Y97: =+(W97+(W97*X97))*U97 -> 0 | Z97: NO OFERTADO | AB97: INVIMA 2018DM-0000681-R1 | AC97: 1 | AD97: UNIDAD | AE97: 2448000 | AF97: 0 | AG97: =+(AE97+(AE97*AF97))*AC97 -> 2448000 | AH97: CUMPLE | AK97: 1 | AL97: UNIDAD | AO97: =+(AM97+(AM97*AN97))*AK97 -> 0 | AP97: NO OFERTADO | AS97: 1 | AT97: UNIDAD | AW97: =+(AU97+(AU97*AV97))*AS97 -> 0 | AX97: NO OFERTADO | BA97: 1 | BB97: UNIDAD | BE97: =+(BC97+(BC97*BD97))*BA97 -> 0 | BF97: NO OFERTADO | BI97: 1 | BJ97: UNIDAD | BM97: =+(BK97+(BK97*BL97))*BI97 -> 0 | BN97: NO OFERTADO | BQ97: 1 | BR97: UNIDAD | BU97: =+(BS97+(BS97*BT97))*BQ97 -> 0 | BV97: NO OFERTADO | BY97: 1 | BZ97: UNIDAD | CC97: =+(CA97+(CA97*CB97))*BY97 -> 0 | CD97: NO OFERTADO | CG97: 1 | CH97: UNIDAD | CK97: =+(CI97+(CI97*CJ97))*CG97 -> 0 | CL97: NO OFERTADO | CN97: 2018DM-0001064-R1 | CO97: 1 | CP97: UNIDAD | CQ97: 2554500 | CS97: =+(CQ97+(CQ97*CR97))*CO97 -> 2554500 | CT97: CUMPLE | CV97: 2023DM-0008815-R1 | CW97: 1 | CX97: UNIDAD | CY97: 637200 | CZ97: 0 | DA97: =+(CY97+(CY97*CZ97))*CW97 -> 637200 | DB97: NO CUMPLE | DC97: NO TIENE CILINDRO AUTOESPANDIBLE Y NO TIENE SEPARADOR ABDOMINAL PARA COLOCACION | DE97: 1 | DF97: UNIDAD | DI97: =+(DG97+(DG97*DH97))*DE97 -> 0 | DJ97: NO OFERTADO | DL97: 2022DM-0026042 | DM97: 1 | DN97: UNIDAD | DO97: 1477069 | DP97: 0 | DQ97: =+(DO97+(DO97*DP97))*DM97 -> 1477069 | DR97: CUMPLE | DU97: 1 | DV97: UNIDAD | DY97: =+(DW97+(DW97*DX97))*DU97 -> 0 | DZ97: NO OFERTADO | EC97: 1 | ED97: UNIDAD | EG97: $ - | EH97: NO OFERTADO | EK97: 1 | EL97: UNIDAD | EO97: =+(EM97+(EM97*EN97))*EK97 -> 0 | EP97: NO OFERTADO
B98: 2 | C98: Placas o Anillos Terminales | E98: 1 | F98: UNIDAD | I98: =+(G98+(G98*H98))*E98 -> 0 | M98: 1 | N98: UNIDAD | Q98: =+(O98+(O98*P98))*M98 -> 0 | U98: 1 | V98: UNIDAD | Y98: =+(W98+(W98*X98))*U98 -> 0 | AB98: INVIMA 2018DM-0000681-R1 | AC98: 1 | AD98: UNIDAD | AE98: 841600 | AF98: 0 | AG98: =+(AE98+(AE98*AF98))*AC98 -> 841600 | AK98: 1 | AL98: UNIDAD | AO98: =+(AM98+(AM98*AN98))*AK98 -> 0 | AS98: 1 | AT98: UNIDAD | AW98: =+(AU98+(AU98*AV98))*AS98 -> 0 | BA98: 1 | BB98: UNIDAD | BE98: =+(BC98+(BC98*BD98))*BA98 -> 0 | BI98: 1 | BJ98: UNIDAD | BM98: =+(BK98+(BK98*BL98))*BI98 -> 0 | BQ98: 1 | BR98: UNIDAD | BU98: =+(BS98+(BS98*BT98))*BQ98 -> 0 | BY98: 1 | BZ98: UNIDAD | CC98: =+(CA98+(CA98*CB98))*BY98 -> 0 | CG98: 1 | CH98: UNIDAD | CK98: =+(CI98+(CI98*CJ98))*CG98 -> 0 | CN98: 2018DM-0001064-R1 | CO98: 1 | CP98: UNIDAD | CQ98: 686600 | CS98: =+(CQ98+(CQ98*CR98))*CO98 -> 686600 | CV98: 2023DM-0008815-R1 | CW98: 1 | CX98: UNIDAD | CY98: 336600 | CZ98: 0 | DA98: =+(CY98+(CY98*CZ98))*CW98 -> 336600 | DE98: 1 | DF98: UNIDAD | DI98: =+(DG98+(DG98*DH98))*DE98 -> 0 | DL98: 2022DM-0026042 | DM98: 1 | DN98: UNIDAD | DO98: 868207 | DP98: 0 | DQ98: =+(DO98+(DO98*DP98))*DM98 -> 868207 | DU98: 1 | DV98: UNIDAD | DY98: =+(DW98+(DW98*DX98))*DU98 -> 0 | EC98: 1 | ED98: UNIDAD | EG98: $ - | EK98: 1 | EL98: UNIDAD | EO98: =+(EM98+(EM98*EN98))*EK98 -> 0
C99: TOTAL | I99: =SUM(I97:I98) -> 0 | Q99: =SUM(Q97:Q98) -> 0 | Y99: =SUM(Y97:Y98) -> 0 | AG99: =SUM(AG97:AG98) -> 3289600 | AO99: =SUM(AO97:AO98) -> 0 | AW99: =SUM(AW97:AW98) -> 0 | BE99: =SUM(BE97:BE98) -> 0 | BM99: =SUM(BM97:BM98) -> 0 | BU99: =SUM(BU97:BU98) -> 0 | CC99: =SUM(CC97:CC98) -> 0 | CK99: =SUM(CK97:CK98) -> 0 | CS99: =SUM(CS97:CS98) -> 3241100 | DA99: =SUM(DA97:DA98) -> 973800 | DI99: =SUM(DI97:DI98) -> 0 | DQ99: =SUM(DQ97:DQ98) -> 2345276 | DY99: =SUM(DY97:DY98) -> 0 | EG99: $ - | EO99: =SUM(EO97:EO98) -> 0
B100: 5.3. Kit de Reemplazo Corporal Toraco - Lumbar con Dispositivo Autoexpandible
B101: Item | C101: Descripcion | D101: REGISTRO INVIMA | E101: Cant. | F101: UNIDAD DE MEDIDA | G101: V/r Unit | H101: IVA | I101: V/r Total | J101: CUMPLE/ NO CUMPLE/ NO OFERTA | K101: OBSERVACIONES | L101: REGISTRO INVIMA | M101: Cant. | N101: UNIDAD DE MEDIDA | O101: V/r Unit | P101: IVA | Q101: V/r Total | R101: CUMPLE/ NO CUMPLE/ NO OFERTA | S101: OBSERVACIONES | T101: REGISTRO INVIMA | U101: Cant. | V101: UNIDAD DE MEDIDA | W101: V/r Unit | X101: IVA | Y101: V/r Total | Z101: CUMPLE/ NO CUMPLE/ NO OFERTA | AA101: OBSERVACIONES | AB101: REGISTRO INVIMA | AC101: Cant. | AD101: UNIDAD DE MEDIDA | AE101: V/r Unit | AF101: IVA | AG101: V/r Total | AH101: CUMPLE/ NO CUMPLE/ NO OFERTA | AI101: OBSERVACIONES | AJ101: REGISTRO INVIMA | AK101: Cant. | AL101: UNIDAD DE MEDIDA | AM101: V/r Unit | AN101: IVA | AO101: V/r Total | AP101: CUMPLE/ NO CUMPLE/ NO OFERTA | AQ101: OBSERVACIONES | AR101: REGISTRO INVIMA | AS101: Cant. | AT101: UNIDAD DE MEDIDA | AU101: V/r Unit | AV101: IVA | AW101: V/r Total | AX101: CUMPLE/ NO CUMPLE/ NO OFERTA | AY101: OBSERVACIONES | AZ101: REGISTRO INVIMA | BA101: Cant. | BB101: UNIDAD DE MEDIDA | BC101: V/r Unit | BD101: IVA | BE101: V/r Total | BF101: CUMPLE/ NO CUMPLE/ NO OFERTA | BG101: OBSERVACIONES | BH101: REGISTRO INVIMA | BI101: Cant. | BJ101: UNIDAD DE MEDIDA | BK101: V/r Unit | BL101: IVA | BM101: V/r Total | BN101: CUMPLE/ NO CUMPLE/ NO OFERTA | BO101: OBSERVACIONES | BP101: REGISTRO INVIMA | BQ101: Cant. | BR101: UNIDAD DE MEDIDA | BS101: V/r Unit | BT101: IVA | BU101: V/r Total | BV101: CUMPLE/ NO CUMPLE/ NO OFERTA | BW101: OBSERVACIONES | BX101: REGISTRO INVIMA | BY101: Cant. | BZ101: UNIDAD DE MEDIDA | CA101: V/r Unit | CB101: IVA | CC101: V/r Total | CD101: CUMPLE/ NO CUMPLE/ NO OFERTA | CE101: OBSERVACIONES | CF101: REGISTRO INVIMA | CG101: Cant. | CH101: UNIDAD DE MEDIDA | CI101: V/r Unit | CJ101: IVA | CK101: V/r Total | CL101: CUMPLE/ NO CUMPLE/ NO OFERTA | CM101: OBSERVACIONES | CN101: REGISTRO INVIMA | CO101: Cant. | CP101: UNIDAD DE MEDIDA | CQ101: V/r Unit | CR101: IVA | CS101: V/r Total | CT101: CUMPLE/ NO CUMPLE/ NO OFERTA | CU101: OBSERVACIONES | CV101: REGISTRO INVIMA | CW101: Cant. | CX101: UNIDAD DE MEDIDA | CY101: V/r Unit | CZ101: IVA | DA101: V/r Total | DB101: CUMPLE/ NO CUMPLE/ NO OFERTA | DC101: OBSERVACIONES | DD101: REGISTRO INVIMA | DE101: Cant. | DF101: UNIDAD DE MEDIDA | DG101: V/r Unit | DH101: IVA | DI101: V/r Total | DJ101: CUMPLE/ NO CUMPLE/ NO OFERTA | DK101: OBSERVACIONES | DL101: REGISTRO INVIMA | DM101: Cant. | DN101: UNIDAD DE MEDIDA | DO101: V/r Unit | DP101: IVA | DQ101: V/r Total | DR101: CUMPLE/ NO CUMPLE/ NO OFERTA | DS101: OBSERVACIONES | DT101: REGISTRO INVIMA | DU101: Cant. | DV101: UNIDAD DE MEDIDA | DW101: V/r Unit | DX101: IVA | DY101: V/r Total | DZ101: CUMPLE/ NO CUMPLE/ NO OFERTA | EA101: OBSERVACIONES | EB101: REGISTRO INVIMA | EC101: Cant. | ED101: UNIDAD DE MEDIDA | EE101: V/r Unit | EF101: IVA | EG101: V/r Total | EH101: CUMPLE/ NO CUMPLE/ NO OFERTA | EI101: OBSERVACIONES | EJ101: REGISTRO INVIMA | EK101: Cant. | EL101: UNIDAD DE MEDIDA | EM101: V/r Unit | EN101: IVA | EO101: V/r Total | EP101: CUMPLE/ NO CUMPLE/ NO OFERTA | EQ101: OBSERVACIONES
B102: 1 | C102: Cilindro Autoexpandible Toracolumbar | E102: 1 | F102: UNIDAD | I102: =+(G102+(G102*H102))*E102 -> 0 | J102: NO OFERTADO | L102: 2021DM-0024477 | M102: 1 | N102: UNIDAD | O102: 11770437 | P102: 0 | Q102: =+(O102+(O102*P102))*M102 -> 11770437 | R102: NO CUMPLE | S102: no cuenta con placa anterior | U102: 1 | V102: UNIDAD | Y102: =+(W102+(W102*X102))*U102 -> 0 | Z102: NO OFERTADO | AC102: 1 | AD102: UNIDAD | AG102: =+(AE102+(AE102*AF102))*AC102 -> 0 | AH102: NO OFERTADO | AK102: 1 | AL102: UNIDAD | AO102: =+(AM102+(AM102*AN102))*AK102 -> 0 | AP102: NO OFERTADO | AS102: 1 | AT102: UNIDAD | AW102: =+(AU102+(AU102*AV102))*AS102 -> 0 | AX102: NO OFERTADO | BA102: 1 | BB102: UNIDAD | BE102: =+(BC102+(BC102*BD102))*BA102 -> 0 | BF102: NO OFERTADO | BI102: 1 | BJ102: UNIDAD | BM102: =+(BK102+(BK102*BL102))*BI102 -> 0 | BN102: NO OFERTADO | BQ102: 1 | BR102: UNIDAD | BU102: =+(BS102+(BS102*BT102))*BQ102 -> 0 | BV102: NO OFERTADO | BY102: 1 | BZ102: UNIDAD | CC102: =+(CA102+(CA102*CB102))*BY102 -> 0 | CD102: NO OFERTADO | CG102: 1 | CH102: UNIDAD | CK102: =+(CI102+(CI102*CJ102))*CG102 -> 0 | CL102: NO OFERTADO | CN102: 2021DM-0006996-R1 | CO102: 1 | CP102: UNIDAD | CQ102: 10019900 | CS102: =+(CQ102+(CQ102*CR102))*CO102 -> 10019900 | CT102: CUMPLE | CW102: 1 | CX102: UNIDAD | DA102: =+(CY102+(CY102*CZ102))*CW102 -> 0 | DB102: NO OFERTADO | DE102: 1 | DF102: UNIDAD | DI102: =+(DG102+(DG102*DH102))*DE102 -> 0 | DJ102: NO OFERTADO | DL102: 2022DM-0026042 | DM102: 1 | DN102: UNIDAD | DO102: 5462848.6 | DP102: 0 | DQ102: =+(DO102+(DO102*DP102))*DM102 -> 5462848.6 | DR102: CUMPLE | DU102: 1 | DV102: UNIDAD | DY102: =+(DW102+(DW102*DX102))*DU102 -> 0 | DZ102: NO OFERTADO | EC102: 1 | ED102: UNIDAD | EG102: $ - | EH102: NO OFERTADO | EK102: 1 | EL102: UNIDAD | EO102: =+(EM102+(EM102*EN102))*EK102 -> 0 | EP102: NO OFERTADO
B103: 2 | C103: Placa Para Via Anterior | E103: 1 | F103: UNIDAD | I103: =+(G103+(G103*H103))*E103 -> 0 | M103: 1 | N103: UNIDAD | Q103: =+(O103+(O103*P103))*M103 -> 0 | U103: 1 | V103: UNIDAD | Y103: =+(W103+(W103*X103))*U103 -> 0 | AC103: 1 | AD103: UNIDAD | AG103: =+(AE103+(AE103*AF103))*AC103 -> 0 | AK103: 1 | AL103: UNIDAD | AO103: =+(AM103+(AM103*AN103))*AK103 -> 0 | AS103: 1 | AT103: UNIDAD | AW103: =+(AU103+(AU103*AV103))*AS103 -> 0 | BA103: 1 | BB103: UNIDAD | BE103: =+(BC103+(BC103*BD103))*BA103 -> 0 | BI103: 1 | BJ103: UNIDAD | BM103: =+(BK103+(BK103*BL103))*BI103 -> 0 | BQ103: 1 | BR103: UNIDAD | BU103: =+(BS103+(BS103*BT103))*BQ103 -> 0 | BY103: 1 | BZ103: UNIDAD | CC103: =+(CA103+(CA103*CB103))*BY103 -> 0 | CG103: 1 | CH103: UNIDAD | CK103: =+(CI103+(CI103*CJ103))*CG103 -> 0 | CN103: 2021DM-0006996-R1 | CO103: 1 | CP103: UNIDAD | CQ103: 2544600 | CS103: =+(CQ103+(CQ103*CR103))*CO103 -> 2544600 | CW103: 1 | CX103: UNIDAD | DA103: =+(CY103+(CY103*CZ103))*CW103 -> 0 | DE103: 1 | DF103: UNIDAD | DI103: =+(DG103+(DG103*DH103))*DE103 -> 0 | DL103: 2022DM-0026042 | DM103: 1 | DN103: UNIDAD | DO103: 1087734 | DP103: 0 | DQ103: =+(DO103+(DO103*DP103))*DM103 -> 1087734 | DU103: 1 | DV103: UNIDAD | DY103: =+(DW103+(DW103*DX103))*DU103 -> 0 | EC103: 1 | ED103: UNIDAD | EG103: $ - | EK103: 1 | EL103: UNIDAD | EO103: =+(EM103+(EM103*EN103))*EK103 -> 0
...

Sheet REEMPLAZOS ARTICULARES 
B2: GRUPO REEMPLAZOS ARTICULARES
D6: AMAREY NOVA MEDICAL S.A | L6: BIOART S.A | T6: DIPROMEDICOS S.AS | AB6: DISORTHO S.A.S | AJ6: EDM EQUIPOS Y DISPOSITIVOS MEDICOS S.AS | AR6: EXEL MEDICAL S.A.S | AZ6: IMPLAMEQ S.A.S | BH6: INNOMED S.A | BP6: JYJ MEDTECH | BX6: LOGYSMED | CF6: MEDIREX S.A.S | CN6: NEUROSPINE S.A.S | CV6: ORTOMAC S.A.S | DD6: OSTEOTECH IMPLANTES QUIRURGICOS S.A.S | DL6: PROMED QUIRURGICOS | DT6: SAMPEDRO S.A | EB6: SMITH & NEPHEW COLOMBIA SAS | EJ6: W. LORENZ HOLDING S.A.S
G7: ITEM | H7: DESCRIPCION | O7: ITEM | P7: DESCRIPCION | W7: ITEM | X7: DESCRIPCION | AE7: ITEM | AF7: DESCRIPCION | AM7: ITEM | AN7: DESCRIPCION | AU7: ITEM | AV7: DESCRIPCION | BC7: ITEM | BD7: DESCRIPCION | BK7: ITEM | BL7: DESCRIPCION | BS7: ITEM | BT7: DESCRIPCION | CA7: ITEM | CB7: DESCRIPCION | CI7: ITEM | CJ7: DESCRIPCION | CQ7: ITEM | CR7: DESCRIPCION | CY7: ITEM | CZ7: DESCRIPCION | DG7: ITEM | DH7: DESCRIPCION | DO7: ITEM | DP7: DESCRIPCION | DW7: ITEM | DX7: DESCRIPCION | EE7: ITEM | EF7: DESCRIPCION | EM7: ITEM | EN7: DESCRIPCION
B8: 1. PROTESIS PARA REEMPLAZO TOTAL DE CADERA PRIMARIA | G8: APOYO TECNOLOGICO: | O8: APOYO TECNOLOGICO: | P8: MOTOR ELECTRICO, INSTRUMENTAL Y SEPARADORES NECESARIOS PARA LA COLOCACIÓN DEL MATERIAL | W8: APOYO TECNOLOGICO: | X8: SEPARADORES ESPECIALES DE COLUMNA Y CADERA, MOTORES, SIERRAS E INSTRUMENTAL NECESARIO REQUERIDOS PARA LA IMPLANTACION DEL MATERIAL | AE8: APOYO TECNOLOGICO: | AF8: el Indicado en la hoja OBSERVACIONES APOYO TECNOLOGICO por linea | AM8: APOYO TECNOLOGICO: | AU8: APOYO TECNOLOGICO: | BC8: APOYO TECNOLOGICO: | BK8: APOYO TECNOLOGICO: | BS8: APOYO TECNOLOGICO: | CA8: APOYO TECNOLOGICO: | CI8: APOYO TECNOLOGICO: | CQ8: APOYO TECNOLOGICO: | CY8: APOYO TECNOLOGICO: | DG8: APOYO TECNOLOGICO: | DH8: SEPARADORES ESPECIALES DE COLUMNA Y CADERA, MOTORES, SIERRAS E INSTRUMENTAL NECESARIO REQUERIDOS PARA LA IMPLANTACION DEL MATERIAL | DO8: APOYO TECNOLOGICO: | DW8: APOYO TECNOLOGICO: | EE8: APOYO TECNOLOGICO: | EF8: SEPARADORES ESPECIALES DE COLUMNA Y CADERA, MOTORES, SIERRAS E INSTRUMENTAL NECESARIO REQUERIDOS PARA LA IMPLANTACION DEL MATERIAL | EM8: APOYO TECNOLOGICO:
C9: 1.1 Kit Protesis Total de Cadera Primaria Cementada y no Cementada con Opciones de Cabezas de Tamaño 32 mm | EF9: DEBERA CONTAR CON BROCAS, TARRAJAS Y TODO EL INSTRUMENTAL REQUERIDO PARA LA FIJACION DEL MATERIAL DE OSTEOSINTESIS, MOTORES DISPONIBLES EN SISTEMAS NEUMATICOS, DE BATERIA Y/O ELECTRICO CON TORQUE, POTENCIA, DISEÑO ERGONOMICO Y TAMAÑO DE ACUERDO AL PROCEDIMIENTO QUIRURGICO A REALIZAR, LOS CUALES DEBERAN SER INCLUIDOS CON LAS SOLICITUDES DE MATERIAL DE OSTEOSINTESIS Y CON POSIBILIDAD DE MANTENER EN STOCK DE ACUERDO A LAS NECESIDADES. SUMINISTRAR EL INSTRUMENTAL NECESARIO PARA EL RETIRO DEL MISMO ( SET DE TORNILLOS ROTOS EN CASO QUE SE REQUIERA) , DISPONIBILIDAD SET DE TORNILLOS ROTOS, EN EL CASO QUE EL SET INCLUYA CLAVOS DE KIRSCHNER O DE STEIMMAN DEBEN INCLUIR EL INSTRUMENTAL PARA SU RESPECTIVO CORTE Y COLOCACION.
B10: Item | C10: Descripcion | D10: Registro INVIMA | E10: Cant. | F10: Unidad de Medida | G10: V/r Unit | H10: IVA | I10: V/r Total | J10: CUMPLE/ NO CUMPLE/ NO OFERTA | K10: OBSERVACIONES | L10: Registro INVIMA | M10: Cant. | N10: Unidad de Medida | O10: V/r Unit | P10: IVA | Q10: V/r Total | R10: CUMPLE/ NO CUMPLE/ NO OFERTA | S10: OBSERVACIONES | T10: Registro INVIMA | U10: Cant. | V10: Unidad de Medida | W10: V/r Unit | X10: IVA | Y10: V/r Total | Z10: CUMPLE/ NO CUMPLE/ NO OFERTA | AA10: OBSERVACIONES | AB10: Registro INVIMA | AC10: Cant. | AD10: Unidad de Medida | AE10: V/r Unit | AF10: IVA | AG10: V/r Total | AH10: CUMPLE/ NO CUMPLE/ NO OFERTA | AI10: OBSERVACIONES | AJ10: Registro INVIMA | AK10: Cant. | AL10: Unidad de Medida | AM10: V/r Unit | AN10: IVA | AO10: V/r Total | AP10: CUMPLE/ NO CUMPLE/ NO OFERTA | AQ10: OBSERVACIONES | AR10: Registro INVIMA | AS10: Cant. | AT10: Unidad de Medida | AU10: V/r Unit | AV10: IVA | AW10: V/r Total | AX10: CUMPLE/ NO CUMPLE/ NO OFERTA | AY10: OBSERVACIONES | AZ10: Registro INVIMA | BA10: Cant. | BB10: Unidad de Medida | BC10: V/r Unit | BD10: IVA | BE10: V/r Total | BF10: CUMPLE/ NO CUMPLE/ NO OFERTA | BG10: OBSERVACIONES | BH10: Registro INVIMA | BI10: Cant. | BJ10: Unidad de Medida | BK10: V/r Unit | BL10: IVA | BM10: V/r Total | BN10: CUMPLE/ NO CUMPLE/ NO OFERTA | BO10: OBSERVACIONES | BP10: Registro INVIMA | BQ10: Cant. | BR10: Unidad de Medida | BS10: V/r Unit | BT10: IVA | BU10: V/r Total | BV10: CUMPLE/ NO CUMPLE/ NO OFERTA | BW10: OBSERVACIONES | BX10: Registro INVIMA | BY10: Cant. | BZ10: Unidad de Medida | CA10: V/r Unit | CB10: IVA | CC10: V/r Total | CD10: CUMPLE/ NO CUMPLE/ NO OFERTA | CE10: OBSERVACIONES | CF10: Registro INVIMA | CG10: Cant. | CH10: Unidad de Medida | CI10: V/r Unit | CJ10: IVA | CK10: V/r Total | CL10: CUMPLE/ NO CUMPLE/ NO OFERTA | CM10: OBSERVACIONES | CN10: Registro INVIMA | CO10: Cant. | CP10: Unidad de Medida | CQ10: V/r Unit | CR10: IVA | CS10: V/r Total | CT10: CUMPLE/ NO CUMPLE/ NO OFERTA | CU10: OBSERVACIONES | CV10: Registro INVIMA | CW10: Cant. | CX10: Unidad de Medida | CY10: V/r Unit | CZ10: IVA | DA10: V/r Total | DB10: CUMPLE/ NO CUMPLE/ NO OFERTA | DC10: OBSERVACIONES | DD10: Registro INVIMA | DE10: Cant. | DF10: Unidad de Medida | DG10: V/r Unit | DH10: IVA | DI10: V/r Total | DJ10: CUMPLE/ NO CUMPLE/ NO OFERTA | DK10: OBSERVACIONES | DL10: Registro INVIMA | DM10: Cant. | DN10: Unidad de Medida | DO10: V/r Unit | DP10: IVA | DQ10: V/r Total | DR10: CUMPLE/ NO CUMPLE/ NO OFERTA | DS10: OBSERVACIONES | DT10: Registro INVIMA | DU10: Cant. | DV10: Unidad de Medida | DW10: V/r Unit | DX10: IVA | DY10: V/r Total | DZ10: CUMPLE/ NO CUMPLE/ NO OFERTA | EA10: OBSERVACIONES | EB10: Registro INVIMA | EC10: Cant. | ED10: Unidad de Medida | EE10: V/r Unit | EF10: IVA | EG10: V/r Total | EH10: CUMPLE/ NO CUMPLE/ NO OFERTA | EI10: OBSERVACIONES | EJ10: Registro INVIMA | EK10: Cant. | EL10: Unidad de Medida | EM10: V/r Unit | EN10: IVA | EO10: V/r Total | EP10: CUMPLE/ NO CUMPLE/ NO OFERTA | EQ10: OBSERVACIONES
B11: 1 | C11: Copa Acetabular Cementada | E11: 1 | F11: UNIDAD | I11: =+(G11+(G11*H11))*E11 -> 0 | J11: NO OFERTADO | L11: 2017DM-0017350 | M11: 1 | N11: UNIDAD | O11: 743056.59 | P11: 0 | Q11: =+(O11+(O11*P11))*M11 -> 743056.59 | R11: CUMPLE | T11: INVIMA 2014DM-0012500 | U11: 1 | V11: UNIDAD | W11: 30000 | X11: 0 | Y11: =+(W11+(W11*X11))*U11 -> 30000 | Z11: CUMPLE | AB11: INVIMA 2019DM-0020226 | AC11: 1 | AD11: UNIDAD | AE11: 800000 | AF11: 0 | AG11: =+(AE11+(AE11*AF11))*AC11 -> 800000 | AH11: CUMPLE | AJ11: 2014DM-0011578 | AK11: 1 | AL11: UNIDAD | AM11: 1119945.1 | AN11: 0 | AO11: =+(AM11+(AM11*AN11))*AK11 -> 1119945.1 | AP11: CUMPLE | AS11: 1 | AT11: UNIDAD | AW11: =+(AU11+(AU11*AV11))*AS11 -> 0 | AX11: NO OFERTADO | BA11: 1 | BB11: UNIDAD | BE11: =+(BC11+(BC11*BD11))*BA11 -> 0 | BF11: NO OFERTADO | BI11: 1 | BJ11: UNIDAD | BM11: =+(BK11+(BK11*BL11))*BI11 -> 0 | BN11: NO OFERTADO | BQ11: 1 | BR11: UNIDAD | BU11: =+(BS11+(BS11*BT11))*BQ11 -> 0 | BV11: NO OFERTADO | BY11: 1 | BZ11: UNIDAD | CC11: =+(CA11+(CA11*CB11))*BY11 -> 0 | CD11: NO OFERTADO | CG11: 1 | CH11: UNIDAD | CK11: =+(CI11+(CI11*CJ11))*CG11 -> 0 | CL11: NO OFERTADO | CO11: 1 | CP11: UNIDAD | CS11: =+(CQ11+(CQ11*CR11))*CO11 -> 0 | CT11: NO OFERTADO | CW11: 1 | CX11: UNIDAD | DA11: =+(CY11+(CY11*CZ11))*CW11 -> 0 | DB11: NO OFERTADO | DD11: INVIMA 2024DM-0028734 | DE11: 1 | DF11: UNIDAD | DG11: 935890 | DH11: 0 | DI11: =+(DG11+(DG11*DH11))*DE11 -> 935890 | DJ11: NO CUMPLE | DK11: lo enviado no corresponde al seguimiento en registros internacionales de sobrevida del implante a largo plazo, se mantiene la calificacion | DM11: 1 | DN11: UNIDAD | DQ11: =+(DO11+(DO11*DP11))*DM11 -> 0 | DR11: NO OFERTADO | DU11: 1 | DV11: UNIDAD | DY11: =+(DW11+(DW11*DX11))*DU11 -> 0 | DZ11: NO OFERTADO | EB11: INVIMA 2024DM-0028428 | EC11: 1 | ED11: UNIDAD | EE11: 850000 | EF11: 0 | EG11: 850000 | EH11: CUMPLE | EK11: 1 | EL11: UNIDAD | EO11: =+(EM11+(EM11*EN11))*EK11 -> 0 | EP11: NO OFERTADO
B12: 2 | C12: Copa Acetabular no Cementada 42 mm | E12: 1 | F12: UNIDAD | I12: =+(G12+(G12*H12))*E12 -> 0 | L12: 2017DM-0017350 | M12: 1 | N12: UNIDAD | O12: 2080172.3 | P12: 0 | Q12: =+(O12+(O12*P12))*M12 -> 2080172.3 | T12: INVIMA 2014DM-0012500 | U12: 1 | V12: UNIDAD | W12: 940000 | X12: 0 | Y12: =+(W12+(W12*X12))*U12 -> 940000 | AB12: INVIMA 2018DM-0019130 | AC12: 1 | AD12: UNIDAD | AE12: 2119900 | AF12: 0 | AG12: =+(AE12+(AE12*AF12))*AC12 -> 2119900 | AJ12: 2014DM-0011578 | AK12: 1 | AL12: UNIDAD | AM12: 2404148.1 | AN12: 0 | AO12: =+(AM12+(AM12*AN12))*AK12 -> 2404148.1 | AS12: 1 | AT12: UNIDAD | AW12: =+(AU12+(AU12*AV12))*AS12 -> 0 | BA12: 1 | BB12: UNIDAD | BE12: =+(BC12+(BC12*BD12))*BA12 -> 0 | BI12: 1 | BJ12: UNIDAD | BM12: =+(BK12+(BK12*BL12))*BI12 -> 0 | BQ12: 1 | BR12: UNIDAD | BU12: =+(BS12+(BS12*BT12))*BQ12 -> 0 | BY12: 1 | BZ12: UNIDAD | CC12: =+(CA12+(CA12*CB12))*BY12 -> 0 | CG12: 1 | CH12: UNIDAD | CK12: =+(CI12+(CI12*CJ12))*CG12 -> 0 | CO12: 1 | CP12: UNIDAD | CS12: =+(CQ12+(CQ12*CR12))*CO12 -> 0 | CW12: 1 | CX12: UNIDAD | DA12: =+(CY12+(CY12*CZ12))*CW12 -> 0 | DD12: INVIMA 2024DM-0028734 | DE12: 1 | DF12: UNIDAD | DG12: 935890 | DH12: 0 | DI12: =+(DG12+(DG12*DH12))*DE12 -> 935890 | DM12: 1 | DN12: UNIDAD | DQ12: =+(DO12+(DO12*DP12))*DM12 -> 0 | DU12: 1 | DV12: UNIDAD | DY12: =+(DW12+(DW12*DX12))*DU12 -> 0 | EB12: INVIMA 2024DM-0028428 | EC12: 1 | ED12: UNIDAD | EE12: 1702000 | EF12: 0 | EG12: 1702000 | EK12: 1 | EL12: UNIDAD | EO12: =+(EM12+(EM12*EN12))*EK12 -> 0
B13: 3 | C13: Cabeza Femoral 32 mm en Cromocobalto | E13: 1 | F13: UNIDAD | I13: =+(G13+(G13*H13))*E13 -> 0 | L13: 2017DM-0017350 | M13: 1 | N13: UNIDAD | O13: 580512.99 | P13: 0 | Q13: =+(O13+(O13*P13))*M13 -> 580512.99 | T13: INVIMA 2014DM-0012500 | U13: 1 | V13: UNIDAD | W13: 1611750 | X13: 0 | Y13: =+(W13+(W13*X13))*U13 -> 1611750 | AB13: INVIMA 2018DM-0019130 | AC13: 1 | AD13: UNIDAD | AE13: 680000 | AF13: 0 | AG13: =+(AE13+(AE13*AF13))*AC13 -> 680000 | AJ13: 2014DM-0011578 | AK13: 1 | AL13: UNIDAD | AM13: 731697.07 | AN13: 0 | AO13: =+(AM13+(AM13*AN13))*AK13 -> 731697.07 | AS13: 1 | AT13: UNIDAD | AW13: =+(AU13+(AU13*AV13))*AS13 -> 0 | BA13: 1 | BB13: UNIDAD | BE13: =+(BC13+(BC13*BD13))*BA13 -> 0 | BI13: 1 | BJ13: UNIDAD | BM13: =+(BK13+(BK13*BL13))*BI13 -> 0 | BQ13: 1 | BR13: UNIDAD | BU13: =+(BS13+(BS13*BT13))*BQ13 -> 0 | BY13: 1 | BZ13: UNIDAD | CC13: =+(CA13+(CA13*CB13))*BY13 -> 0 | CG13: 1 | CH13: UNIDAD | CK13: =+(CI13+(CI13*CJ13))*CG13 -> 0 | CO13: 1 | CP13: UNIDAD | CS13: =+(CQ13+(CQ13*CR13))*CO13 -> 0 | CW13: 1 | CX13: UNIDAD | DA13: =+(CY13+(CY13*CZ13))*CW13 -> 0 | DD13: INVIMA 2024DM-0028734 | DE13: 1 | DF13: UNIDAD | DG13: 1534780 | DH13: 0 | DI13: =+(DG13+(DG13*DH13))*DE13 -> 1534780 | DM13: 1 | DN13: UNIDAD | DQ13: =+(DO13+(DO13*DP13))*DM13 -> 0 | DU13: 1 | DV13: UNIDAD | DY13: =+(DW13+(DW13*DX13))*DU13 -> 0 | EB13: INVIMA 2024DM-0028428 | EC13: 1 | ED13: UNIDAD | EE13: 1830000 | EF13: 0 | EG13: 1830000 | EK13: 1 | EL13: UNIDAD | EO13: =+(EM13+(EM13*EN13))*EK13 -> 0
B14: 4 | C14: Vástago Femoral Cementado | E14: 1 | F14: UNIDAD | I14: =+(G14+(G14*H14))*E14 -> 0 | L14: 2017DM-0017350 | M14: 1 | N14: UNIDAD | O14: 1700540 | P14: 0 | Q14: =+(O14+(O14*P14))*M14 -> 1700540 | T14: INVIMA 2014DM-0012500 | U14: 1 | V14: UNIDAD | W14: 1312500 | X14: 0 | Y14: =+(W14+(W14*X14))*U14 -> 1312500 | AB14: INVIMA 2020DM-0021325 | AC14: 1 | AD14: UNIDAD | AE14: 1800000 | AF14: 0 | AG14: =+(AE14+(AE14*AF14))*AC14 -> 1800000 | AJ14: 2014DM-0011578 | AK14: 1 | AL14: UNIDAD | AM14: 2905585.1 | AN14: 0 | AO14: =+(AM14+(AM14*AN14))*AK14 -> 2905585.1 | AS14: 1 | AT14: UNIDAD | AW14: =+(AU14+(AU14*AV14))*AS14 -> 0 | BA14: 1 | BB14: UNIDAD | BE14: =+(BC14+(BC14*BD14))*BA14 -> 0 | BI14: 1 | BJ14: UNIDAD | BM14: =+(BK14+(BK14*BL14))*BI14 -> 0 | BQ14: 1 | BR14: UNIDAD | BU14: =+(BS14+(BS14*BT14))*BQ14 -> 0 | BY14: 1 | BZ14: UNIDAD | CC14: =+(CA14+(CA14*CB14))*BY14 -> 0 | CG14: 1 | CH14: UNIDAD | CK14: =+(CI14+(CI14*CJ14))*CG14 -> 0 | CO14: 1 | CP14: UNIDAD | CS14: =+(CQ14+(CQ14*CR14))*CO14 -> 0 | CW14: 1 | CX14: UNIDAD | DA14: =+(CY14+(CY14*CZ14))*CW14 -> 0 | DD14: INVIMA 2024DM-0028734 | DE14: 1 | DF14: UNIDAD | DG14: 948950 | DH14: 0 | DI14: =+(DG14+(DG14*DH14))*DE14 -> 948950 | DM14: 1 | DN14: UNIDAD | DQ14: =+(DO14+(DO14*DP14))*DM14 -> 0 | DU14: 1 | DV14: UNIDAD | DY14: =+(DW14+(DW14*DX14))*DU14 -> 0 | EB14: INVIMA 2024DM-0001903-R2 | EC14: 1 | ED14: UNIDAD | EE14: 2678000 | EF14: 0 | EG14: 2678000 | EK14: 1 | EL14: UNIDAD | EO14: =+(EM14+(EM14*EN14))*EK14 -> 0
B15: 5 | C15: Vástago Femoral no Cementado con Recubrimiento en Hidroxiapatita | E15: 1 | F15: UNIDAD | I15: =+(G15+(G15*H15))*E15 -> 0 | L15: 2017DM-0017350 | M15: 1 | N15: UNIDAD | O15: 2558351.2 | P15: 0 | Q15: =+(O15+(O15*P15))*M15 -> 2558351.2 | T15: INVIMA 2014DM-0012500 | U15: 1 | V15: UNIDAD | W15: 1690500 | X15: 0 | Y15: =+(W15+(W15*X15))*U15 -> 1690500 | AB15: INVIMA 2019DM-0019910 | AC15: 1 | AD15: UNIDAD | AE15: 2100000 | AF15: 0 | AG15: =+(AE15+(AE15*AF15))*AC15 -> 2100000 | AJ15: 0 | AK15: 1 | AL15: UNIDAD | AM15: 0 | AN15: 0 | AO15: =+(AM15+(AM15*AN15))*AK15 -> 0 | AS15: 1 | AT15: UNIDAD | AW15: =+(AU15+(AU15*AV15))*AS15 -> 0 | BA15: 1 | BB15: UNIDAD | BE15: =+(BC15+(BC15*BD15))*BA15 -> 0 | BI15: 1 | BJ15: UNIDAD | BM15: =+(BK15+(BK15*BL15))*BI15 -> 0 | BQ15: 1 | BR15: UNIDAD | BU15: =+(BS15+(BS15*BT15))*BQ15 -> 0 | BY15: 1 | BZ15: UNIDAD | CC15: =+(CA15+(CA15*CB15))*BY15 -> 0 | CG15: 1 | CH15: UNIDAD | CK15: =+(CI15+(CI15*CJ15))*CG15 -> 0 | CO15: 1 | CP15: UNIDAD | CS15: =+(CQ15+(CQ15*CR15))*CO15 -> 0 | CW15: 1 | CX15: UNIDAD | DA15: =+(CY15+(CY15*CZ15))*CW15 -> 0 | DD15: INVIMA 2024DM-0028734 | DE15: 1 | DF15: UNIDAD | DG15: 1291468 | DH15: 0 | DI15: =+(DG15+(DG15*DH15))*DE15 -> 1291468 | DM15: 1 | DN15: UNIDAD | DQ15: =+(DO15+(DO15*DP15))*DM15 -> 0 | DU15: 1 | DV15: UNIDAD | DY15: =+(DW15+(DW15*DX15))*DU15 -> 0 | EB15: INVIMA 2024DM-0001903-R2 | EC15: 1 | ED15: UNIDAD | EE15: 2678000 | EF15: 0 | EG15: 2678000 | EK15: 1 | EL15: UNIDAD | EO15: =+(EM15+(EM15*EN15))*EK15 -> 0
B16: 6 | C16: Vástago Femoral no Cementado con Recubrimiento en Hidroxiapatita Lateralizado | E16: 1 | F16: UNIDAD | I16: =+(G16+(G16*H16))*E16 -> 0 | M16: 1 | N16: UNIDAD | O16: 0 | P16: 0 | Q16: =+(O16+(O16*P16))*M16 -> 0 | T16: INVIMA 2014DM-0012500 | U16: 1 | V16: UNIDAD | W16: 1000000 | X16: 0 | Y16: =+(W16+(W16*X16))*U16 -> 1000000 | AB16: INVIMA 2019DM-0019910 | AC16: 1 | AD16: UNIDAD | AE16: 2100000 | AF16: 0 | AG16: =+(AE16+(AE16*AF16))*AC16 -> 2100000 | AJ16: 0 | AK16: 1 | AL16: UNIDAD | AM16: 0 | AN16: 0 | AO16: =+(AM16+(AM16*AN16))*AK16 -> 0 | AS16: 1 | AT16: UNIDAD | AW16: =+(AU16+(AU16*AV16))*AS16 -> 0 | BA16: 1 | BB16: UNIDAD | BE16: =+(BC16+(BC16*BD16))*BA16 -> 0 | BI16: 1 | BJ16: UNIDAD | BM16: =+(BK16+(BK16*BL16))*BI16 -> 0 | BQ16: 1 | BR16: UNIDAD | BU16: =+(BS16+(BS16*BT16))*BQ16 -> 0 | BY16: 1 | BZ16: UNIDAD | CC16: =+(CA16+(CA16*CB16))*BY16 -> 0 | CG16: 1 | CH16: UNIDAD | CK16: =+(CI16+(CI16*CJ16))*CG16 -> 0 | CO16: 1 | CP16: UNIDAD | CS16: =+(CQ16+(CQ16*CR16))*CO16 -> 0 | CW16: 1 | CX16: UNIDAD | DA16: =+(CY16+(CY16*CZ16))*CW16 -> 0 | DD16: INVIMA 2024DM-0028734 | DE16: 1 | DF16: UNIDAD | DG16: 1121450 | DH16: 0 | DI16: =+(DG16+(DG16*DH16))*DE16 -> 1121450 | DM16: 1 | DN16: UNIDAD | DQ16: =+(DO16+(DO16*DP16))*DM16 -> 0 | DU16: 1 | DV16: UNIDAD | DY16: =+(DW16+(DW16*DX16))*DU16 -> 0 | EB16: INVIMA 2024DM-0001903-R2 | EC16: 1 | ED16: UNIDAD | EE16: 2678000 | EF16: 0 | EG16: 2678000 | EK16: 1 | EL16: UNIDAD | EO16: =+(EM16+(EM16*EN16))*EK16 -> 0
B17: 7 | C17: Inserto de Polietileno Altamente Entrecruzado | E17: 1 | F17: UNIDAD | I17: =+(G17+(G17*H17))*E17 -> 0 | L17: 2017DM-0017350 | M17: 1 | N17: UNIDAD | O17: 1476680.8 | P17: 0 | Q17: =+(O17+(O17*P17))*M17 -> 1476680.8 | T17: INVIMA 2014DM-0012500 | U17: 1 | V17: UNIDAD | W17: 500000 | X17: 0 | Y17: =+(W17+(W17*X17))*U17 -> 500000 | AB17: INVIMA 2018DM-0019130 | AC17: 1 | AD17: UNIDAD | AE17: 900000 | AF17: 0 | AG17: =+(AE17+(AE17*AF17))*AC17 -> 900000 | AJ17: 2014DM-0011578 | AK17: 1 | AL17: UNIDAD | AM17: 1097545.6 | AN17: 0 | AO17: =+(AM17+(AM17*AN17))*AK17 -> 1097545.6 | AS17: 1 | AT17: UNIDAD | AW17: =+(AU17+(AU17*AV17))*AS17 -> 0 | BA17: 1 | BB17: UNIDAD | BE17: =+(BC17+(BC17*BD17))*BA17 -> 0 | BI17: 1 | BJ17: UNIDAD | BM17: =+(BK17+(BK17*BL17))*BI17 -> 0 | BQ17: 1 | BR17: UNIDAD | BU17: =+(BS17+(BS17*BT17))*BQ17 -> 0 | BY17: 1 | BZ17: UNIDAD | CC17: =+(CA17+(CA17*CB17))*BY17 -> 0 | CG17: 1 | CH17: UNIDAD | CK17: =+(CI17+(CI17*CJ17))*CG17 -> 0 | CO17: 1 | CP17: UNIDAD | CS17: =+(CQ17+(CQ17*CR17))*CO17 -> 0 | CW17: 1 | CX17: UNIDAD | DA17: =+(CY17+(CY17*CZ17))*CW17 -> 0 | DD17: INVIMA 2024DM-0028734 | DE17: 1 | DF17: UNIDAD | DG17: 529460 | DH17: 0 | DI17: =+(DG17+(DG17*DH17))*DE17 -> 529460 | DM17: 1 | DN17: UNIDAD | DQ17: =+(DO17+(DO17*DP17))*DM17 -> 0 | DU17: 1 | DV17: UNIDAD | DY17: =+(DW17+(DW17*DX17))*DU17 -> 0 | EB17: INVIMA 2024DM-0028428 | EC17: 1 | ED17: UNIDAD | EE17: 800000 | EF17: 0 | EG17: 800000 | EK17: 1 | EL17: UNIDAD | EO17: =+(EM17+(EM17*EN17))*EK17 -> 0
B18: 9 | C18: Restrictor de Cemento | E18: 1 | F18: UNIDAD | I18: =+(G18+(G18*H18))*E18 -> 0 | L18: 2019DM-0019632 | M18: 1 | N18: UNIDAD | O18: 301327.14 | P18: 0 | Q18: =+(O18+(O18*P18))*M18 -> 301327.14 | T18: INVIMA 2014DM-0012500 | U18: 1 | V18: UNIDAD | W18: 80000 | X18: 0 | Y18: =+(W18+(W18*X18))*U18 -> 80000 | AB18: 2017DM-0000694-R1 | AC18: 1 | AD18: UNIDAD | AE18: 195000 | AF18: 0 | AG18: =+(AE18+(AE18*AF18))*AC18 -> 195000 | AJ18: 2014DM-0011578 | AK18: 1 | AL18: UNIDAD | AM18: 353723.4 | AN18: 0 | AO18: =+(AM18+(AM18*AN18))*AK18 -> 353723.4 | AS18: 1 | AT18: UNIDAD | AW18: =+(AU18+(AU18*AV18))*AS18 -> 0 | BA18: 1 | BB18: UNIDAD | BE18: =+(BC18+(BC18*BD18))*BA18 -> 0 | BI18: 1 | BJ18: UNIDAD | BM18: =+(BK18+(BK18*BL18))*BI18 -> 0 | BQ18: 1 | BR18: UNIDAD | BU18: =+(BS18+(BS18*BT18))*BQ18 -> 0 | BY18: 1 | BZ18: UNIDAD | CC18: =+(CA18+(CA18*CB18))*BY18 -> 0 | CG18: 1 | CH18: UNIDAD | CK18: =+(CI18+(CI18*CJ18))*CG18 -> 0 | CO18: 1 | CP18: UNIDAD | CS18: =+(CQ18+(CQ18*CR18))*CO18 -> 0 | CW18: 1 | CX18: UNIDAD | DA18: =+(CY18+(CY18*CZ18))*CW18 -> 0 | DD18: INVIMA 2024DM-0028734 | DE18: 1 | DF18: UNIDAD | DG18: 29985 | DH18: 0 | DI18: =+(DG18+(DG18*DH18))*DE18 -> 29985 | DM18: 1 | DN18: UNIDAD | DQ18: =+(DO18+(DO18*DP18))*DM18 -> 0 | DU18: 1 | DV18: UNIDAD | DY18: =+(DW18+(DW18*DX18))*DU18 -> 0 | EB18: INVIMA 2024DM-0028428 | EC18: 1 | ED18: UNIDAD | EE18: 194000 | EF18: 0 | EG18: 194000 | EK18: 1 | EL18: UNIDAD | EO18: =+(EM18+(EM18*EN18))*EK18 -> 0
B19: 10 | C19: Cemento Oseo | E19: 1 | F19: UNIDAD | I19: =+(G19+(G19*H19))*E19 -> 0 | L19: 2019DM-0003814-R1 | M19: 1 | N19: UNIDAD | O19: 266068.53 | P19: 0 | Q19: =+(O19+(O19*P19))*M19 -> 266068.53 | T19: INVIMA 2019DM-0003814-R1 | U19: 1 | V19: UNIDAD | W19: 90000 | X19: 0 | Y19: =+(W19+(W19*X19))*U19 -> 90000 | AB19: 2017DM-0000403-R1 | AC19: 1 | AD19: UNIDAD | AE19: 195000 | AF19: 0 | AG19: =+(AE19+(AE19*AF19))*AC19 -> 195000 | AJ19: 2021DM-0007244-R1 | AK19: 1 | AL19: UNIDAD | AM19: 314480.32 | AN19: 0 | AO19: =+(AM19+(AM19*AN19))*AK19 -> 314480.32 | AS19: 1 | AT19: UNIDAD | AW19: =+(AU19+(AU19*AV19))*AS19 -> 0 | BA19: 1 | BB19: UNIDAD | BE19: =+(BC19+(BC19*BD19))*BA19 -> 0 | BI19: 1 | BJ19: UNIDAD | BM19: =+(BK19+(BK19*BL19))*BI19 -> 0 | BQ19: 1 | BR19: UNIDAD | BU19: =+(BS19+(BS19*BT19))*BQ19 -> 0 | BY19: 1 | BZ19: UNIDAD | CC19: =+(CA19+(CA19*CB19))*BY19 -> 0 | CG19: 1 | CH19: UNIDAD | CK19: =+(CI19+(CI19*CJ19))*CG19 -> 0 | CO19: 1 | CP19: UNIDAD | CS19: =+(CQ19+(CQ19*CR19))*CO19 -> 0 | CW19: 1 | CX19: UNIDAD | DA19: =+(CY19+(CY19*CZ19))*CW19 -> 0 | DD19: INVIMA 2022DM-0000633-R2 | DE19: 1 | DF19: UNIDAD | DG19: 180350 | DH19: 0 | DI19: =+(DG19+(DG19*DH19))*DE19 -> 180350 | DM19: 1 | DN19: UNIDAD | DQ19: =+(DO19+(DO19*DP19))*DM19 -> 0 | DU19: 1 | DV19: UNIDAD | DY19: =+(DW19+(DW19*DX19))*DU19 -> 0 | EB19: INVIMA 2020DM-0003851-R1 | EC19: 1 | ED19: UNIDAD | EE19: 349000 | EF19: 0 | EG19: 349000 | EK19: 1 | EL19: UNIDAD | EO19: =+(EM19+(EM19*EN19))*EK19 -> 0
B20: 11 | C20: Inyector de Cemento | E20: 1 | F20: UNIDAD | I20: =+(G20+(G20*H20))*E20 -> 0 | L20: 2009DM-0003956-R1 | M20: 1 | N20: UNIDAD | O20: 167455.63 | P20: 0.19 | Q20: =+(O20+(O20*P20))*M20 -> 199272.2 | T20: INVIMA 2019DM-0003956-R1 | U20: 1 | V20: UNIDAD | W20: 140000 | X20: 0.19 | Y20: =+(W20+(W20*X20))*U20 -> 166600 | AB20: INVIMA 2019DM-0003956-R1 | AC20: 1 | AD20: UNIDAD | AE20: 195000 | AF20: 0.19 | AG20: =+(AE20+(AE20*AF20))*AC20 -> 232050 | AJ20: 2021DM-0023479 | AK20: 1 | AL20: UNIDAD | AM20: 230484.91 | AN20: 0.19 | AO20: =+(AM20+(AM20*AN20))*AK20 -> 274277.04 | AS20: 1 | AT20: UNIDAD | AW20: =+(AU20+(AU20*AV20))*AS20 -> 0 | BA20: 1 | BB20: UNIDAD | BE20: =+(BC20+(BC20*BD20))*BA20 -> 0 | BI20: 1 | BJ20: UNIDAD | BM20: =+(BK20+(BK20*BL20))*BI20 -> 0 | BQ20: 1 | BR20: UNIDAD | BU20: =+(BS20+(BS20*BT20))*BQ20 -> 0 | BY20: 1 | BZ20: UNIDAD | CC20: =+(CA20+(CA20*CB20))*BY20 -> 0 | CG20: 1 | CH20: UNIDAD | CK20: =+(CI20+(CI20*CJ20))*CG20 -> 0 | CO20: 1 | CP20: UNIDAD | CS20: =+(CQ20+(CQ20*CR20))*CO20 -> 0 | CW20: 1 | CX20: UNIDAD | DA20: =+(CY20+(CY20*CZ20))*CW20 -> 0 | DD20: INVIMA 2022DM-0000633-R2 | DE20: 1 | DF20: UNIDAD | DG20: 166599 | DH20: 0.19 | DI20: =+(DG20+(DG20*DH20))*DE20 -> 198252.81 | DM20: 1 | DN20: UNIDAD | DQ20: =+(DO20+(DO20*DP20))*DM20 -> 0 | DU20: 1 | DV20: UNIDAD | DY20: =+(DW20+(DW20*DX20))*DU20 -> 0 | EB20: INVIMA 2024DM-0028428 | EC20: 1 | ED20: UNIDAD | EE20: 473000 | EF20: 0.19 | EG20: 562870 | EK20: 1 | EL20: UNIDAD | EO20: =+(EM20+(EM20*EN20))*EK20 -> 0
B21: 12 | C21: Pelicula Antimicrobiana Transparente Sin Yodo y Pelicula Adhesiva Yodada | E21: 1 | F21: UNIDAD | I21: =+(G21+(G21*H21))*E21 -> 0 | L21: 2021DM-0022951 | M21: 1 | N21: UNIDAD | O21: 63261.471 | P21: 0 | Q21: =+(O21+(O21*P21))*M21 -> 63261.471 | T21: INVIMA 2016DM-0014843 | U21: 1 | V21: UNIDAD | W21: 50000 | X21: 0 | Y21: =+(W21+(W21*X21))*U21 -> 50000 | AB21: INVIMA 2016DM-0014843 | AC21: 1 | AD21: UNIDAD | AE21: 75000 | AF21: 0 | AG21: =+(AE21+(AE21*AF21))*AC21 -> 75000 | AJ21: 2021DM-0022951 | AK21: 1 | AL21: UNIDAD | AM21: 201590 | AN21: 0 | AO21: =+(AM21+(AM21*AN21))*AK21 -> 201590 | AS21: 1 | AT21: UNIDAD | AW21: =+(AU21+(AU21*AV21))*AS21 -> 0 | BA21: 1 | BB21: UNIDAD | BE21: =+(BC21+(BC21*BD21))*BA21 -> 0 | BI21: 1 | BJ21: UNIDAD | BM21: =+(BK21+(BK21*BL21))*BI21 -> 0 | BQ21: 1 | BR21: UNIDAD | BU21: =+(BS21+(BS21*BT21))*BQ21 -> 0 | BY21: 1 | BZ21: UNIDAD | CC21: =+(CA21+(CA21*CB21))*BY21 -> 0 | CG21: 1 | CH21: UNIDAD | CK21: =+(CI21+(CI21*CJ21))*CG21 -> 0 | CO21: 1 | CP21: UNIDAD | CS21: =+(CQ21+(CQ21*CR21))*CO21 -> 0 | CW21: 1 | CX21: UNIDAD | DA21: =+(CY21+(CY21*CZ21))*CW21 -> 0 | DD21: INVIMA 2016DM-0014843 | DE21: 1 | DF21: UNIDAD | DG21: 50150 | DH21: 0.19 | DI21: =+(DG21+(DG21*DH21))*DE21 -> 59678.5 | DM21: 1 | DN21: UNIDAD | DQ21: =+(DO21+(DO21*DP21))*DM21 -> 0 | DU21: 1 | DV21: UNIDAD | DY21: =+(DW21+(DW21*DX21))*DU21 -> 0 | EB21: INVIMA 2020DM-0004682-R1 | EC21: 1 | ED21: UNIDAD | EE21: 336000 | EF21: 0.19 | EG21: 399840 | EK21: 1 | EL21: UNIDAD | EO21: =+(EM21+(EM21*EN21))*EK21 -> 0
B22: 13 | C22: Campo Quirurgico en U | E22: 1 | F22: UNIDAD | I22: =+(G22+(G22*H22))*E22 -> 0 | L22: 2024DM-0029475 | M22: 1 | N22: UNIDAD | O22: 21445.133 | P22: 0.19 | Q22: =+(O22+(O22*P22))*M22 -> 25519.708 | T22: INVIMA 2016DM-0015357 | U22: 1 | V22: UNIDAD | W22: 50000 | X22: 0 | Y22: =+(W22+(W22*X22))*U22 -> 50000 | AB22: INVIMA 2016DM-0015357 | AC22: 1 | AD22: UNIDAD | AE22: 45000 | AF22: 0 | AG22: =+(AE22+(AE22*AF22))*AC22 -> 45000 | AJ22: 2019DM-0020592 | AK22: 1 | AL22: UNIDAD | AM22: 153208.98 | AN22: 0.19 | AO22: =+(AM22+(AM22*AN22))*AK22 -> 182318.68 | AS22: 1 | AT22: UNIDAD | AW22: =+(AU22+(AU22*AV22))*AS22 -> 0 | BA22: 1 | BB22: UNIDAD | BE22: =+(BC22+(BC22*BD22))*BA22 -> 0 | BI22: 1 | BJ22: UNIDAD | BM22: =+(BK22+(BK22*BL22))*BI22 -> 0 | BQ22: 1 | BR22: UNIDAD | BU22: =+(BS22+(BS22*BT22))*BQ22 -> 0 | BY22: 1 | BZ22: UNIDAD | CC22: =+(CA22+(CA22*CB22))*BY22 -> 0 | CG22: 1 | CH22: UNIDAD | CK22: =+(CI22+(CI22*CJ22))*CG22 -> 0 | CO22: 1 | CP22: UNIDAD | CS22: =+(CQ22+(CQ22*CR22))*CO22 -> 0 | CW22: 1 | CX22: UNIDAD | DA22: =+(CY22+(CY22*CZ22))*CW22 -> 0 | DD22: INVIMA 2016DM-0015357 | DE22: 1 | DF22: UNIDAD | DG22: 50150 | DH22: 0.19 | DI22: =+(DG22+(DG22*DH22))*DE22 -> 59678.5 | DM22: 1 | DN22: UNIDAD | DQ22: =+(DO22+(DO22*DP22))*DM22 -> 0 | DU22: 1 | DV22: UNIDAD | DY22: =+(DW22+(DW22*DX22))*DU22 -> 0 | EB22: INVIMA 2021DM-0006862-R1 | EC22: 1 | ED22: UNIDAD | EE22: 155000 | EF22: 0.19 | EG22: 184450 | EK22: 1 | EL22: UNIDAD | EO22: =+(EM22+(EM22*EN22))*EK22 -> 0
C23: TOTAL | I23: =SUM(I11:I22) -> 0 | Q23: =SUM(Q11:Q22) -> 9994763 | Y23: =SUM(Y11:Y22) -> 7521350 | AG23: =SUM(AG11:AG22) -> 11241950 | AO23: =SUM(AO11:AO22) -> 9585310.5 | AW23: =SUM(AW11:AW22) -> 0 | BE23: =SUM(BE11:BE22) -> 0 | BM23: =SUM(BM11:BM22) -> 0 | BU23: =SUM(BU11:BU22) -> 0 | CC23: =SUM(CC11:CC22) -> 0 | CK23: =SUM(CK11:CK22) -> 0 | CS23: =SUM(CS11:CS22) -> 0 | DA23: =SUM(DA11:DA22) -> 0 | DI23: =SUM(DI11:DI22) -> 7825832.8 | DQ23: =SUM(DQ11:DQ22) -> 0 | DY23: =SUM(DY11:DY22) -> 0 | EG23: 14906160 | EO23: =SUM(EO11:EO22) -> 0
C24: 1.2 Kit Protesis Total de Cadera Primaria Cementada y no Cementada con Polietileno con Vitamina E y Polietileno de Alto Entrecruzamiento.
B25: Item | C25: Descripcion | D25: Registro INVIMA | E25: Cant. | F25: Unidad de Medida | G25: V/r Unit | H25: IVA | I25: V/r Total | J25: CUMPLE/ NO CUMPLE/ NO OFERTA | K25: OBSERVACIONES | L25: Registro INVIMA | M25: Cant. | N25: Unidad de Medida | O25: V/r Unit | P25: IVA | Q25: V/r Total | R25: CUMPLE/ NO CUMPLE/ NO OFERTA | S25: OBSERVACIONES | T25: Registro INVIMA | U25: Cant. | V25: Unidad de Medida | W25: V/r Unit | X25: IVA | Y25: V/r Total | Z25: CUMPLE/ NO CUMPLE/ NO OFERTA | AA25: OBSERVACIONES | AB25: Registro INVIMA | AC25: Cant. | AD25: Unidad de Medida | AE25: V/r Unit | AF25: IVA | AG25: V/r Total | AH25: CUMPLE/ NO CUMPLE/ NO OFERTA | AI25: OBSERVACIONES | AJ25: Registro INVIMA | AK25: Cant. | AL25: Unidad de Medida | AM25: V/r Unit | AN25: IVA | AO25: V/r Total | AP25: CUMPLE/ NO CUMPLE/ NO OFERTA | AQ25: OBSERVACIONES | AR25: Registro INVIMA | AS25: Cant. | AT25: Unidad de Medida | AU25: V/r Unit | AV25: IVA | AW25: V/r Total | AX25: CUMPLE/ NO CUMPLE/ NO OFERTA | AY25: OBSERVACIONES | AZ25: Registro INVIMA | BA25: Cant. | BB25: Unidad de Medida | BC25: V/r Unit | BD25: IVA | BE25: V/r Total | BF25: CUMPLE/ NO CUMPLE/ NO OFERTA | BG25: OBSERVACIONES | BH25: Registro INVIMA | BI25: Cant. | BJ25: Unidad de Medida | BK25: V/r Unit | BL25: IVA | BM25: V/r Total | BN25: CUMPLE/ NO CUMPLE/ NO OFERTA | BO25: OBSERVACIONES | BP25: Registro INVIMA | BQ25: Cant. | BR25: Unidad de Medida | BS25: V/r Unit | BT25: IVA | BU25: V/r Total | BV25: CUMPLE/ NO CUMPLE/ NO OFERTA | BW25: OBSERVACIONES | BX25: Registro INVIMA | BY25: Cant. | BZ25: Unidad de Medida | CA25: V/r Unit | CB25: IVA | CC25: V/r Total | CD25: CUMPLE/ NO CUMPLE/ NO OFERTA | CE25: OBSERVACIONES | CF25: Registro INVIMA | CG25: Cant. | CH25: Unidad de Medida | CI25: V/r Unit | CJ25: IVA | CK25: V/r Total | CL25: CUMPLE/ NO CUMPLE/ NO OFERTA | CM25: OBSERVACIONES | CN25: Registro INVIMA | CO25: Cant. | CP25: Unidad de Medida | CQ25: V/r Unit | CR25: IVA | CS25: V/r Total | CT25: CUMPLE/ NO CUMPLE/ NO OFERTA | CU25: OBSERVACIONES | CV25: Registro INVIMA | CW25: Cant. | CX25: Unidad de Medida | CY25: V/r Unit | CZ25: IVA | DA25: V/r Total | DB25: CUMPLE/ NO CUMPLE/ NO OFERTA | DC25: OBSERVACIONES | DD25: Registro INVIMA | DE25: Cant. | DF25: Unidad de Medida | DG25: V/r Unit | DH25: IVA | DI25: V/r Total | DJ25: CUMPLE/ NO CUMPLE/ NO OFERTA | DK25: OBSERVACIONES | DL25: Registro INVIMA | DM25: Cant. | DN25: Unidad de Medida | DO25: V/r Unit | DP25: IVA | DQ25: V/r Total | DR25: CUMPLE/ NO CUMPLE/ NO OFERTA | DS25: OBSERVACIONES | DT25: Registro INVIMA | DU25: Cant. | DV25: Unidad de Medida | DW25: V/r Unit | DX25: IVA | DY25: V/r Total | DZ25: CUMPLE/ NO CUMPLE/ NO OFERTA | EA25: OBSERVACIONES | EB25: Registro INVIMA | EC25: Cant. | ED25: Unidad de Medida | EE25: V/r Unit | EF25: IVA | EG25: V/r Total | EH25: CUMPLE/ NO CUMPLE/ NO OFERTA | EI25: OBSERVACIONES | EJ25: Registro INVIMA | EK25: Cant. | EL25: Unidad de Medida | EM25: V/r Unit | EN25: IVA | EO25: V/r Total | EP25: CUMPLE/ NO CUMPLE/ NO OFERTA | EQ25: OBSERVACIONES
B26: 1 | C26: Copa Acetabular Cementada | E26: 1 | F26: UNIDAD | I26: =+(G26+(G26*H26))*E26 -> 0 | J26: NO OFERTADO | M26: 1 | N26: UNIDAD | Q26: =+(O26+(O26*P26))*M26 -> 0 | R26: NO OFERTADO | T26: INVIMA 2014DM-0012500 | U26: 1 | V26: UNIDAD | W26: 30000 | X26: 0 | Y26: =+(W26+(W26*X26))*U26 -> 30000 | Z26: CUMPLE | AB26: INVIMA 2019DM-0020226 | AC26: 1 | AD26: UNIDAD | AE26: 800000 | AF26: 0 | AG26: =+(AE26+(AE26*AF26))*AC26 -> 800000 | AH26: CUMPLE | AK26: 1 | AL26: UNIDAD | AM26: 0 | AN26: 0 | AO26: =+(AM26+(AM26*AN26))*AK26 -> 0 | AP26: NO OFERTADO | AS26: 1 | AT26: UNIDAD | AW26: =+(AU26+(AU26*AV26))*AS26 -> 0 | AX26: NO OFERTADO | BA26: 1 | BB26: UNIDAD | BE26: =+(BC26+(BC26*BD26))*BA26 -> 0 | BF26: NO OFERTADO | BI26: 1 | BJ26: UNIDAD | BM26: =+(BK26+(BK26*BL26))*BI26 -> 0 | BN26: NO OFERTADO | BQ26: 1 | BR26: UNIDAD | BU26: =+(BS26+(BS26*BT26))*BQ26 -> 0 | BV26: NO OFERTADO | BY26: 1 | BZ26: UNIDAD | CC26: =+(CA26+(CA26*CB26))*BY26 -> 0 | CD26: NO OFERTADO | CG26: 1 | CH26: UNIDAD | CK26: =+(CI26+(CI26*CJ26))*CG26 -> 0 | CL26: NO OFERTADO | CO26: 1 | CP26: UNIDAD | CS26: =+(CQ26+(CQ26*CR26))*CO26 -> 0 | CT26: NO OFERTADO | CW26: 1 | CX26: UNIDAD | DA26: =+(CY26+(CY26*CZ26))*CW26 -> 0 | DB26: NO OFERTADO | DE26: 1 | DF26: UNIDAD | DI26: =+(DG26+(DG26*DH26))*DE26 -> 0 | DJ26: NO OFERTADO | DM26: 1 | DN26: UNIDAD | DQ26: =+(DO26+(DO26*DP26))*DM26 -> 0 | DR26: NO OFERTADO | DU26: 1 | DV26: UNIDAD | DY26: =+(DW26+(DW26*DX26))*DU26 -> 0 | DZ26: NO OFERTADO | EC26: 1 | ED26: UNIDAD | EG26: $ - | EH26: NO OFERTADO | EK26: 1 | EL26: UNIDAD | EO26: =+(EM26+(EM26*EN26))*EK26 -> 0 | EP26: NO OFERTADO
B27: 2 | C27: Copa Acetabular no Cementada 42 mm | E27: 1 | F27: UNIDAD | I27: =+(G27+(G27*H27))*E27 -> 0 | M27: 1 | N27: UNIDAD | Q27: =+(O27+(O27*P27))*M27 -> 0 | T27: INVIMA 2014DM-0012500 | U27: 1 | V27: UNIDAD | W27: 1999000 | X27: 0 | Y27: =+(W27+(W27*X27))*U27 -> 1999000 | AB27: INVIMA 2018DM-0019130 | AC27: 1 | AD27: UNIDAD | AE27: 2119900 | AF27: 0 | AG27: =+(AE27+(AE27*AF27))*AC27 -> 2119900 | AK27: 1 | AL27: UNIDAD | AM27: 0 | AN27: 0 | AO27: =+(AM27+(AM27*AN27))*AK27 -> 0 | AS27: 1 | AT27: UNIDAD | AW27: =+(AU27+(AU27*AV27))*AS27 -> 0 | BA27: 1 | BB27: UNIDAD | BE27: =+(BC27+(BC27*BD27))*BA27 -> 0 | BI27: 1 | BJ27: UNIDAD | BM27: =+(BK27+(BK27*BL27))*BI27 -> 0 | BQ27: 1 | BR27: UNIDAD | BU27: =+(BS27+(BS27*BT27))*BQ27 -> 0 | BY27: 1 | BZ27: UNIDAD | CC27: =+(CA27+(CA27*CB27))*BY27 -> 0 | CG27: 1 | CH27: UNIDAD | CK27: =+(CI27+(CI27*CJ27))*CG27 -> 0 | CO27: 1 | CP27: UNIDAD | CS27: =+(CQ27+(CQ27*CR27))*CO27 -> 0 | CW27: 1 | CX27: UNIDAD | DA27: =+(CY27+(CY27*CZ27))*CW27 -> 0 | DE27: 1 | DF27: UNIDAD | DI27: =+(DG27+(DG27*DH27))*DE27 -> 0 | DM27: 1 | DN27: UNIDAD | DQ27: =+(DO27+(DO27*DP27))*DM27 -> 0 | DU27: 1 | DV27: UNIDAD | DY27: =+(DW27+(DW27*DX27))*DU27 -> 0 | EC27: 1 | ED27: UNIDAD | EG27: $ - | EK27: 1 | EL27: UNIDAD | EO27: =+(EM27+(EM27*EN27))*EK27 -> 0
B28: 3 | C28: Cabeza Femoral 32 mm en Cromocobalto | E28: 1 | F28: UNIDAD | I28: =+(G28+(G28*H28))*E28 -> 0 | M28: 1 | N28: UNIDAD | Q28: =+(O28+(O28*P28))*M28 -> 0 | T28: INVIMA 2014DM-0012500 | U28: 1 | V28: UNIDAD | W28: 1611750 | X28: 0 | Y28: =+(W28+(W28*X28))*U28 -> 1611750 | AB28: INVIMA 2018DM-0019130 | AC28: 1 | AD28: UNIDAD | AE28: 680000 | AF28: 0 | AG28: =+(AE28+(AE28*AF28))*AC28 -> 680000 | AK28: 1 | AL28: UNIDAD | AM28: 0 | AN28: 0 | AO28: =+(AM28+(AM28*AN28))*AK28 -> 0 | AS28: 1 | AT28: UNIDAD | AW28: =+(AU28+(AU28*AV28))*AS28 -> 0 | BA28: 1 | BB28: UNIDAD | BE28: =+(BC28+(BC28*BD28))*BA28 -> 0 | BI28: 1 | BJ28: UNIDAD | BM28: =+(BK28+(BK28*BL28))*BI28 -> 0 | BQ28: 1 | BR28: UNIDAD | BU28: =+(BS28+(BS28*BT28))*BQ28 -> 0 | BY28: 1 | BZ28: UNIDAD | CC28: =+(CA28+(CA28*CB28))*BY28 -> 0 | CG28: 1 | CH28: UNIDAD | CK28: =+(CI28+(CI28*CJ28))*CG28 -> 0 | CO28: 1 | CP28: UNIDAD | CS28: =+(CQ28+(CQ28*CR28))*CO28 -> 0 | CW28: 1 | CX28: UNIDAD | DA28: =+(CY28+(CY28*CZ28))*CW28 -> 0 | DE28: 1 | DF28: UNIDAD | DI28: =+(DG28+(DG28*DH28))*DE28 -> 0 | DM28: 1 | DN28: UNIDAD | DQ28: =+(DO28+(DO28*DP28))*DM28 -> 0 | DU28: 1 | DV28: UNIDAD | DY28: =+(DW28+(DW28*DX28))*DU28 -> 0 | EC28: 1 | ED28: UNIDAD | EG28: $ - | EK28: 1 | EL28: UNIDAD | EO28: =+(EM28+(EM28*EN28))*EK28 -> 0
B29: 4 | C29: Vástago Femoral Cementado | E29: 1 | F29: UNIDAD | I29: =+(G29+(G29*H29))*E29 -> 0 | M29: 1 | N29: UNIDAD | Q29: =+(O29+(O29*P29))*M29 -> 0 | T29: INVIMA 2014DM-0012500 | U29: 1 | V29: UNIDAD | W29: 1312500 | X29: 0 | Y29: =+(W29+(W29*X29))*U29 -> 1312500 | AB29: INVIMA 2020DM-0021325 | AC29: 1 | AD29: UNIDAD | AE29: 1800000 | AF29: 0 | AG29: =+(AE29+(AE29*AF29))*AC29 -> 1800000 | AK29: 1 | AL29: UNIDAD | AM29: 0 | AN29: 0 | AO29: =+(AM29+(AM29*AN29))*AK29 -> 0 | AS29: 1 | AT29: UNIDAD | AW29: =+(AU29+(AU29*AV29))*AS29 -> 0 | BA29: 1 | BB29: UNIDAD | BE29: =+(BC29+(BC29*BD29))*BA29 -> 0 | BI29: 1 | BJ29: UNIDAD | BM29: =+(BK29+(BK29*BL29))*BI29 -> 0 | BQ29: 1 | BR29: UNIDAD | BU29: =+(BS29+(BS29*BT29))*BQ29 -> 0 | BY29: 1 | BZ29: UNIDAD | CC29: =+(CA29+(CA29*CB29))*BY29 -> 0 | CG29: 1 | CH29: UNIDAD | CK29: =+(CI29+(CI29*CJ29))*CG29 -> 0 | CO29: 1 | CP29: UNIDAD | CS29: =+(CQ29+(CQ29*CR29))*CO29 -> 0 | CW29: 1 | CX29: UNIDAD | DA29: =+(CY29+(CY29*CZ29))*CW29 -> 0 | DE29: 1 | DF29: UNIDAD | DI29: =+(DG29+(DG29*DH29))*DE29 -> 0 | DM29: 1 | DN29: UNIDAD | DQ29: =+(DO29+(DO29*DP29))*DM29 -> 0 | DU29: 1 | DV29: UNIDAD | DY29: =+(DW29+(DW29*DX29))*DU29 -> 0 | EC29: 1 | ED29: UNIDAD | EG29: $ - | EK29: 1 | EL29: UNIDAD | EO29: =+(EM29+(EM29*EN29))*EK29 -> 0
B30: 5 | C30: Vástago Femoral no Cementado con Recubrimiento en Hidroxiapatita | E30: 1 | F30: UNIDAD | I30: =+(G30+(G30*H30))*E30 -> 0 | M30: 1 | N30: UNIDAD | Q30: =+(O30+(O30*P30))*M30 -> 0 | T30: INVIMA 2014DM-0012500 | U30: 1 | V30: UNIDAD | W30: 1690500 | X30: 0 | Y30: =+(W30+(W30*X30))*U30 -> 1690500 | AB30: INVIMA 2019DM-0019910 | AC30: 1 | AD30: UNIDAD | AE30: 2100000 | AF30: 0 | AG30: =+(AE30+(AE30*AF30))*AC30 -> 2100000 | AK30: 1 | AL30: UNIDAD | AM30: 0 | AN30: 0 | AO30: =+(AM30+(AM30*AN30))*AK30 -> 0 | AS30: 1 | AT30: UNIDAD | AW30: =+(AU30+(AU30*AV30))*AS30 -> 0 | BA30: 1 | BB30: UNIDAD | BE30: =+(BC30+(BC30*BD30))*BA30 -> 0 | BI30: 1 | BJ30: UNIDAD | BM30: =+(BK30+(BK30*BL30))*BI30 -> 0 | BQ30: 1 | BR30: UNIDAD | BU30: =+(BS30+(BS30*BT30))*BQ30 -> 0 | BY30: 1 | BZ30: UNIDAD | CC30: =+(CA30+(CA30*CB30))*BY30 -> 0 | CG30: 1 | CH30: UNIDAD | CK30: =+(CI30+(CI30*CJ30))*CG30 -> 0 | CO30: 1 | CP30: UNIDAD | CS30: =+(CQ30+(CQ30*CR30))*CO30 -> 0 | CW30: 1 | CX30: UNIDAD | DA30: =+(CY30+(CY30*CZ30))*CW30 -> 0 | DE30: 1 | DF30: UNIDAD | DI30: =+(DG30+(DG30*DH30))*DE30 -> 0 | DM30: 1 | DN30: UNIDAD | DQ30: =+(DO30+(DO30*DP30))*DM30 -> 0 | DU30: 1 | DV30: UNIDAD | DY30: =+(DW30+(DW30*DX30))*DU30 -> 0 | EC30: 1 | ED30: UNIDAD | EG30: $ - | EK30: 1 | EL30: UNIDAD | EO30: =+(EM30+(EM30*EN30))*EK30 -> 0
B31: 6 | C31: Vástago Femoral no Cementado con Recubrimiento en Hidroxiapatita Lateralizado | E31: 1 | F31: UNIDAD | I31: =+(G31+(G31*H31))*E31 -> 0 | M31: 1 | N31: UNIDAD | Q31: =+(O31+(O31*P31))*M31 -> 0 | T31: INVIMA 2014DM-0012500 | U31: 1 | V31: UNIDAD | W31: 1000000 | X31: 0 | Y31: =+(W31+(W31*X31))*U31 -> 1000000 | AB31: INVIMA 2019DM-0019910 | AC31: 1 | AD31: UNIDAD | AE31: 2100000 | AF31: 0 | AG31: =+(AE31+(AE31*AF31))*AC31 -> 2100000 | AK31: 1 | AL31: UNIDAD | AM31: 0 | AN31: 0 | AO31: =+(AM31+(AM31*AN31))*AK31 -> 0 | AS31: 1 | AT31: UNIDAD | AW31: =+(AU31+(AU31*AV31))*AS31 -> 0 | BA31: 1 | BB31: UNIDAD | BE31: =+(BC31+(BC31*BD31))*BA31 -> 0 | BI31: 1 | BJ31: UNIDAD | BM31: =+(BK31+(BK31*BL31))*BI31 -> 0 | BQ31: 1 | BR31: UNIDAD | BU31: =+(BS31+(BS31*BT31))*BQ31 -> 0 | BY31: 1 | BZ31: UNIDAD | CC31: =+(CA31+(CA31*CB31))*BY31 -> 0 | CG31: 1 | CH31: UNIDAD | CK31: =+(CI31+(CI31*CJ31))*CG31 -> 0 | CO31: 1 | CP31: UNIDAD | CS31: =+(CQ31+(CQ31*CR31))*CO31 -> 0 | CW31: 1 | CX31: UNIDAD | DA31: =+(CY31+(CY31*CZ31))*CW31 -> 0 | DE31: 1 | DF31: UNIDAD | DI31: =+(DG31+(DG31*DH31))*DE31 -> 0 | DM31: 1 | DN31: UNIDAD | DQ31: =+(DO31+(DO31*DP31))*DM31 -> 0 | DU31: 1 | DV31: UNIDAD | DY31: =+(DW31+(DW31*DX31))*DU31 -> 0 | EC31: 1 | ED31: UNIDAD | EG31: $ - | EK31: 1 | EL31: UNIDAD | EO31: =+(EM31+(EM31*EN31))*EK31 -> 0
B32: 7 | C32: Inserto de Polietileno con Vitamina E | E32: 1 | F32: UNIDAD | I32: =+(G32+(G32*H32))*E32 -> 0 | M32: 1 | N32: UNIDAD | Q32: =+(O32+(O32*P32))*M32 -> 0 | T32: INVIMA 2014DM-0012500 | U32: 1 | V32: UNIDAD | W32: 556500 | X32: 0 | Y32: =+(W32+(W32*X32))*U32 -> 556500 | AB32: INVIMA 2018DM-0019130 | AC32: 1 | AD32: UNIDAD | AE32: 1600000 | AF32: 0 | AG32: =+(AE32+(AE32*AF32))*AC32 -> 1600000 | AK32: 1 | AL32: UNIDAD | AM32: 0 | AN32: 0 | AO32: =+(AM32+(AM32*AN32))*AK32 -> 0 | AS32: 1 | AT32: UNIDAD | AW32: =+(AU32+(AU32*AV32))*AS32 -> 0 | BA32: 1 | BB32: UNIDAD | BE32: =+(BC32+(BC32*BD32))*BA32 -> 0 | BI32: 1 | BJ32: UNIDAD | BM32: =+(BK32+(BK32*BL32))*BI32 -> 0 | BQ32: 1 | BR32: UNIDAD | BU32: =+(BS32+(BS32*BT32))*BQ32 -> 0 | BY32: 1 | BZ32: UNIDAD | CC32: =+(CA32+(CA32*CB32))*BY32 -> 0 | CG32: 1 | CH32: UNIDAD | CK32: =+(CI32+(CI32*CJ32))*CG32 -> 0 | CO32: 1 | CP32: UNIDAD | CS32: =+(CQ32+(CQ32*CR32))*CO32 -> 0 | CW32: 1 | CX32: UNIDAD | DA32: =+(CY32+(CY32*CZ32))*CW32 -> 0 | DE32: 1 | DF32: UNIDAD | DI32: =+(DG32+(DG32*DH32))*DE32 -> 0 | DM32: 1 | DN32: UNIDAD | DQ32: =+(DO32+(DO32*DP32))*DM32 -> 0 | DU32: 1 | DV32: UNIDAD | DY32: =+(DW32+(DW32*DX32))*DU32 -> 0 | EC32: 1 | ED32: UNIDAD | EG32: $ - | EK32: 1 | EL32: UNIDAD | EO32: =+(EM32+(EM32*EN32))*EK32 -> 0
B33: 8 | C33: Restrictor de Cemento | E33: 1 | F33: UNIDAD | I33: =+(G33+(G33*H33))*E33 -> 0 | M33: 1 | N33: UNIDAD | Q33: =+(O33+(O33*P33))*M33 -> 0 | T33: INVIMA 2014DM-0012500 | U33: 1 | V33: UNIDAD | W33: 80000 | X33: 0 | Y33: =+(W33+(W33*X33))*U33 -> 80000 | AB33: 2017DM-0000694-R1 | AC33: 1 | AD33: UNIDAD | AE33: 195000 | AF33: 0 | AG33: =+(AE33+(AE33*AF33))*AC33 -> 195000 | AK33: 1 | AL33: UNIDAD | AM33: 0 | AN33: 0 | AO33: =+(AM33+(AM33*AN33))*AK33 -> 0 | AS33: 1 | AT33: UNIDAD | AW33: =+(AU33+(AU33*AV33))*AS33 -> 0 | BA33: 1 | BB33: UNIDAD | BE33: =+(BC33+(BC33*BD33))*BA33 -> 0 | BI33: 1 | BJ33: UNIDAD | BM33: =+(BK33+(BK33*BL33))*BI33 -> 0 | BQ33: 1 | BR33: UNIDAD | BU33: =+(BS33+(BS33*BT33))*BQ33 -> 0 | BY33: 1 | BZ33: UNIDAD | CC33: =+(CA33+(CA33*CB33))*BY33 -> 0 | CG33: 1 | CH33: UNIDAD | CK33: =+(CI33+(CI33*CJ33))*CG33 -> 0 | CO33: 1 | CP33: UNIDAD | CS33: =+(CQ33+(CQ33*CR33))*CO33 -> 0 | CW33: 1 | CX33: UNIDAD | DA33: =+(CY33+(CY33*CZ33))*CW33 -> 0 | DE33: 1 | DF33: UNIDAD | DI33: =+(DG33+(DG33*DH33))*DE33 -> 0 | DM33: 1 | DN33: UNIDAD | DQ33: =+(DO33+(DO33*DP33))*DM33 -> 0 | DU33: 1 | DV33: UNIDAD | DY33: =+(DW33+(DW33*DX33))*DU33 -> 0 | EC33: 1 | ED33: UNIDAD | EG33: $ - | EK33: 1 | EL33: UNIDAD | EO33: =+(EM33+(EM33*EN33))*EK33 -> 0
B34: 9 | C34: Cemento Oseo | E34: 1 | F34: UNIDAD | I34: =+(G34+(G34*H34))*E34 -> 0 | M34: 1 | N34: UNIDAD | Q34: =+(O34+(O34*P34))*M34 -> 0 | T34: INVIMA 2019DM-0003814-R1 | U34: 1 | V34: UNIDAD | W34: 90000 | X34: 0 | Y34: =+(W34+(W34*X34))*U34 -> 90000 | AB34: 2017DM-0000403-R1 | AC34: 1 | AD34: UNIDAD | AE34: 195000 | AF34: 0 | AG34: =+(AE34+(AE34*AF34))*AC34 -> 195000 | AK34: 1 | AL34: UNIDAD | AM34: 0 | AN34: 0 | AO34: =+(AM34+(AM34*AN34))*AK34 -> 0 | AS34: 1 | AT34: UNIDAD | AW34: =+(AU34+(AU34*AV34))*AS34 -> 0 | BA34: 1 | BB34: UNIDAD | BE34: =+(BC34+(BC34*BD34))*BA34 -> 0 | BI34: 1 | BJ34: UNIDAD | BM34: =+(BK34+(BK34*BL34))*BI34 -> 0 | BQ34: 1 | BR34: UNIDAD | BU34: =+(BS34+(BS34*BT34))*BQ34 -> 0 | BY34: 1 | BZ34: UNIDAD | CC34: =+(CA34+(CA34*CB34))*BY34 -> 0 | CG34: 1 | CH34: UNIDAD | CK34: =+(CI34+(CI34*CJ34))*CG34 -> 0 | CO34: 1 | CP34: UNIDAD | CS34: =+(CQ34+(CQ34*CR34))*CO34 -> 0 | CW34: 1 | CX34: UNIDAD | DA34: =+(CY34+(CY34*CZ34))*CW34 -> 0 | DE34: 1 | DF34: UNIDAD | DI34: =+(DG34+(DG34*DH34))*DE34 -> 0 | DM34: 1 | DN34: UNIDAD | DQ34: =+(DO34+(DO34*DP34))*DM34 -> 0 | DU34: 1 | DV34: UNIDAD | DY34: =+(DW34+(DW34*DX34))*DU34 -> 0 | EC34: 1 | ED34: UNIDAD | EG34: $ - | EK34: 1 | EL34: UNIDAD | EO34: =+(EM34+(EM34*EN34))*EK34 -> 0
B35: 10 | C35: Inyector de Cemento | E35: 1 | F35: UNIDAD | I35: =+(G35+(G35*H35))*E35 -> 0 | M35: 1 | N35: UNIDAD | Q35: =+(O35+(O35*P35))*M35 -> 0 | T35: INVIMA 2019DM-0003956-R1 | U35: 1 | V35: UNIDAD | W35: 140000 | X35: 0.19 | Y35: =+(W35+(W35*X35))*U35 -> 166600 | AB35: INVIMA 2019DM-0003956-R1 | AC35: 1 | AD35: UNIDAD | AE35: 195000 | AF35: 0.19 | AG35: =+(AE35+(AE35*AF35))*AC35 -> 232050 | AK35: 1 | AL35: UNIDAD | AM35: 0 | AN35: 0 | AO35: =+(AM35+(AM35*AN35))*AK35 -> 0 | AS35: 1 | AT35: UNIDAD | AW35: =+(AU35+(AU35*AV35))*AS35 -> 0 | BA35: 1 | BB35: UNIDAD | BE35: =+(BC35+(BC35*BD35))*BA35 -> 0 | BI35: 1 | BJ35: UNIDAD | BM35: =+(BK35+(BK35*BL35))*BI35 -> 0 | BQ35: 1 | BR35: UNIDAD | BU35: =+(BS35+(BS35*BT35))*BQ35 -> 0 | BY35: 1 | BZ35: UNIDAD | CC35: =+(CA35+(CA35*CB35))*BY35 -> 0 | CG35: 1 | CH35: UNIDAD | CK35: =+(CI35+(CI35*CJ35))*CG35 -> 0 | CO35: 1 | CP35: UNIDAD | CS35: =+(CQ35+(CQ35*CR35))*CO35 -> 0 | CW35: 1 | CX35: UNIDAD | DA35: =+(CY35+(CY35*CZ35))*CW35 -> 0 | DE35: 1 | DF35: UNIDAD | DI35: =+(DG35+(DG35*DH35))*DE35 -> 0 | DM35: 1 | DN35: UNIDAD | DQ35: =+(DO35+(DO35*DP35))*DM35 -> 0 | DU35: 1 | DV35: UNIDAD | DY35: =+(DW35+(DW35*DX35))*DU35 -> 0 | EC35: 1 | ED35: UNIDAD | EG35: $ - | EK35: 1 | EL35: UNIDAD | EO35: =+(EM35+(EM35*EN35))*EK35 -> 0
B36: 11 | C36: Pelicula Antimicrobiana Transparente sin Yodo y Pelicula Adhesiva Yodada | E36: 1 | F36: UNIDAD | I36: =+(G36+(G36*H36))*E36 -> 0 | M36: 1 | N36: UNIDAD | Q36: =+(O36+(O36*P36))*M36 -> 0 | T36: INVIMA 2016DM-0014843 | U36: 1 | V36: UNIDAD | W36: 50000 | X36: 0 | Y36: =+(W36+(W36*X36))*U36 -> 50000 | AB36: INVIMA 2016DM-0014843 | AC36: 1 | AD36: UNIDAD | AE36: 75000 | AF36: 0 | AG36: =+(AE36+(AE36*AF36))*AC36 -> 75000 | AK36: 1 | AL36: UNIDAD | AM36: 0 | AN36: 0 | AO36: =+(AM36+(AM36*AN36))*AK36 -> 0 | AS36: 1 | AT36: UNIDAD | AW36: =+(AU36+(AU36*AV36))*AS36 -> 0 | BA36: 1 | BB36: UNIDAD | BE36: =+(BC36+(BC36*BD36))*BA36 -> 0 | BI36: 1 | BJ36: UNIDAD | BM36: =+(BK36+(BK36*BL36))*BI36 -> 0 | BQ36: 1 | BR36: UNIDAD | BU36: =+(BS36+(BS36*BT36))*BQ36 -> 0 | BY36: 1 | BZ36: UNIDAD | CC36: =+(CA36+(CA36*CB36))*BY36 -> 0 | CG36: 1 | CH36: UNIDAD | CK36: =+(CI36+(CI36*CJ36))*CG36 -> 0 | CO36: 1 | CP36: UNIDAD | CS36: =+(CQ36+(CQ36*CR36))*CO36 -> 0 | CW36: 1 | CX36: UNIDAD | DA36: =+(CY36+(CY36*CZ36))*CW36 -> 0 | DE36: 1 | DF36: UNIDAD | DI36: =+(DG36+(DG36*DH36))*DE36 -> 0 | DM36: 1 | DN36: UNIDAD | DQ36: =+(DO36+(DO36*DP36))*DM36 -> 0 | DU36: 1 | DV36: UNIDAD | DY36: =+(DW36+(DW36*DX36))*DU36 -> 0 | EC36: 1 | ED36: UNIDAD | EG36: $ - | EK36: 1 | EL36: UNIDAD | EO36: =+(EM36+(EM36*EN36))*EK36 -> 0
B37: 12 | C37: Campo Quirurgico en U | E37: 1 | F37: UNIDAD | I37: =+(G37+(G37*H37))*E37 -> 0 | M37: 1 | N37: UNIDAD | Q37: =+(O37+(O37*P37))*M37 -> 0 | T37: INVIMA 2016DM-0015357 | U37: 1 | V37: UNIDAD | W37: 50000 | X37: 0 | Y37: =+(W37+(W37*X37))*U37 -> 50000 | AB37: INVIMA 2016DM-0015357 | AC37: 1 | AD37: UNIDAD | AE37: 45000 | AF37: 0 | AG37: =+(AE37+(AE37*AF37))*AC37 -> 45000 | AK37: 1 | AL37: UNIDAD | AM37: 0 | AN37: 0 | AO37: =+(AM37+(AM37*AN37))*AK37 -> 0 | AS37: 1 | AT37: UNIDAD | AW37: =+(AU37+(AU37*AV37))*AS37 -> 0 | BA37: 1 | BB37: UNIDAD | BE37: =+(BC37+(BC37*BD37))*BA37 -> 0 | BI37: 1 | BJ37: UNIDAD | BM37: =+(BK37+(BK37*BL37))*BI37 -> 0 | BQ37: 1 | BR37: UNIDAD | BU37: =+(BS37+(BS37*BT37))*BQ37 -> 0 | BY37: 1 | BZ37: UNIDAD | CC37: =+(CA37+(CA37*CB37))*BY37 -> 0 | CG37: 1 | CH37: UNIDAD | CK37: =+(CI37+(CI37*CJ37))*CG37 -> 0 | CO37: 1 | CP37: UNIDAD | CS37: =+(CQ37+(CQ37*CR37))*CO37 -> 0 | CW37: 1 | CX37: UNIDAD | DA37: =+(CY37+(CY37*CZ37))*CW37 -> 0 | DE37: 1 | DF37: UNIDAD | DI37: =+(DG37+(DG37*DH37))*DE37 -> 0 | DM37: 1 | DN37: UNIDAD | DQ37: =+(DO37+(DO37*DP37))*DM37 -> 0 | DU37: 1 | DV37: UNIDAD | DY37: =+(DW37+(DW37*DX37))*DU37 -> 0 | EC37: 1 | ED37: UNIDAD | EG37: $ - | EK37: 1 | EL37: UNIDAD | EO37: =+(EM37+(EM37*EN37))*EK37 -> 0
C38: TOTAL | I38: =SUM(I26:I37) -> 0 | Q38: =SUM(Q26:Q37) -> 0 | Y38: =SUM(Y26:Y37) -> 8636850 | AG38: =SUM(AG26:AG37) -> 11941950 | AO38: =SUM(AO26:AO37) -> 0 | AW38: =SUM(AW26:AW37) -> 0 | BE38: =SUM(BE26:BE37) -> 0 | BM38: =SUM(BM26:BM37) -> 0 | BU38: =SUM(BU26:BU37) -> 0 | CC38: =SUM(CC26:CC37) -> 0 | CK38: =SUM(CK26:CK37) -> 0 | CS38: =SUM(CS26:CS37) -> 0 | DA38: =SUM(DA26:DA37) -> 0 | DI38: =SUM(DI26:DI37) -> 0 | DQ38: =SUM(DQ26:DQ37) -> 0 | DY38: =SUM(DY26:DY37) -> 0 | EG38: $ - | EO38: =SUM(EO26:EO37) -> 0
C39: 1.3 Kit Protesis Total de Cadera Primaria Cementada y no Cementada que Incluye Copas Acetabulares de Doble Movilidad
B40: Item | C40: Descripcion | D40: Registro INVIMA | E40: Cant. | F40: Unidad de Medida | G40: V/r Unit | H40: IVA | I40: V/r Total | J40: CUMPLE/ NO CUMPLE/ NO OFERTA | K40: OBSERVACIONES | L40: Registro INVIMA | M40: Cant. | N40: Unidad de Medida | O40: V/r Unit | P40: IVA | Q40: V/r Total | R40: CUMPLE/ NO CUMPLE/ NO OFERTA | S40: OBSERVACIONES | T40: Registro INVIMA | U40: Cant. | V40: Unidad de Medida | W40: V/r Unit | X40: IVA | Y40: V/r Total | Z40: CUMPLE/ NO CUMPLE/ NO OFERTA | AA40: OBSERVACIONES | AB40: Registro INVIMA | AC40: Cant. | AD40: Unidad de Medida | AE40: V/r Unit | AF40: IVA | AG40: V/r Total | AH40: CUMPLE/ NO CUMPLE/ NO OFERTA | AI40: OBSERVACIONES | AJ40: Registro INVIMA | AK40: Cant. | AL40: Unidad de Medida | AM40: V/r Unit | AN40: IVA | AO40: V/r Total | AP40: CUMPLE/ NO CUMPLE/ NO OFERTA | AQ40: OBSERVACIONES | AR40: Registro INVIMA | AS40: Cant. | AT40: Unidad de Medida | AU40: V/r Unit | AV40: IVA | AW40: V/r Total | AX40: CUMPLE/ NO CUMPLE/ NO OFERTA | AY40: OBSERVACIONES | AZ40: Registro INVIMA | BA40: Cant. | BB40: Unidad de Medida | BC40: V/r Unit | BD40: IVA | BE40: V/r Total | BF40: CUMPLE/ NO CUMPLE/ NO OFERTA | BG40: OBSERVACIONES | BH40: Registro INVIMA | BI40: Cant. | BJ40: Unidad de Medida | BK40: V/r Unit | BL40: IVA | BM40: V/r Total | BN40: CUMPLE/ NO CUMPLE/ NO OFERTA | BO40: OBSERVACIONES | BP40: Registro INVIMA | BQ40: Cant. | BR40: Unidad de Medida | BS40: V/r Unit | BT40: IVA | BU40: V/r Total | BV40: CUMPLE/ NO CUMPLE/ NO OFERTA | BW40: OBSERVACIONES | BX40: Registro INVIMA | BY40: Cant. | BZ40: Unidad de Medida | CA40: V/r Unit | CB40: IVA | CC40: V/r Total | CD40: CUMPLE/ NO CUMPLE/ NO OFERTA | CE40: OBSERVACIONES | CF40: Registro INVIMA | CG40: Cant. | CH40: Unidad de Medida | CI40: V/r Unit | CJ40: IVA | CK40: V/r Total | CL40: CUMPLE/ NO CUMPLE/ NO OFERTA | CM40: OBSERVACIONES | CN40: Registro INVIMA | CO40: Cant. | CP40: Unidad de Medida | CQ40: V/r Unit | CR40: IVA | CS40: V/r Total | CT40: CUMPLE/ NO CUMPLE/ NO OFERTA | CU40: OBSERVACIONES | CV40: Registro INVIMA | CW40: Cant. | CX40: Unidad de Medida | CY40: V/r Unit | CZ40: IVA | DA40: V/r Total | DB40: CUMPLE/ NO CUMPLE/ NO OFERTA | DC40: OBSERVACIONES | DD40: Registro INVIMA | DE40: Cant. | DF40: Unidad de Medida | DG40: V/r Unit | DH40: IVA | DI40: V/r Total | DJ40: CUMPLE/ NO CUMPLE/ NO OFERTA | DK40: OBSERVACIONES | DL40: Registro INVIMA | DM40: Cant. | DN40: Unidad de Medida | DO40: V/r Unit | DP40: IVA | DQ40: V/r Total | DR40: CUMPLE/ NO CUMPLE/ NO OFERTA | DS40: OBSERVACIONES | DT40: Registro INVIMA | DU40: Cant. | DV40: Unidad de Medida | DW40: V/r Unit | DX40: IVA | DY40: V/r Total | DZ40: CUMPLE/ NO CUMPLE/ NO OFERTA | EA40: OBSERVACIONES | EB40: Registro INVIMA | EC40: Cant. | ED40: Unidad de Medida | EE40: V/r Unit | EF40: IVA | EG40: V/r Total | EH40: CUMPLE/ NO CUMPLE/ NO OFERTA | EI40: OBSERVACIONES | EJ40: Registro INVIMA | EK40: Cant. | EL40: Unidad de Medida | EM40: V/r Unit | EN40: IVA | EO40: V/r Total | EP40: CUMPLE/ NO CUMPLE/ NO OFERTA | EQ40: OBSERVACIONES
B41: 1 | C41: Copa Acetabular Cementada | E41: 1 | F41: UNIDAD | I41: =+(G41+(G41*H41))*E41 -> 0 | J41: NO OFERTADO | M41: 1 | N41: UNIDAD | Q41: =+(O41+(O41*P41))*M41 -> 0 | R41: NO OFERTADO | T41: INVIMA 2014DM-0012500 | U41: 1 | V41: UNIDAD | W41: 30000 | X41: 0 | Y41: =+(W41+(W41*X41))*U41 -> 30000 | Z41: CUMPLE | AB41: INVIMA 2019DM-0020226 | AC41: 1 | AD41: UNIDAD | AE41: 800000 | AF41: 0 | AG41: =+(AE41+(AE41*AF41))*AC41 -> 800000 | AH41: CUMPLE | AK41: 1 | AL41: UNIDAD | AM41: 0 | AN41: 0 | AO41: =+(AM41+(AM41*AN41))*AK41 -> 0 | AP41: CUMPLE | AS41: 1 | AT41: UNIDAD | AW41: =+(AU41+(AU41*AV41))*AS41 -> 0 | AX41: NO OFERTADO | BA41: 1 | BB41: UNIDAD | BE41: =+(BC41+(BC41*BD41))*BA41 -> 0 | BF41: NO OFERTADO | BI41: 1 | BJ41: UNIDAD | BM41: =+(BK41+(BK41*BL41))*BI41 -> 0 | BN41: NO OFERTADO | BQ41: 1 | BR41: UNIDAD | BU41: =+(BS41+(BS41*BT41))*BQ41 -> 0 | BV41: NO OFERTADO | BY41: 1 | BZ41: UNIDAD | CC41: =+(CA41+(CA41*CB41))*BY41 -> 0 | CD41: NO OFERTADO | CG41: 1 | CH41: UNIDAD | CK41: =+(CI41+(CI41*CJ41))*CG41 -> 0 | CL41: NO OFERTADO | CO41: 1 | CP41: UNIDAD | CS41: =+(CQ41+(CQ41*CR41))*CO41 -> 0 | CT41: NO OFERTADO | CW41: 1 | CX41: UNIDAD | DA41: =+(CY41+(CY41*CZ41))*CW41 -> 0 | DB41: NO OFERTADO | DE41: 1 | DF41: UNIDAD | DI41: =+(DG41+(DG41*DH41))*DE41 -> 0 | DJ41: NO OFERTADO | DM41: 1 | DN41: UNIDAD | DQ41: =+(DO41+(DO41*DP41))*DM41 -> 0 | DR41: NO OFERTADO | DU41: 1 | DV41: UNIDAD | DY41: =+(DW41+(DW41*DX41))*DU41 -> 0 | DZ41: NO OFERTADO | EC41: 1 | ED41: UNIDAD | EG41: $ - | EH41: NO OFERTADO | EK41: 1 | EL41: UNIDAD | EO41: =+(EM41+(EM41*EN41))*EK41 -> 0 | EP41: NO OFERTADO
B42: 2 | C42: Copa Acetabular no Cementada 42 mm | E42: 1 | F42: UNIDAD | I42: =+(G42+(G42*H42))*E42 -> 0 | M42: 1 | N42: UNIDAD | Q42: =+(O42+(O42*P42))*M42 -> 0 | T42: INVIMA 2014DM-0012500 | U42: 1 | V42: UNIDAD | W42: 940000 | X42: 0 | Y42: =+(W42+(W42*X42))*U42 -> 940000 | AB42: INVIMA 2018DM-0019130 | AC42: 1 | AD42: UNIDAD | AE42: 2119900 | AF42: 0 | AG42: =+(AE42+(AE42*AF42))*AC42 -> 2119900 | AK42: 1 | AL42: UNIDAD | AM42: 0 | AN42: 0 | AO42: =+(AM42+(AM42*AN42))*AK42 -> 0 | AS42: 1 | AT42: UNIDAD | AW42: =+(AU42+(AU42*AV42))*AS42 -> 0 | BA42: 1 | BB42: UNIDAD | BE42: =+(BC42+(BC42*BD42))*BA42 -> 0 | BI42: 1 | BJ42: UNIDAD | BM42: =+(BK42+(BK42*BL42))*BI42 -> 0 | BQ42: 1 | BR42: UNIDAD | BU42: =+(BS42+(BS42*BT42))*BQ42 -> 0 | BY42: 1 | BZ42: UNIDAD | CC42: =+(CA42+(CA42*CB42))*BY42 -> 0 | CG42: 1 | CH42: UNIDAD | CK42: =+(CI42+(CI42*CJ42))*CG42 -> 0 | CO42: 1 | CP42: UNIDAD | CS42: =+(CQ42+(CQ42*CR42))*CO42 -> 0 | CW42: 1 | CX42: UNIDAD | DA42: =+(CY42+(CY42*CZ42))*CW42 -> 0 | DE42: 1 | DF42: UNIDAD | DI42: =+(DG42+(DG42*DH42))*DE42 -> 0 | DM42: 1 | DN42: UNIDAD | DQ42: =+(DO42+(DO42*DP42))*DM42 -> 0 | DU42: 1 | DV42: UNIDAD | DY42: =+(DW42+(DW42*DX42))*DU42 -> 0 | EC42: 1 | ED42: UNIDAD | EG42: $ - | EK42: 1 | EL42: UNIDAD | EO42: =+(EM42+(EM42*EN42))*EK42 -> 0
B43: 3 | C43: Cabeza Femoral 32 mm en Cromocobalto | E43: 1 | F43: UNIDAD | I43: =+(G43+(G43*H43))*E43 -> 0 | M43: 1 | N43: UNIDAD | Q43: =+(O43+(O43*P43))*M43 -> 0 | T43: INVIMA 2014DM-0012500 | U43: 1 | V43: UNIDAD | W43: 1611750 | X43: 0 | Y43: =+(W43+(W43*X43))*U43 -> 1611750 | AB43: INVIMA 2018DM-0019130 | AC43: 1 | AD43: UNIDAD | AE43: 680000 | AF43: 0 | AG43: =+(AE43+(AE43*AF43))*AC43 -> 680000 | AJ43: 2014DM-0011578 | AK43: 1 | AL43: UNIDAD | AM43: 731697.07 | AN43: 0 | AO43: =+(AM43+(AM43*AN43))*AK43 -> 731697.07 | AS43: 1 | AT43: UNIDAD | AW43: =+(AU43+(AU43*AV43))*AS43 -> 0 | BA43: 1 | BB43: UNIDAD | BE43: =+(BC43+(BC43*BD43))*BA43 -> 0 | BI43: 1 | BJ43: UNIDAD | BM43: =+(BK43+(BK43*BL43))*BI43 -> 0 | BQ43: 1 | BR43: UNIDAD | BU43: =+(BS43+(BS43*BT43))*BQ43 -> 0 | BY43: 1 | BZ43: UNIDAD | CC43: =+(CA43+(CA43*CB43))*BY43 -> 0 | CG43: 1 | CH43: UNIDAD | CK43: =+(CI43+(CI43*CJ43))*CG43 -> 0 | CO43: 1 | CP43: UNIDAD | CS43: =+(CQ43+(CQ43*CR43))*CO43 -> 0 | CW43: 1 | CX43: UNIDAD | DA43: =+(CY43+(CY43*CZ43))*CW43 -> 0 | DE43: 1 | DF43: UNIDAD | DI43: =+(DG43+(DG43*DH43))*DE43 -> 0 | DM43: 1 | DN43: UNIDAD | DQ43: =+(DO43+(DO43*DP43))*DM43 -> 0 | DU43: 1 | DV43: UNIDAD | DY43: =+(DW43+(DW43*DX43))*DU43 -> 0 | EC43: 1 | ED43: UNIDAD | EG43: $ - | EK43: 1 | EL43: UNIDAD | EO43: =+(EM43+(EM43*EN43))*EK43 -> 0
B44: 4 | C44: Vástago Femoral Cementado | E44: 1 | F44: UNIDAD | I44: =+(G44+(G44*H44))*E44 -> 0 | M44: 1 | N44: UNIDAD | Q44: =+(O44+(O44*P44))*M44 -> 0 | T44: INVIMA 2014DM-0012500 | U44: 1 | V44: UNIDAD | W44: 1312500 | X44: 0 | Y44: =+(W44+(W44*X44))*U44 -> 1312500 | AB44: INVIMA 2020DM-0021325 | AC44: 1 | AD44: UNIDAD | AE44: 1800000 | AF44: 0 | AG44: =+(AE44+(AE44*AF44))*AC44 -> 1800000 | AJ44: 2014DM-0011578 | AK44: 1 | AL44: UNIDAD | AM44: 2905585.1 | AN44: 0 | AO44: =+(AM44+(AM44*AN44))*AK44 -> 2905585.1 | AS44: 1 | AT44: UNIDAD | AW44: =+(AU44+(AU44*AV44))*AS44 -> 0 | BA44: 1 | BB44: UNIDAD | BE44: =+(BC44+(BC44*BD44))*BA44 -> 0 | BI44: 1 | BJ44: UNIDAD | BM44: =+(BK44+(BK44*BL44))*BI44 -> 0 | BQ44: 1 | BR44: UNIDAD | BU44: =+(BS44+(BS44*BT44))*BQ44 -> 0 | BY44: 1 | BZ44: UNIDAD | CC44: =+(CA44+(CA44*CB44))*BY44 -> 0 | CG44: 1 | CH44: UNIDAD | CK44: =+(CI44+(CI44*CJ44))*CG44 -> 0 | CO44: 1 | CP44: UNIDAD | CS44: =+(CQ44+(CQ44*CR44))*CO44 -> 0 | CW44: 1 | CX44: UNIDAD | DA44: =+(CY44+(CY44*CZ44))*CW44 -> 0 | DE44: 1 | DF44: UNIDAD | DI44: =+(DG44+(DG44*DH44))*DE44 -> 0 | DM44: 1 | DN44: UNIDAD | DQ44: =+(DO44+(DO44*DP44))*DM44 -> 0 | DU44: 1 | DV44: UNIDAD | DY44: =+(DW44+(DW44*DX44))*DU44 -> 0 | EC44: 1 | ED44: UNIDAD | EG44: $ - | EK44: 1 | EL44: UNIDAD | EO44: =+(EM44+(EM44*EN44))*EK44 -> 0
B45: 5 | C45: Vástago Femoral no Cementado con Recubrimiento en Hidroxiapatita | E45: 1 | F45: UNIDAD | I45: =+(G45+(G45*H45))*E45 -> 0 | M45: 1 | N45: UNIDAD | Q45: =+(O45+(O45*P45))*M45 -> 0 | T45: INVIMA 2014DM-0012500 | U45: 1 | V45: UNIDAD | W45: 1690500 | X45: 0 | Y45: =+(W45+(W45*X45))*U45 -> 1690500 | AB45: INVIMA 2019DM-0019910 | AC45: 1 | AD45: UNIDAD | AE45: 2100000 | AF45: 0 | AG45: =+(AE45+(AE45*AF45))*AC45 -> 2100000 | AK45: 1 | AL45: UNIDAD | AM45: 0 | AN45: 0 | AO45: =+(AM45+(AM45*AN45))*AK45 -> 0 | AS45: 1 | AT45: UNIDAD | AW45: =+(AU45+(AU45*AV45))*AS45 -> 0 | BA45: 1 | BB45: UNIDAD | BE45: =+(BC45+(BC45*BD45))*BA45 -> 0 | BI45: 1 | BJ45: UNIDAD | BM45: =+(BK45+(BK45*BL45))*BI45 -> 0 | BQ45: 1 | BR45: UNIDAD | BU45: =+(BS45+(BS45*BT45))*BQ45 -> 0 | BY45: 1 | BZ45: UNIDAD | CC45: =+(CA45+(CA45*CB45))*BY45 -> 0 | CG45: 1 | CH45: UNIDAD | CK45: =+(CI45+(CI45*CJ45))*CG45 -> 0 | CO45: 1 | CP45: UNIDAD | CS45: =+(CQ45+(CQ45*CR45))*CO45 -> 0 | CW45: 1 | CX45: UNIDAD | DA45: =+(CY45+(CY45*CZ45))*CW45 -> 0 | DE45: 1 | DF45: UNIDAD | DI45: =+(DG45+(DG45*DH45))*DE45 -> 0 | DM45: 1 | DN45: UNIDAD | DQ45: =+(DO45+(DO45*DP45))*DM45 -> 0 | DU45: 1 | DV45: UNIDAD | DY45: =+(DW45+(DW45*DX45))*DU45 -> 0 | EC45: 1 | ED45: UNIDAD | EG45: $ - | EK45: 1 | EL45: UNIDAD | EO45: =+(EM45+(EM45*EN45))*EK45 -> 0
B46: 6 | C46: Vástago Femoral no Cementado con Recubrimiento en Hidroxiapatita Lateralizado | E46: 1 | F46: UNIDAD | I46: =+(G46+(G46*H46))*E46 -> 0 | M46: 1 | N46: UNIDAD | Q46: =+(O46+(O46*P46))*M46 -> 0 | T46: INVIMA 2014DM-0012500 | U46: 1 | V46: UNIDAD | W46: 1000000 | X46: 0 | Y46: =+(W46+(W46*X46))*U46 -> 1000000 | AB46: INVIMA 2019DM-0019910 | AC46: 1 | AD46: UNIDAD | AE46: 2100000 | AF46: 0 | AG46: =+(AE46+(AE46*AF46))*AC46 -> 2100000 | AK46: 1 | AL46: UNIDAD | AM46: 0 | AN46: 0 | AO46: =+(AM46+(AM46*AN46))*AK46 -> 0 | AS46: 1 | AT46: UNIDAD | AW46: =+(AU46+(AU46*AV46))*AS46 -> 0 | BA46: 1 | BB46: UNIDAD | BE46: =+(BC46+(BC46*BD46))*BA46 -> 0 | BI46: 1 | BJ46: UNIDAD | BM46: =+(BK46+(BK46*BL46))*BI46 -> 0 | BQ46: 1 | BR46: UNIDAD | BU46: =+(BS46+(BS46*BT46))*BQ46 -> 0 | BY46: 1 | BZ46: UNIDAD | CC46: =+(CA46+(CA46*CB46))*BY46 -> 0 | CG46: 1 | CH46: UNIDAD | CK46: =+(CI46+(CI46*CJ46))*CG46 -> 0 | CO46: 1 | CP46: UNIDAD | CS46: =+(CQ46+(CQ46*CR46))*CO46 -> 0 | CW46: 1 | CX46: UNIDAD | DA46: =+(CY46+(CY46*CZ46))*CW46 -> 0 | DE46: 1 | DF46: UNIDAD | DI46: =+(DG46+(DG46*DH46))*DE46 -> 0 | DM46: 1 | DN46: UNIDAD | DQ46: =+(DO46+(DO46*DP46))*DM46 -> 0 | DU46: 1 | DV46: UNIDAD | DY46: =+(DW46+(DW46*DX46))*DU46 -> 0 | EC46: 1 | ED46: UNIDAD | EG46: $ - | EK46: 1 | EL46: UNIDAD | EO46: =+(EM46+(EM46*EN46))*EK46 -> 0
B47: 7 | C47: Inserto de Polietileno Doble Movilidad | E47: 1 | F47: UNIDAD | I47: =+(G47+(G47*H47))*E47 -> 0 | M47: 1 | N47: UNIDAD | Q47: =+(O47+(O47*P47))*M47 -> 0 | T47: INVIMA 2014DM-0012500 | U47: 1 | V47: UNIDAD | W47: 609000 | X47: 0 | Y47: =+(W47+(W47*X47))*U47 -> 609000 | AB47: INVIMA 2023DM-0009126-R1 | AC47: 1 | AD47: UNIDAD | AE47: 650000 | AF47: 0 | AG47: =+(AE47+(AE47*AF47))*AC47 -> 650000 | AJ47: 2014DM-0011578 | AK47: 1 | AL47: UNIDAD | AM47: 595810.44 | AN47: 0 | AO47: =+(AM47+(AM47*AN47))*AK47 -> 595810.44 | AS47: 1 | AT47: UNIDAD | AW47: =+(AU47+(AU47*AV47))*AS47 -> 0 | BA47: 1 | BB47: UNIDAD | BE47: =+(BC47+(BC47*BD47))*BA47 -> 0 | BI47: 1 | BJ47: UNIDAD | BM47: =+(BK47+(BK47*BL47))*BI47 -> 0 | BQ47: 1 | BR47: UNIDAD | BU47: =+(BS47+(BS47*BT47))*BQ47 -> 0 | BY47: 1 | BZ47: UNIDAD | CC47: =+(CA47+(CA47*CB47))*BY47 -> 0 | CG47: 1 | CH47: UNIDAD | CK47: =+(CI47+(CI47*CJ47))*CG47 -> 0 | CO47: 1 | CP47: UNIDAD | CS47: =+(CQ47+(CQ47*CR47))*CO47 -> 0 | CW47: 1 | CX47: UNIDAD | DA47: =+(CY47+(CY47*CZ47))*CW47 -> 0 | DE47: 1 | DF47: UNIDAD | DI47: =+(DG47+(DG47*DH47))*DE47 -> 0 | DM47: 1 | DN47: UNIDAD | DQ47: =+(DO47+(DO47*DP47))*DM47 -> 0 | DU47: 1 | DV47: UNIDAD | DY47: =+(DW47+(DW47*DX47))*DU47 -> 0 | EC47: 1 | ED47: UNIDAD | EG47: $ - | EK47: 1 | EL47: UNIDAD | EO47: =+(EM47+(EM47*EN47))*EK47 -> 0
B48: 8 | C48: Restrictor de Cemento | E48: 1 | F48: UNIDAD | I48: =+(G48+(G48*H48))*E48 -> 0 | M48: 1 | N48: UNIDAD | Q48: =+(O48+(O48*P48))*M48 -> 0 | T48: INVIMA 2014DM-0012500 | U48: 1 | V48: UNIDAD | W48: 80000 | X48: 0 | Y48: =+(W48+(W48*X48))*U48 -> 80000 | AB48: 2017DM-0000694-R1 | AC48: 1 | AD48: UNIDAD | AE48: 195000 | AF48: 0 | AG48: =+(AE48+(AE48*AF48))*AC48 -> 195000 | AJ48: 2014DM-0011578 | AK48: 1 | AL48: UNIDAD | AM48: 353723.4 | AN48: 0 | AO48: =+(AM48+(AM48*AN48))*AK48 -> 353723.4 | AS48: 1 | AT48: UNIDAD | AW48: =+(AU48+(AU48*AV48))*AS48 -> 0 | BA48: 1 | BB48: UNIDAD | BE48: =+(BC48+(BC48*BD48))*BA48 -> 0 | BI48: 1 | BJ48: UNIDAD | BM48: =+(BK48+(BK48*BL48))*BI48 -> 0 | BQ48: 1 | BR48: UNIDAD | BU48: =+(BS48+(BS48*BT48))*BQ48 -> 0 | BY48: 1 | BZ48: UNIDAD | CC48: =+(CA48+(CA48*CB48))*BY48 -> 0 | CG48: 1 | CH48: UNIDAD | CK48: =+(CI48+(CI48*CJ48))*CG48 -> 0 | CO48: 1 | CP48: UNIDAD | CS48: =+(CQ48+(CQ48*CR48))*CO48 -> 0 | CW48: 1 | CX48: UNIDAD | DA48: =+(CY48+(CY48*CZ48))*CW48 -> 0 | DE48: 1 | DF48: UNIDAD | DI48: =+(DG48+(DG48*DH48))*DE48 -> 0 | DM48: 1 | DN48: UNIDAD | DQ48: =+(DO48+(DO48*DP48))*DM48 -> 0 | DU48: 1 | DV48: UNIDAD | DY48: =+(DW48+(DW48*DX48))*DU48 -> 0 | EC48: 1 | ED48: UNIDAD | EG48: $ - | EK48: 1 | EL48: UNIDAD | EO48: =+(EM48+(EM48*EN48))*EK48 -> 0
B49: 9 | C49: Cemento Oseo | E49: 1 | F49: UNIDAD | I49: =+(G49+(G49*H49))*E49 -> 0 | M49: 1 | N49: UNIDAD | Q49: =+(O49+(O49*P49))*M49 -> 0 | T49: INVIMA 2019DM-0003814-R1 | U49: 1 | V49: UNIDAD | W49: 90000 | X49: 0 | Y49: =+(W49+(W49*X49))*U49 -> 90000 | AB49: 2017DM-0000403-R1 | AC49: 1 | AD49: UNIDAD | AE49: 195000 | AF49: 0 | AG49: =+(AE49+(AE49*AF49))*AC49 -> 195000 | AJ49: 2021DM-0007244-R1 | AK49: 1 | AL49: UNIDAD | AM49: 314480.32 | AN49: 0 | AO49: =+(AM49+(AM49*AN49))*AK49 -> 314480.32 | AS49: 1 | AT49: UNIDAD | AW49: =+(AU49+(AU49*AV49))*AS49 -> 0 | BA49: 1 | BB49: UNIDAD | BE49: =+(BC49+(BC49*BD49))*BA49 -> 0 | BI49: 1 | BJ49: UNIDAD | BM49: =+(BK49+(BK49*BL49))*BI49 -> 0 | BQ49: 1 | BR49: UNIDAD | BU49: =+(BS49+(BS49*BT49))*BQ49 -> 0 | BY49: 1 | BZ49: UNIDAD | CC49: =+(CA49+(CA49*CB49))*BY49 -> 0 | CG49: 1 | CH49: UNIDAD | CK49: =+(CI49+(CI49*CJ49))*CG49 -> 0 | CO49: 1 | CP49: UNIDAD | CS49: =+(CQ49+(CQ49*CR49))*CO49 -> 0 | CW49: 1 | CX49: UNIDAD | DA49: =+(CY49+(CY49*CZ49))*CW49 -> 0 | DE49: 1 | DF49: UNIDAD | DI49: =+(DG49+(DG49*DH49))*DE49 -> 0 | DM49: 1 | DN49: UNIDAD | DQ49: =+(DO49+(DO49*DP49))*DM49 -> 0 | DU49: 1 | DV49: UNIDAD | DY49: =+(DW49+(DW49*DX49))*DU49 -> 0 | EC49: 1 | ED49: UNIDAD | EG49: $ - | EK49: 1 | EL49: UNIDAD | EO49: =+(EM49+(EM49*EN49))*EK49 -> 0
B50: 10 | C50: Inyector de Cemento | E50: 1 | F50: UNIDAD | I50: =+(G50+(G50*H50))*E50 -> 0 | M50: 1 | N50: UNIDAD | Q50: =+(O50+(O50*P50))*M50 -> 0 | T50: INVIMA 2019DM-0003956-R1 | U50: 1 | V50: UNIDAD | W50: 140000 | X50: 0.19 | Y50: =+(W50+(W50*X50))*U50 -> 166600 | AB50: INVIMA 2019DM-0003956-R1 | AC50: 1 | AD50: UNIDAD | AE50: 195000 | AF50: 0.19 | AG50: =+(AE50+(AE50*AF50))*AC50 -> 232050 | AJ50: 2021DM-0023479 | AK50: 1 | AL50: UNIDAD | AM50: 230484.91 | AN50: 0.19 | AO50: =+(AM50+(AM50*AN50))*AK50 -> 274277.04 | AS50: 1 | AT50: UNIDAD | AW50: =+(AU50+(AU50*AV50))*AS50 -> 0 | BA50: 1 | BB50: UNIDAD | BE50: =+(BC50+(BC50*BD50))*BA50 -> 0 | BI50: 1 | BJ50: UNIDAD | BM50: =+(BK50+(BK50*BL50))*BI50 -> 0 | BQ50: 1 | BR50: UNIDAD | BU50: =+(BS50+(BS50*BT50))*BQ50 -> 0 | BY50: 1 | BZ50: UNIDAD | CC50: =+(CA50+(CA50*CB50))*BY50 -> 0 | CG50: 1 | CH50: UNIDAD | CK50: =+(CI50+(CI50*CJ50))*CG50 -> 0 | CO50: 1 | CP50: UNIDAD | CS50: =+(CQ50+(CQ50*CR50))*CO50 -> 0 | CW50: 1 | CX50: UNIDAD | DA50: =+(CY50+(CY50*CZ50))*CW50 -> 0 | DE50: 1 | DF50: UNIDAD | DI50: =+(DG50+(DG50*DH50))*DE50 -> 0 | DM50: 1 | DN50: UNIDAD | DQ50: =+(DO50+(DO50*DP50))*DM50 -> 0 | DU50: 1 | DV50: UNIDAD | DY50: =+(DW50+(DW50*DX50))*DU50 -> 0 | EC50: 1 | ED50: UNIDAD | EG50: $ - | EK50: 1 | EL50: UNIDAD | EO50: =+(EM50+(EM50*EN50))*EK50 -> 0
B51: 11 | C51: Copa Acetabular No Cementada de Doble Movilidad 44 mm | E51: 1 | F51: UNIDAD | I51: =+(G51+(G51*H51))*E51 -> 0 | M51: 1 | N51: UNIDAD | Q51: =+(O51+(O51*P51))*M51 -> 0 | T51: INVIMA 2014DM-0012500 | U51: 1 | V51: UNIDAD | W51: 2310000 | X51: 0 | Y51: =+(W51+(W51*X51))*U51 -> 2310000 | AB51: INVIMA 2023DM-0009126-R1 | AC51: 1 | AD51: UNIDAD | AE51: 3600000 | AF51: 0 | AG51: =+(AE51+(AE51*AF51))*AC51 -> 3600000 | AJ51: 2014DM-0011578 | AK51: 1 | AL51: UNIDAD | AM51: 4178180.9 | AN51: 0 | AO51: =+(AM51+(AM51*AN51))*AK51 -> 4178180.9 | AS51: 1 | AT51: UNIDAD | AW51: =+(AU51+(AU51*AV51))*AS51 -> 0 | BA51: 1 | BB51: UNIDAD | BE51: =+(BC51+(BC51*BD51))*BA51 -> 0 | BI51: 1 | BJ51: UNIDAD | BM51: =+(BK51+(BK51*BL51))*BI51 -> 0 | BQ51: 1 | BR51: UNIDAD | BU51: =+(BS51+(BS51*BT51))*BQ51 -> 0 | BY51: 1 | BZ51: UNIDAD | CC51: =+(CA51+(CA51*CB51))*BY51 -> 0 | CG51: 1 | CH51: UNIDAD | CK51: =+(CI51+(CI51*CJ51))*CG51 -> 0 | CO51: 1 | CP51: UNIDAD | CS51: =+(CQ51+(CQ51*CR51))*CO51 -> 0 | CW51: 1 | CX51: UNIDAD | DA51: =+(CY51+(CY51*CZ51))*CW51 -> 0 | DE51: 1 | DF51: UNIDAD | DI51: =+(DG51+(DG51*DH51))*DE51 -> 0 | DM51: 1 | DN51: UNIDAD | DQ51: =+(DO51+(DO51*DP51))*DM51 -> 0 | DU51: 1 | DV51: UNIDAD | DY51: =+(DW51+(DW51*DX51))*DU51 -> 0 | EC51: 1 | ED51: UNIDAD | EG51: $ - | EK51: 1 | EL51: UNIDAD | EO51: =+(EM51+(EM51*EN51))*EK51 -> 0
B52: 12 | C52: Pelicula Antimicrobiana Transparente Sin Yodo y Pelicula Adhesiva Yodada | E52: 1 | F52: UNIDAD | I52: =+(G52+(G52*H52))*E52 -> 0 | M52: 1 | N52: UNIDAD | Q52: =+(O52+(O52*P52))*M52 -> 0 | T52: INVIMA 2016DM-0014843 | U52: 1 | V52: UNIDAD | W52: 50000 | X52: 0 | Y52: =+(W52+(W52*X52))*U52 -> 50000 | AB52: INVIMA 2016DM-0014843 | AC52: 1 | AD52: UNIDAD | AE52: 75000 | AF52: 0 | AG52: =+(AE52+(AE52*AF52))*AC52 -> 75000 | AJ52: 2021DM-0022951 | AK52: 1 | AL52: UNIDAD | AM52: 201590 | AN52: 0 | AO52: =+(AM52+(AM52*AN52))*AK52 -> 201590 | AS52: 1 | AT52: UNIDAD | AW52: =+(AU52+(AU52*AV52))*AS52 -> 0 | BA52: 1 | BB52: UNIDAD | BE52: =+(BC52+(BC52*BD52))*BA52 -> 0 | BI52: 1 | BJ52: UNIDAD | BM52: =+(BK52+(BK52*BL52))*BI52 -> 0 | BQ52: 1 | BR52: UNIDAD | BU52: =+(BS52+(BS52*BT52))*BQ52 -> 0 | BY52: 1 | BZ52: UNIDAD | CC52: =+(CA52+(CA52*CB52))*BY52 -> 0 | CG52: 1 | CH52: UNIDAD | CK52: =+(CI52+(CI52*CJ52))*CG52 -> 0 | CO52: 1 | CP52: UNIDAD | CS52: =+(CQ52+(CQ52*CR52))*CO52 -> 0 | CW52: 1 | CX52: UNIDAD | DA52: =+(CY52+(CY52*CZ52))*CW52 -> 0 | DE52: 1 | DF52: UNIDAD | DI52: =+(DG52+(DG52*DH52))*DE52 -> 0 | DM52: 1 | DN52: UNIDAD | DQ52: =+(DO52+(DO52*DP52))*DM52 -> 0 | DU52: 1 | DV52: UNIDAD | DY52: =+(DW52+(DW52*DX52))*DU52 -> 0 | EC52: 1 | ED52: UNIDAD | EG52: $ - | EK52: 1 | EL52: UNIDAD | EO52: =+(EM52+(EM52*EN52))*EK52 -> 0
B53: 13 | C53: Campo Quirurgico en U | E53: 1 | F53: UNIDAD | I53: =+(G53+(G53*H53))*E53 -> 0 | M53: 1 | N53: UNIDAD | Q53: =+(O53+(O53*P53))*M53 -> 0 | T53: INVIMA 2016DM-0015357 | U53: 1 | V53: UNIDAD | W53: 50000 | X53: 0 | Y53: =+(W53+(W53*X53))*U53 -> 50000 | AB53: INVIMA 2016DM-0015357 | AC53: 1 | AD53: UNIDAD | AE53: 45000 | AF53: 0 | AG53: =+(AE53+(AE53*AF53))*AC53 -> 45000 | AJ53: 2019DM-0020592 | AK53: 1 | AL53: UNIDAD | AM53: 153208.98 | AN53: 0.19 | AO53: =+(AM53+(AM53*AN53))*AK53 -> 182318.68 | AS53: 1 | AT53: UNIDAD | AW53: =+(AU53+(AU53*AV53))*AS53 -> 0 | BA53: 1 | BB53: UNIDAD | BE53: =+(BC53+(BC53*BD53))*BA53 -> 0 | BI53: 1 | BJ53: UNIDAD | BM53: =+(BK53+(BK53*BL53))*BI53 -> 0 | BQ53: 1 | BR53: UNIDAD | BU53: =+(BS53+(BS53*BT53))*BQ53 -> 0 | BY53: 1 | BZ53: UNIDAD | CC53: =+(CA53+(CA53*CB53))*BY53 -> 0 | CG53: 1 | CH53: UNIDAD | CK53: =+(CI53+(CI53*CJ53))*CG53 -> 0 | CO53: 1 | CP53: UNIDAD | CS53: =+(CQ53+(CQ53*CR53))*CO53 -> 0 | CW53: 1 | CX53: UNIDAD | DA53: =+(CY53+(CY53*CZ53))*CW53 -> 0 | DE53: 1 | DF53: UNIDAD | DI53: =+(DG53+(DG53*DH53))*DE53 -> 0 | DM53: 1 | DN53: UNIDAD | DQ53: =+(DO53+(DO53*DP53))*DM53 -> 0 | DU53: 1 | DV53: UNIDAD | DY53: =+(DW53+(DW53*DX53))*DU53 -> 0 | EC53: 1 | ED53: UNIDAD | EG53: $ - | EK53: 1 | EL53: UNIDAD | EO53: =+(EM53+(EM53*EN53))*EK53 -> 0
C54: TOTAL | I54: =SUM(I41:I53) -> 0 | Q54: =SUM(Q41:Q53) -> 0 | Y54: =SUM(Y41:Y53) -> 9940350 | AG54: =SUM(AG41:AG53) -> 14591950 | AO54: =SUM(AO41:AO53) -> 9737662.9 | AW54: =SUM(AW41:AW53) -> 0 | BE54: =SUM(BE41:BE53) -> 0 | BM54: =SUM(BM41:BM53) -> 0 | BU54: =SUM(BU41:BU53) -> 0 | CC54: =SUM(CC41:CC53) -> 0 | CK54: =SUM(CK41:CK53) -> 0 | CS54: =SUM(CS41:CS53) -> 0 | DA54: =SUM(DA41:DA53) -> 0 | DI54: =SUM(DI41:DI53) -> 0 | DQ54: =SUM(DQ41:DQ53) -> 0 | DY54: =SUM(DY41:DY53) -> 0 | EG54: $ - | EO54: =SUM(EO41:EO53) -> 0
C55: 1.4 Kit Protesis Total de Cadera Primaria no Cementada con Vastagos Displasicos Conico Modulares
